Workbook

Sheet GRUPO 3
A1: LISTADO DE SUMINISTROS
A2: REPUESTOS: VOLQUETAS INTERNATIONAL - VOLKSWAGEN - KODIAK
A3: ITEM | B3: DESCRIPCION | C3: Und | D3: CANT | E3: PROMEDIO ENTIDAD | F3: OFERTA ECONOMICA PROPONENTE | G3: MEDIA PRECIOS 2026
A4: 1 | B4: ABRAZADERA INDUSTRIAL T519 | C4: Un | D4: 1 | E4: 23508 | F4: 15280.2 | G4: =+VLOOKUP(B4,PRESUPUESTO!$A$1:$M$626,12,FALSE) -> #N/A
A5: 2 | B5: ABRAZADERA MOFLE 3"1/2 | C5: Un | D5: 1 | E5: 60306 | F5: 39198.9 | G5: =+VLOOKUP(B5,PRESUPUESTO!$A$1:$M$626,12,FALSE) -> #N/A
A6: 3 | B6: ABRAZADERA MUELLE DELANTERA | C6: Un | D6: 1 | E6: 199470 | F6: 129655.5 | G6: =+VLOOKUP(B6,PRESUPUESTO!$A$1:$M$626,12,FALSE) -> #N/A
A7: 4 | B7: ABRAZADERA MUELLE TRASERA | C7: Un | D7: 1 | E7: 199535 | F7: 129697.75 | G7: =+VLOOKUP(B7,PRESUPUESTO!$A$1:$M$626,12,FALSE) -> #N/A
A8: 5 | B8: ABRAZADERA TANQUE DE COMBUSTIBLE | C8: Un | D8: 1 | E8: 846259 | F8: 550068.35 | G8: =+VLOOKUP(B8,PRESUPUESTO!$A$1:$M$626,12,FALSE) -> #N/A
A9: 6 | B9: ABRAZADERAS MANGUERAS INTERCOOLER | C9: Un | D9: 1 | E9: 96305 | F9: 62598.25 | G9: =+VLOOKUP(B9,PRESUPUESTO!$A$1:$M$626,12,FALSE) -> #N/A
A10: 7 | B10: ABRAZADERAS METALICAS PARA MANGUERA DE RADIADOR | C10: Un | D10: 1 | E10: 77827 | F10: 50587.55 | G10: =+VLOOKUP(B10,PRESUPUESTO!$A$1:$M$626,12,FALSE) -> #N/A
A11: 8 | B11: ACOPLE CARDAN SPEED | C11: Un | D11: 1 | E11: 2391993 | F11: 1554795.5 | G11: =+VLOOKUP(B11,PRESUPUESTO!$A$1:$M$626,12,FALSE) -> #N/A
A12: 9 | B12: ACOPLE MANGUERAS PERA BAJO | C12: Un | D12: 1 | E12: 40788 | F12: 26512.2 | G12: =+VLOOKUP(B12,PRESUPUESTO!$A$1:$M$626,12,FALSE) -> #N/A
A13: 10 | B13: ACOPLE RAPIDO PARA MANGUERA DE AIRE | C13: Un | D13: 1 | E13: 56485 | F13: 36715.25 | G13: =+VLOOKUP(B13,PRESUPUESTO!$A$1:$M$626,12,FALSE) -> #N/A
A14: 11 | B14: ALTERNADOR | C14: Un | D14: 1 | E14: 2715950 | F14: 1765367.5 | G14: =+VLOOKUP(B14,PRESUPUESTO!$A$1:$M$626,12,FALSE) -> #N/A
A15: 12 | B15: ANILLO BRONCE 1/4 | C15: Un | D15: 1 | E15: 8444 | F15: 5488.6 | G15: =+VLOOKUP(B15,PRESUPUESTO!$A$1:$M$626,12,FALSE) -> #N/A
... A399: 399 | B399: ZAPATA FRENO TIPO PESADO | C399: Un | D399: 1 | E399: 1212368 | F399: 788039.2 | G399: =+VLOOKUP(B399,PRESUPUESTO!$A$1:$M$626,12,FALSE) -> #N/A
A400: SERVICIOS: VOLQUETAS INTERNATIONAL - VOLKSWAGEN - KODIAK | G400: =+VLOOKUP(B400,PRESUPUESTO!$A$1:$M$626,12,FALSE) -> #N/A
A401: ÍTEM | B401: DESCRIPCION | C401: UND | D401: CANT | G401: =+VLOOKUP(B401,PRESUPUESTO!$A$1:$M$626,12,FALSE)
A402: 400 | B402: CALIBRACION BOMBA DE INYECCION | C402: Un | D402: 1 | E402: 402118 | F402: 261376.7 | G402: =+VLOOKUP(B402,PRESUPUESTO!$A$1:$M$626,12,FALSE) -> #N/A
A403: 401 | B403: CALIBRACION DE INYECTORES | C403: Un | D403: 1 | E403: 502292 | F403: 326489.8 | G403: =+VLOOKUP(B403,PRESUPUESTO!$A$1:$M$626,12,FALSE) -> #N/A
A404: 402 | B404: CALIBRACION VALVULAS | C404: Un | D404: 1 | E404: 473086 | F404: 307505.9 | G404: =+VLOOKUP(B404,PRESUPUESTO!$A$1:$M$626,12,FALSE) -> #N/A
A405: 403 | B405: MANO DE OBRA AIRE ACONDICIONADO | C405: HORA | D405: 1 | E405: 383932 | F405: 249555.8 | G405: =+VLOOKUP(B405,PRESUPUESTO!$A$1:$M$626,12,FALSE) -> #N/A
A406: 404 | B406: MANO DE OBRA ELECTRICA | C406: HORA | D406: 1 | E406: 361728 | F406: 235123.2 | G406: =+VLOOKUP(B406,PRESUPUESTO!$A$1:$M$626,12,FALSE) -> #N/A
A407: 405 | B407: MANO DE OBRA HIDRAULICA | C407: HORA | D407: 1 | E407: 431244 | F407: 280308.6 | G407: =+VLOOKUP(B407,PRESUPUESTO!$A$1:$M$626,12,FALSE) -> #N/A
A408: 406 | B408: MANO DE OBRA MECANICA | C408: HORA | D408: 1 | E408: 412453 | F408: 268094.45 | G408: =+VLOOKUP(B408,PRESUPUESTO!$A$1:$M$626,12,FALSE) -> #N/A
A409: 407 | B409: MANO DE OBRA MECATRONICA | C409: HORA | D409: 1 | E409: 494517 | F409: 321436.05 | G409: =+VLOOKUP(B409,PRESUPUESTO!$A$1:$M$626,12,FALSE) -> #N/A
A410: 408 | B410: MANO DE OBRA SISTEMA DE FRENOS | C410: HORA | D410: 1 | E410: 275703 | F410: 179206.95 | G410: =+VLOOKUP(B410,PRESUPUESTO!$A$1:$M$626,12,FALSE) -> #N/A
A411: 409 | B411: MANO DE OBRA SISTEMA DE SUSPENSION | C411: HORA | D411: 1 | E411: 410720 | F411: 266968 | G411: =+VLOOKUP(B411,PRESUPUESTO!$A$1:$M$626,12,FALSE) -> #N/A
A412: 410 | B412: RECTIFICADA BLOQUE MOTOR | C412: Un | D412: 1 | E412: 514854 | F412: 334655.1 | G412: =+VLOOKUP(B412,PRESUPUESTO!$A$1:$M$626,12,FALSE) -> #N/A
A413: 411 | B413: RECTIFICADA CIGÜEÑAL | C413: Un | D413: 1 | E413: 550919 | F413: 358097.35 | G413: =+VLOOKUP(B413,PRESUPUESTO!$A$1:$M$626,12,FALSE) -> #N/A
... A416: 415 | B416: TAPIZADA COJINERIA VOLQUETA | C416: Un | D416: 1 | E416: 1051785 | F416: 683660.25 | G416: =+VLOOKUP(B416,PRESUPUESTO!$A$1:$M$626,12,FALSE) -> #N/A
A417: REPUESTOS: CHEVROLET NHR - NPR - JAC | G417: =+VLOOKUP(B417,PRESUPUESTO!$A$1:$M$626,12,FALSE) -> #N/A
A418: ÍTEM | B418: DESCRIPCION | C418: UND | D418: CANT | G418: =+VLOOKUP(B418,PRESUPUESTO!$A$1:$M$626,12,FALSE)
A419: 416 | B419: AMORTIGUADOR DELANTERO (JUEGO) | C419: Un | D419: 1 | E419: 1543287 | F419: 1003136.6 | G419: =+VLOOKUP(B419,PRESUPUESTO!$A$1:$M$626,12,FALSE) -> #N/A
A420: 417 | B420: ALTERNADOR | C420: Un | D420: 1 | E420: 2344284 | F420: 1523784.6 | G420: =+VLOOKUP(B420,PRESUPUESTO!$A$1:$M$626,12,FALSE) -> #N/A
A421: 418 | B421: AMORTIGUADOR TRASERO (JUEGO) | C421: Un | D421: 1 | E421: 1571515 | F421: 1021484.8 | G421: =+VLOOKUP(B421,PRESUPUESTO!$A$1:$M$626,12,FALSE) -> #N/A
A422: 419 | B422: BANDAS DE FRENO DELANTERO (JUEGO) | C422: Un | D422: 1 | E422: 1447042 | F422: 940577.3 | G422: =+VLOOKUP(B422,PRESUPUESTO!$A$1:$M$626,12,FALSE) -> #N/A
A423: 420 | B423: BANDAS DE FRENO TRASERO (JUEGO) | C423: Un | D423: 1 | E423: 974683 | F423: 633543.95 | G423: =+VLOOKUP(B423,PRESUPUESTO!$A$1:$M$626,12,FALSE) -> #N/A
A424: 421 | B424: BARRA ESTABILIZADORA | C424: Un | D424: 1 | E424: 3977329 | F424: 2585263.9 | G424: =+VLOOKUP(B424,PRESUPUESTO!$A$1:$M$626,12,FALSE) -> #N/A
A425: 422 | B425: BATERIA SERIE F-65D23R | C425: Un | D425: 1 | E425: 1400938 | F425: 910609.7 | G425: =+VLOOKUP(B425,PRESUPUESTO!$A$1:$M$626,12,FALSE) -> #N/A
A426: 423 | B426: BUJES DE MUELLES | C426: Un | D426: 1 | E426: 104242 | F426: 67757.3 | G426: =+VLOOKUP(B426,PRESUPUESTO!$A$1:$M$626,12,FALSE) -> #N/A
A427: 424 | B427: CAMPANAS DE FRENO | C427: Un | D427: 1 | E427: 1213840 | F427: 788996 | G427: =+VLOOKUP(B427,PRESUPUESTO!$A$1:$M$626,12,FALSE) -> 3010000
A428: 425 | B428: CAUCHOS LUNA PARA GUARDAPOLVO | C428: Un | D428: 1 | E428: 88549 | F428: 57556.85 | G428: =+VLOOKUP(B428,PRESUPUESTO!$A$1:$M$626,12,FALSE) -> #N/A
A429: 426 | B429: CORREA ACCESORIOS | C429: Un | D429: 1 | E429: 220334 | F429: 143217.1 | G429: =+VLOOKUP(B429,PRESUPUESTO!$A$1:$M$626,12,FALSE) -> #N/A
A430: 427 | B430: CORREA MOTOR | C430: Un | D430: 1 | E430: 728268 | F430: 473374.2 | G430: =+VLOOKUP(B430,PRESUPUESTO!$A$1:$M$626,12,FALSE) -> #N/A
... A457: 455 | B457: TERMOSTATO | C457: Un | D457: 1 | E457: 233159 | F457: 151553.35 | G457: =+VLOOKUP(B457,PRESUPUESTO!$A$1:$M$626,12,FALSE) -> #N/A
A458: SERVICIOS: CHEVROLET NHR - NPR Y JAC | G458: =+VLOOKUP(B458,PRESUPUESTO!$A$1:$M$626,12,FALSE) -> #N/A
A459: ÍTEM | B459: DESCRIPCION | C459: UND | D459: CANT | G459: =+VLOOKUP(B459,PRESUPUESTO!$A$1:$M$626,12,FALSE)
A460: 456 | B460: CALIBRACION BOMBA DE INYECCION | C460: Un | D460: 1 | E460: 402118 | F460: 261376.7 | G460: =+VLOOKUP(B460,PRESUPUESTO!$A$1:$M$626,12,FALSE) -> #N/A
A461: 457 | B461: CALIBRACION DE INYECTORES | C461: Un | D461: 1 | E461: 502292 | F461: 326489.8 | G461: =+VLOOKUP(B461,PRESUPUESTO!$A$1:$M$626,12,FALSE) -> #N/A
A462: 458 | B462: CALIBRACION VALVULAS | C462: Un | D462: 1 | E462: 474289 | F462: 308287.85 | G462: =+VLOOKUP(B462,PRESUPUESTO!$A$1:$M$626,12,FALSE) -> #N/A
A463: 459 | B463: MANO DE OBRA ELECTRICA | C463: HORA | D463: 1 | E463: 361728 | F463: 235123.2 | G463: =+VLOOKUP(B463,PRESUPUESTO!$A$1:$M$626,12,FALSE) -> #N/A
A464: 460 | B464: MANO DE OBRA MECANICA | C464: HORA | D464: 1 | E464: 412453 | F464: 268094.45 | G464: =+VLOOKUP(B464,PRESUPUESTO!$A$1:$M$626,12,FALSE) -> #N/A
A465: 461 | B465: MANO DE OBRA SISTEMA DE FRENO | C465: HORA | D465: 1 | E465: 275703 | F465: 179206.95 | G465: =+VLOOKUP(B465,PRESUPUESTO!$A$1:$M$626,12,FALSE) -> #N/A
A466: 462 | B466: MANO DE OBRA SISTEMA DE SUSPENSION | C466: HORA | D466: 1 | E466: 410720 | F466: 266968 | G466: =+VLOOKUP(B466,PRESUPUESTO!$A$1:$M$626,12,FALSE) -> #N/A
A467: 463 | B467: REPARACION ALTERNADOR | C467: Un | D467: 1 | E467: 710366 | F467: 461737.9 | G467: =+VLOOKUP(B467,PRESUPUESTO!$A$1:$M$626,12,FALSE) -> #N/A
A468: 464 | B468: REPARACION MOTOR DE ARRANQUE | C468: Un | D468: 1 | E468: 858165 | F468: 557807.25 | G468: =+VLOOKUP(B468,PRESUPUESTO!$A$1:$M$626,12,FALSE) -> #N/A
A469: 465 | B469: RECTIFICADA BLOQUE MOTOR | C469: Un | D469: 1 | E469: 791856 | F469: 514706.4 | G469: =+VLOOKUP(B469,PRESUPUESTO!$A$1:$M$626,12,FALSE) -> #N/A
A470: 466 | B470: RECTIFICADA CIGÜEÑAL | C470: Un | D470: 1 | E470: 521043 | F470: 338677.95 | G470: =+VLOOKUP(B470,PRESUPUESTO!$A$1:$M$626,12,FALSE) -> #N/A
A471: 468 | B471: REPARACION ALTERNADOR | C471: Un | D471: 1 | E471: 709608 | F471: 461245.2 | G471: =+VLOOKUP(B471,PRESUPUESTO!$A$1:$M$626,12,FALSE) -> #N/A
... A473: 470 | B473: TAPIZADA COJINERIA | C473: Un | D473: 1 | E473: 866599 | F473: 563289.35 | G473: =+VLOOKUP(B473,PRESUPUESTO!$A$1:$M$626,12,FALSE) -> #N/A
A474: REPUESTOS: BULLDOZER CASE 850L | G474: =+VLOOKUP(B474,PRESUPUESTO!$A$1:$M$626,12,FALSE) -> #N/A
A475: ÍTEM | B475: DESCRIPCION | C475: UND | D475: CANT | G475: =+VLOOKUP(B475,PRESUPUESTO!$A$1:$M$626,12,FALSE)
A476: 471 | B476: ALTERNADOR | C476: Un | D476: 1 | E476: 2242943 | F476: 1457913 | G476: =+VLOOKUP(B476,PRESUPUESTO!$A$1:$M$626,12,FALSE) -> #N/A
A477: 472 | B477: BATERIA 4D | C477: Un | D477: 1 | E477: 1905289 | F477: 1238437.9 | G477: =+VLOOKUP(B477,PRESUPUESTO!$A$1:$M$626,12,FALSE) -> #N/A
A478: 473 | B478: BODY PRECLEANER | C478: Un | D478: 1 | E478: 497366 | F478: 323287.9 | G478: =+VLOOKUP(B478,PRESUPUESTO!$A$1:$M$626,12,FALSE) -> #N/A
A479: 474 | B479: BOMBA DE ACEITE | C479: Un | D479: 1 | E479: 12983383 | F479: 6000000 | G479: =+VLOOKUP(B479,PRESUPUESTO!$A$1:$M$626,12,FALSE) -> 4805500
A480: 475 | B480: BOMBA DE AGUA | C480: Un | D480: 1 | E480: 2884055 | F480: 1874635.8 | G480: =+VLOOKUP(B480,PRESUPUESTO!$A$1:$M$626,12,FALSE) -> 2130000
A481: 476 | B481: BOMBA HIDRAULICA | C481: Un | D481: 1 | E481: 28878095 | F481: 18770762 | G481: =+VLOOKUP(B481,PRESUPUESTO!$A$1:$M$626,12,FALSE) -> #N/A
A482: 477 | B482: BOMBA INYECCION | C482: Un | D482: 1 | E482: 33445189 | F482: 21739373 | G482: =+VLOOKUP(B482,PRESUPUESTO!$A$1:$M$626,12,FALSE) -> #N/A
A483: 478 | B483: BOMBA TRANSFERENCIA | C483: Un | D483: 1 | E483: 19847329 | F483: 12900764 | G483: =+VLOOKUP(B483,PRESUPUESTO!$A$1:$M$626,12,FALSE) -> #N/A
A484: 479 | B484: BUJIAS DE PRECALENTAMIENTO | C484: Un | D484: 1 | E484: 378414 | F484: 245969.1 | G484: =+VLOOKUP(B484,PRESUPUESTO!$A$1:$M$626,12,FALSE) -> #N/A
A485: 480 | B485: CADENA DE ENGRANAJE | C485: Un | D485: 1 | E485: 20715545 | F485: 13465104 | G485: =+VLOOKUP(B485,PRESUPUESTO!$A$1:$M$626,12,FALSE) -> #N/A
A486: 481 | B486: CARRIL DOBLE PESTAÑA | C486: Un | D486: 1 | E486: 3096169 | F486: 2012509.9 | G486: =+VLOOKUP(B486,PRESUPUESTO!$A$1:$M$626,12,FALSE) -> #N/A
A487: 482 | B487: CORREA ALTERNADOR | C487: Un | D487: 1 | E487: 286279 | F487: 186081.35 | G487: =+VLOOKUP(B487,PRESUPUESTO!$A$1:$M$626,12,FALSE) -> #N/A
... A515: 511 | B515: ZAPATAS/TEJAS | C515: Un | D515: 1 | E515: 1216749 | F515: 790886.85 | G515: =+VLOOKUP(B515,PRESUPUESTO!$A$1:$M$626,12,FALSE) -> #N/A
A516: SERVICIOS: BULLDOZER CASE 850L | G516: =+VLOOKUP(B516,PRESUPUESTO!$A$1:$M$626,12,FALSE) -> #N/A
A517: ÍTEM | B517: DESCRIPCION | C517: UND | D517: CANT | G517: =+VLOOKUP(B517,PRESUPUESTO!$A$1:$M$626,12,FALSE)
A518: 512 | B518: CALIBRACION BOMBA DE INYECCION | C518: Un | D518: 1 | E518: 402118 | F518: 261376.7 | G518: =+VLOOKUP(B518,PRESUPUESTO!$A$1:$M$626,12,FALSE) -> #N/A
A519: 513 | B519: CALIBRACION DE INYECTORES | C519: Un | D519: 1 | E519: 502292 | F519: 326489.8 | G519: =+VLOOKUP(B519,PRESUPUESTO!$A$1:$M$626,12,FALSE) -> #N/A
A520: 514 | B520: CALIBRACION VALVULAS | C520: Un | D520: 1 | E520: 753651 | F520: 489873.15 | G520: =+VLOOKUP(B520,PRESUPUESTO!$A$1:$M$626,12,FALSE) -> #N/A
A521: 515 | B521: MANO DE OBRA ELECTRICA | C521: HORA | D521: 1 | E521: 361728 | F521: 235123.2 | G521: =+VLOOKUP(B521,PRESUPUESTO!$A$1:$M$626,12,FALSE) -> #N/A
A522: 516 | B522: MANO DE OBRA HIDRAULICA | C522: HORA | D522: 1 | E522: 431408 | F522: 280415.2 | G522: =+VLOOKUP(B522,PRESUPUESTO!$A$1:$M$626,12,FALSE) -> #N/A
A523: 517 | B523: MANO DE OBRA MECANICA | C523: HORA | D523: 1 | E523: 412453 | F523: 268094.45 | G523: =+VLOOKUP(B523,PRESUPUESTO!$A$1:$M$626,12,FALSE) -> #N/A
A524: 518 | B524: MANO DE OBRA MECATRONICA | C524: HORA | D524: 1 | E524: 494517 | F524: 321436.05 | G524: =+VLOOKUP(B524,PRESUPUESTO!$A$1:$M$626,12,FALSE) -> #N/A
A525: 519 | B525: MANO DE OBRA SISTEMA DE FRENO | C525: HORA | D525: 1 | E525: 275703 | F525: 179206.95 | G525: =+VLOOKUP(B525,PRESUPUESTO!$A$1:$M$626,12,FALSE) -> #N/A
A526: 520 | B526: RECTIFICADA BLOQUE MOTOR | C526: Un | D526: 1 | E526: 3260144 | F526: 2119093.6 | G526: =+VLOOKUP(B526,PRESUPUESTO!$A$1:$M$626,12,FALSE) -> #N/A
A527: 521 | B527: RECTIFICADA CIGÜEÑAL | C527: Un | D527: 1 | E527: 1760617 | F527: 1144401.1 | G527: =+VLOOKUP(B527,PRESUPUESTO!$A$1:$M$626,12,FALSE) -> #N/A
A528: 523 | B528: REPARACION ALTERNADOR | C528: Un | D528: 1 | E528: 959233 | F528: 623501.45 | G528: =+VLOOKUP(B528,PRESUPUESTO!$A$1:$M$626,12,FALSE) -> #N/A
A529: 524 | B529: REPARACION MOTOR DE ARRANQUE | C529: Un | D529: 1 | E529: 1826591 | F529: 1187284.1 | G529: =+VLOOKUP(B529,PRESUPUESTO!$A$1:$M$626,12,FALSE) -> #N/A
A530: REPUESTOS: CARGADOR CASE 621E | G530: =+VLOOKUP(B530,PRESUPUESTO!$A$1:$M$626,12,FALSE) -> #N/A
A531: ÍTEM | B531: DESCRIPCION | C531: UND | D531: CANT | G531: =+VLOOKUP(B531,PRESUPUESTO!$A$1:$M$626,12,FALSE)
A532: 525 | B532: ALTERNADOR | C532: Un | D532: 1 | E532: 2145479 | F532: 1394561.4 | G532: =+VLOOKUP(B532,PRESUPUESTO!$A$1:$M$626,12,FALSE) -> #N/A
A533: 526 | B533: ARANDELAS AJUSTE BALDE | C533: Un | D533: 1 | E533: 101411 | F533: 65917.15 | G533: =+VLOOKUP(B533,PRESUPUESTO!$A$1:$M$626,12,FALSE) -> #N/A
A534: 527 | B534: ASIENTOS VALVULA ADMISION Y ESCAPE | C534: Un | D534: 1 | E534: 202334 | F534: 131517.1 | G534: =+VLOOKUP(B534,PRESUPUESTO!$A$1:$M$626,12,FALSE) -> #N/A
A535: 528 | B535: AUTOMATICO DE ARRANQUE | C535: Un | D535: 1 | E535: 780562 | F535: 507365.3 | G535: =+VLOOKUP(B535,PRESUPUESTO!$A$1:$M$626,12,FALSE) -> #N/A
A536: 529 | B536: BASE DIENTE BALDE CON TORNILLERIA | C536: Un | D536: 1 | E536: 530631 | F536: 344910.15 | G536: =+VLOOKUP(B536,PRESUPUESTO!$A$1:$M$626,12,FALSE) -> #N/A
A537: 530 | B537: BATERIA 4DLT1450 | C537: Un | D537: 1 | E537: 1905289 | F537: 1238437.9 | G537: =+VLOOKUP(B537,PRESUPUESTO!$A$1:$M$626,12,FALSE) -> #N/A
A538: 531 | B538: BOMBA DE AGUA | C538: Un | D538: 1 | E538: 2741636 | F538: 1782063.4 | G538: =+VLOOKUP(B538,PRESUPUESTO!$A$1:$M$626,12,FALSE) -> 2130000
A539: 532 | B539: BOMBA DE AIRE | C539: Un | D539: 1 | E539: 737123 | F539: 479129.95 | G539: =+VLOOKUP(B539,PRESUPUESTO!$A$1:$M$626,12,FALSE) -> #N/A
...

Sheet GRUPO 1
A2: PRESUPUESTO MANTENIMIENTO VEHÍCULOS ADMINISTRATIVO
A3: ÍTEM | B3: DESCRIPCIÓN | C3: CANT | D3: UNIDAD | E3: PROMEDIO ENTIDAD | F3: OFERTA ECONOMICA PROPONENTE | G3: MEDIA PRECIOS 2026
A4: 1 | B4: FRENO DE AHOGO COMPLETO | C4: 1 | D4: UN | E4: 3307345 | F4: 2248994.6 | G4: =+VLOOKUP(B4,PRESUPUESTO!$A$1:$N$626,12,FALSE) -> #N/A
A5: 2 | B5: BANDAS DELANTERAS TIPO PESADO | C5: 1 | D5: JUEGO | E5: 1020913 | F5: 694220.84 | G5: =+VLOOKUP(B5,PRESUPUESTO!$A$1:$N$626,12,FALSE) -> #N/A
A6: 3 | B6: BANDAS TRASERAS TIPO PESADO | C6: 1 | D6: JUEGO | E6: 937062 | F6: 637202.16 | G6: =+VLOOKUP(B6,PRESUPUESTO!$A$1:$N$626,12,FALSE) -> #N/A
A7: 4 | B7: REMACHADA BANDAS TIPO PESADO | C7: 1 | D7: JUEGO | E7: 449594 | F7: 305723.92 | G7: =+VLOOKUP(B7,PRESUPUESTO!$A$1:$N$626,12,FALSE) -> #N/A
A8: 5 | B8: BRAZO PARA PLUMILLA | C8: 1 | D8: PAR | E8: 373928 | F8: 254271.04 | G8: =+VLOOKUP(B8,PRESUPUESTO!$A$1:$N$626,12,FALSE) -> #N/A
A9: 6 | B9: PLUMILLA 15" | C9: 1 | D9: PAR | E9: 132564 | F9: 90143.52 | G9: =+VLOOKUP(B9,PRESUPUESTO!$A$1:$N$626,12,FALSE) -> #N/A
A10: 7 | B10: PLUMILLA 18" | C10: 1 | D10: PAR | E10: 127759 | F10: 86876.12 | G10: =+VLOOKUP(B10,PRESUPUESTO!$A$1:$N$626,12,FALSE) -> #N/A
A11: 8 | B11: PLUMILLA 19" | C11: 1 | D11: PAR | E11: 157198 | F11: 106894.64 | G11: =+VLOOKUP(B11,PRESUPUESTO!$A$1:$N$626,12,FALSE) -> #N/A
A12: 9 | B12: PLUMILLA 22" | C12: 1 | D12: PAR | E12: 180742 | F12: 122904.56 | G12: =+VLOOKUP(B12,PRESUPUESTO!$A$1:$N$626,12,FALSE) -> #N/A
A13: 10 | B13: PILA BOMBA DE COMBUSTIBLE (CAMIONETA- AUTOMOVIL) | C13: 1 | D13: UN | E13: 1163548 | F13: 791212.64 | G13: =+VLOOKUP(B13,PRESUPUESTO!$A$1:$N$626,12,FALSE) -> #N/A
A14: 11 | B14: BANDAS FRENO TRASERO | C14: 1 | D14: JUEGO | E14: 958522 | F14: 651794.96 | G14: =+VLOOKUP(B14,PRESUPUESTO!$A$1:$N$626,12,FALSE) -> #N/A
A15: 12 | B15: REMACHADA BANDA FRENO TRASERO | C15: 1 | D15: JUEGO | E15: 462584 | F15: 314557.12 | G15: =+VLOOKUP(B15,PRESUPUESTO!$A$1:$N$626,12,FALSE) -> #N/A
... A87: 84 | B87: RECTIFICACON CULATA (CAMIONETA - AUTOMOVIL) | C87: 1 | D87: UN | E87: 1706959 | F87: 1160732.1 | G87: =+VLOOKUP(B87,PRESUPUESTO!$A$1:$N$626,12,FALSE) -> #N/A
A88: BUS JAC | G88: =+VLOOKUP(B88,PRESUPUESTO!$A$1:$N$626,12,FALSE) -> #N/A
A89: 85 | B89: RETENEDOR RUEDA DELANTERA | C89: 1 | D89: UN | E89: 479706 | F89: 326200.08 | G89: =+VLOOKUP(B89,PRESUPUESTO!$A$1:$N$626,12,FALSE) -> #N/A
A90: 86 | B90: RETENEDOR RUEDA TRASERA | C90: 1 | D90: UN | E90: 594398 | F90: 404190.64 | G90: =+VLOOKUP(B90,PRESUPUESTO!$A$1:$N$626,12,FALSE) -> #N/A
A91: 87 | B91: VIDRIO PANORAMICO | C91: 1 | D91: UN | E91: 4119047 | F91: 2800952 | G91: =+VLOOKUP(B91,PRESUPUESTO!$A$1:$N$626,12,FALSE) -> #N/A
A92: 88 | B92: RETROVISOR DERECHO / IZQUIERDO | C92: 1 | D92: UN | E92: 1994356 | F92: 1356162.1 | G92: =+VLOOKUP(B92,PRESUPUESTO!$A$1:$N$626,12,FALSE) -> #N/A
A93: 89 | B93: FILTRO ACEITE | C93: 1 | D93: UN | E93: 338148 | F93: 229940.64 | G93: =+VLOOKUP(B93,PRESUPUESTO!$A$1:$N$626,12,FALSE) -> #N/A
A94: 90 | B94: FILTRO AIRE PRIMARIO | C94: 1 | D94: UN | E94: 370911 | F94: 252219.48 | G94: =+VLOOKUP(B94,PRESUPUESTO!$A$1:$N$626,12,FALSE) -> #N/A
A95: 91 | B95: FILTRO AIRE SECUNDARIO | C95: 1 | D95: UN | E95: 399480 | F95: 271646.4 | G95: =+VLOOKUP(B95,PRESUPUESTO!$A$1:$N$626,12,FALSE) -> #N/A
A96: 92 | B96: FILTRO TRAMPA | C96: 1 | D96: UN | E96: 471636 | F96: 320712.48 | G96: =+VLOOKUP(B96,PRESUPUESTO!$A$1:$N$626,12,FALSE) -> #N/A
A97: 93 | B97: FILTRO COMBUSTIBLE | C97: 1 | D97: UN | E97: 642341 | F97: 436791.88 | G97: =+VLOOKUP(B97,PRESUPUESTO!$A$1:$N$626,12,FALSE) -> #N/A
A98: BUSETA NPR | G98: =+VLOOKUP(B98,PRESUPUESTO!$A$1:$N$626,12,FALSE) -> #N/A
A99: 94 | B99: RETENEDOR RUEDA DELANTERA | C99: 1 | D99: UN | E99: 469940 | F99: 319559.2 | G99: =+VLOOKUP(B99,PRESUPUESTO!$A$1:$N$626,12,FALSE) -> #N/A
A100: 95 | B100: RETENEDOR RUEDA TRASERA | C100: 1 | D100: UN | E100: 610502 | F100: 415141.36 | G100: =+VLOOKUP(B100,PRESUPUESTO!$A$1:$N$626,12,FALSE) -> #N/A
A101: 96 | B101: VIDRIO PANORAMICO | C101: 1 | D101: UN | E101: 4082527 | F101: 2776118.4 | G101: =+VLOOKUP(B101,PRESUPUESTO!$A$1:$N$626,12,FALSE) -> #N/A
A102: 97 | B102: RETROVISOR DERECHO / IZQUIERDO | C102: 1 | D102: UN | E102: 1866885 | F102: 1269481.8 | G102: =+VLOOKUP(B102,PRESUPUESTO!$A$1:$N$626,12,FALSE) -> #N/A
A103: 98 | B103: FILTRO ACEITE | C103: 1 | D103: UN | E103: 785443 | F103: 534101.24 | G103: =+VLOOKUP(B103,PRESUPUESTO!$A$1:$N$626,12,FALSE) -> #N/A
A104: 99 | B104: FILTRO AIRE PRIMARIO | C104: 1 | D104: UN | E104: 543035 | F104: 369263.8 | G104: =+VLOOKUP(B104,PRESUPUESTO!$A$1:$N$626,12,FALSE) -> #N/A
A105: 100 | B105: FILTRO AIRE SECUNDARIO | C105: 1 | D105: UN | E105: 531150 | F105: 361182 | G105: =+VLOOKUP(B105,PRESUPUESTO!$A$1:$N$626,12,FALSE) -> #N/A
A106: 101 | B106: FILTRO TRAMPA | C106: 1 | D106: UN | E106: 483416 | F106: 328722.88 | G106: =+VLOOKUP(B106,PRESUPUESTO!$A$1:$N$626,12,FALSE) -> #N/A
A107: 102 | B107: FILTRO COMBUSTIBLE | C107: 1 | D107: UN | E107: 467577 | F107: 317952.36 | G107: =+VLOOKUP(B107,PRESUPUESTO!$A$1:$N$626,12,FALSE) -> #N/A
A108: CHEVROLET CORSA | G108: =+VLOOKUP(B108,PRESUPUESTO!$A$1:$N$626,12,FALSE) -> #N/A
A109: 103 | B109: VALVULAS DE ADMISION | C109: 1 | D109: JUEGO | E109: 90795 | F109: 61740.6 | G109: =+VLOOKUP(B109,PRESUPUESTO!$A$1:$N$626,12,FALSE) -> #N/A
A110: 104 | B110: VALVULAS DE ESCAPE | C110: 1 | D110: JUEGO | E110: 87610 | F110: 59574.8 | G110: =+VLOOKUP(B110,PRESUPUESTO!$A$1:$N$626,12,FALSE) -> #N/A
A111: 105 | B111: GORROS CULATA | C111: 1 | D111: JUEGO | E111: 34055 | F111: 23157.4 | G111: =+VLOOKUP(B111,PRESUPUESTO!$A$1:$N$626,12,FALSE) -> #N/A
A112: 106 | B112: EMPAQUE CULATA | C112: 1 | D112: UN | E112: 638975 | F112: 434503 | G112: =+VLOOKUP(B112,PRESUPUESTO!$A$1:$N$626,12,FALSE) -> #N/A
A113: 107 | B113: GUIAS CULATA | C113: 1 | D113: JUEGO | E113: 98143 | F113: 66737.24 | G113: =+VLOOKUP(B113,PRESUPUESTO!$A$1:$N$626,12,FALSE) -> #N/A
A114: 108 | B114: EMPAQUE MULTIPLE DE ADMISON | C114: 1 | D114: UN | E114: 156457 | F114: 106390.76 | G114: =+VLOOKUP(B114,PRESUPUESTO!$A$1:$N$626,12,FALSE) -> #N/A
A115: 109 | B115: KIT DE REPARTICION | C115: 1 | D115: KIT | E115: 1229087 | F115: 835779.16 | G115: =+VLOOKUP(B115,PRESUPUESTO!$A$1:$N$626,12,FALSE) -> #N/A
A116: 110 | B116: CORREA ACCESORIOS | C116: 1 | D116: UN | E116: 332982 | F116: 226427.76 | G116: =+VLOOKUP(B116,PRESUPUESTO!$A$1:$N$626,12,FALSE) -> #N/A
A117: 111 | B117: TAPAS DISTRIBUCCION | C117: 1 | D117: JUEGO | E117: 2143345 | F117: 1457474.6 | G117: =+VLOOKUP(B117,PRESUPUESTO!$A$1:$N$626,12,FALSE) -> #N/A
A118: 112 | B118: EMPAQUE TAPA VALVULAS | C118: 1 | D118: UN | E118: 662030 | F118: 450180.4 | G118: =+VLOOKUP(B118,PRESUPUESTO!$A$1:$N$626,12,FALSE) -> #N/A
A119: 113 | B119: IMPULSADORES | C119: 1 | D119: JUEGO | E119: 544830 | F119: 370484.4 | G119: =+VLOOKUP(B119,PRESUPUESTO!$A$1:$N$626,12,FALSE) -> #N/A
A120: 114 | B120: RETENEDOR EJE LEVAS | C120: 1 | D120: UN | E120: 499127 | F120: 339406.36 | G120: =+VLOOKUP(B120,PRESUPUESTO!$A$1:$N$626,12,FALSE) -> #N/A
... A123: 117 | B123: KIT DE EMBRAGUE | C123: 1 | D123: KIT | E123: 1819341 | F123: 1237151.9 | G123: =+VLOOKUP(B123,PRESUPUESTO!$A$1:$N$626,12,FALSE) -> #N/A
A124: CHEVROLET DMAX | G124: =+VLOOKUP(B124,PRESUPUESTO!$A$1:$N$626,12,FALSE) -> #N/A
A125: 118 | B125: BALANCIN | C125: 1 | D125: UN | E125: 1064781 | F125: 724051.08 | G125: =+VLOOKUP(B125,PRESUPUESTO!$A$1:$N$626,12,FALSE) -> #N/A
A126: 119 | B126: CARPA | C126: 1 | D126: UN | E126: 4840090 | F126: 3291261.2 | G126: =+VLOOKUP(B126,PRESUPUESTO!$A$1:$N$626,12,FALSE) -> #N/A
A127: 120 | B127: CAUCHOS SISTEMA SUSPENSIÓN | C127: 1 | D127: UN | E127: 222023 | F127: 150975.64 | G127: =+VLOOKUP(B127,PRESUPUESTO!$A$1:$N$626,12,FALSE) -> #N/A
A128: 121 | B128: CORREA ACCESORIOS | C128: 1 | D128: UN | E128: 366458 | F128: 249191.44 | G128: =+VLOOKUP(B128,PRESUPUESTO!$A$1:$N$626,12,FALSE) -> #N/A
A129: 122 | B129: CORREA ALTERNADOR | C129: 1 | D129: UN | E129: 372653 | F129: 253404.04 | G129: =+VLOOKUP(B129,PRESUPUESTO!$A$1:$N$626,12,FALSE) -> #N/A
A130: 123 | B130: CORREA VENTILADOR | C130: 1 | D130: UN | E130: 391619 | F130: 266300.92 | G130: =+VLOOKUP(B130,PRESUPUESTO!$A$1:$N$626,12,FALSE) -> 342000
A131: 124 | B131: RETENEDOR DE RUEDA TRASERA / DELATERA | C131: 1 | D131: UN | E131: 520680 | F131: 354062.4 | G131: =+VLOOKUP(B131,PRESUPUESTO!$A$1:$N$626,12,FALSE) -> #N/A
A132: 125 | B132: RODAMIENTO RUEDA TRASERA / DELATERA | C132: 1 | D132: UN | E132: 532742 | F132: 362264.56 | G132: =+VLOOKUP(B132,PRESUPUESTO!$A$1:$N$626,12,FALSE) -> #N/A
A133: 126 | B133: ROTULA DE DIRECCION | C133: 1 | D133: UN | E133: 1012178 | F133: 688281.04 | G133: =+VLOOKUP(B133,PRESUPUESTO!$A$1:$N$626,12,FALSE) -> #N/A
A134: 127 | B134: TERMINAL DE DIRECCION | C134: 1 | D134: UN | E134: 779263 | F134: 529898.84 | G134: =+VLOOKUP(B134,PRESUPUESTO!$A$1:$N$626,12,FALSE) -> #N/A
A135: 128 | B135: TIJERA SUPERIOR | C135: 1 | D135: UN | E135: 2177313 | F135: 1480572.8 | G135: =+VLOOKUP(B135,PRESUPUESTO!$A$1:$N$626,12,FALSE) -> #N/A
A136: 129 | B136: BUJE TIJERA SUPERIOR | C136: 1 | D136: UN | E136: 246676 | F136: 167739.68 | G136: =+VLOOKUP(B136,PRESUPUESTO!$A$1:$N$626,12,FALSE) -> #N/A
... A154: 147 | B154: SOPORTE CAJA | C154: 1 | D154: UN | E154: 814591 | F154: 553921.88 | G154: =+VLOOKUP(B154,PRESUPUESTO!$A$1:$N$626,12,FALSE) -> #N/A
A155: CHEVROLET LUV 1600 / MAZDA B2600 | G155: =+VLOOKUP(B155,PRESUPUESTO!$A$1:$N$626,12,FALSE) -> #N/A
A156: 148 | B156: BUJE BALANCIN | C156: 1 | D156: UN | E156: 606226 | F156: 412233.68 | G156: =+VLOOKUP(B156,PRESUPUESTO!$A$1:$N$626,12,FALSE) -> #N/A
A157: 149 | B157: BOMBA DE ACEITE | C157: 1 | D157: UN | E157: 921487 | F157: 626611.16 | G157: =+VLOOKUP(B157,PRESUPUESTO!$A$1:$N$626,12,FALSE) -> 4805500
A158: 150 | B158: BOMBA DE AGUA | C158: 1 | D158: UN | E158: 920373 | F158: 625853.64 | G158: =+VLOOKUP(B158,PRESUPUESTO!$A$1:$N$626,12,FALSE) -> 2130000
A159: 151 | B159: BOMBA DE COMBUSTIBLE | C159: 1 | D159: UN | E159: 931256 | F159: 633254.08 | G159: =+VLOOKUP(B159,PRESUPUESTO!$A$1:$N$626,12,FALSE) -> #N/A
A160: 152 | B160: CAUCHO DE EJE DELANTERO LADO CAJA | C160: 1 | D160: UN | E160: 335075 | F160: 227851 | G160: =+VLOOKUP(B160,PRESUPUESTO!$A$1:$N$626,12,FALSE) -> #N/A
A161: 153 | B161: CAUCHO DE EJE DELANTERO LADO RUEDA | C161: 1 | D161: UN | E161: 323136 | F161: 219732.48 | G161: =+VLOOKUP(B161,PRESUPUESTO!$A$1:$N$626,12,FALSE) -> #N/A
A162: 154 | B162: CORREA ALTERNADOR | C162: 1 | D162: UN | E162: 366330 | F162: 249104.4 | G162: =+VLOOKUP(B162,PRESUPUESTO!$A$1:$N$626,12,FALSE) -> #N/A
A163: 155 | B163: CORREA DE ACCESORIOS | C163: 1 | D163: UN | E163: 1377184 | F163: 936485.12 | G163: =+VLOOKUP(B163,PRESUPUESTO!$A$1:$N$626,12,FALSE) -> 264500
A164: 156 | B164: CORREA AIRE ACONDICIONADO | C164: 1 | D164: UN | E164: 371987 | F164: 252951.16 | G164: =+VLOOKUP(B164,PRESUPUESTO!$A$1:$N$626,12,FALSE) -> #N/A
A165: 157 | B165: CORREA VENTILADOR | C165: 1 | D165: UN | E165: 331789 | F165: 225616.52 | G165: =+VLOOKUP(B165,PRESUPUESTO!$A$1:$N$626,12,FALSE) -> 342000
A166: 158 | B166: RODAMIENTO RUEDA | C166: 1 | D166: UN | E166: 165393 | F166: 112467.24 | G166: =+VLOOKUP(B166,PRESUPUESTO!$A$1:$N$626,12,FALSE) -> #N/A
A167: 159 | B167: BRAZO ARTICULADO | C167: 1 | D167: UN | E167: 5199005 | F167: 3535323.4 | G167: =+VLOOKUP(B167,PRESUPUESTO!$A$1:$N$626,12,FALSE) -> #N/A
... A184: 176 | B184: AXIAL DE DIRECCION | C184: 1 | D184: UN | E184: 1937099 | F184: 1317227.3 | G184: =+VLOOKUP(B184,PRESUPUESTO!$A$1:$N$626,12,FALSE) -> #N/A
A185: CHEVROLET TRACKER CAPTIVA / SUZUKI GAND VITARA | G185: =+VLOOKUP(B185,PRESUPUESTO!$A$1:$N$626,12,FALSE) -> #N/A
A186: 177 | B186: AXIAL DE DIRECCION | C186: 1 | D186: UN | E186: 1077308 | F186: 732569.44 | G186: =+VLOOKUP(B186,PRESUPUESTO!$A$1:$N$626,12,FALSE) -> #N/A
A187: 178 | B187: BOMBA COMBUSTIBLE | C187: 1 | D187: UN | E187: 3138393 | F187: 2134107.2 | G187: =+VLOOKUP(B187,PRESUPUESTO!$A$1:$N$626,12,FALSE) -> #N/A
A188: 179 | B188: BRAZO ARTICULADO | C188: 1 | D188: UN | E188: 1820161 | F188: 1237709.5 | G188: =+VLOOKUP(B188,PRESUPUESTO!$A$1:$N$626,12,FALSE) -> #N/A
A189: 180 | B189: BUJE BALANCIN | C189: 1 | D189: UN | E189: 571852 | F189: 388859.36 | G189: =+VLOOKUP(B189,PRESUPUESTO!$A$1:$N$626,12,FALSE) -> #N/A
A190: 181 | B190: BUJE TIJERA INFERIOR | C190: 1 | D190: UN | E190: 266003 | F190: 180882.04 | G190: =+VLOOKUP(B190,PRESUPUESTO!$A$1:$N$626,12,FALSE) -> #N/A
A191: 182 | B191: BUJE TIJERA SUPERIOR | C191: 1 | D191: UN | E191: 262393 | F191: 178427.24 | G191: =+VLOOKUP(B191,PRESUPUESTO!$A$1:$N$626,12,FALSE) -> #N/A
A192: 183 | B192: CAUCHO EJE DELANTERO LADO CAJA | C192: 1 | D192: UN | E192: 103595 | F192: 70444.6 | G192: =+VLOOKUP(B192,PRESUPUESTO!$A$1:$N$626,12,FALSE) -> #N/A
A193: 184 | B193: CAUCHO EJE DELANTERO LADO RUEDA | C193: 1 | D193: UN | E193: 225885 | F193: 153601.8 | G193: =+VLOOKUP(B193,PRESUPUESTO!$A$1:$N$626,12,FALSE) -> #N/A
A194: 185 | B194: CORREA ACCESORIOS | C194: 1 | D194: UN | E194: 260703 | F194: 177278.04 | G194: =+VLOOKUP(B194,PRESUPUESTO!$A$1:$N$626,12,FALSE) -> #N/A
A195: 186 | B195: CORREA ALTERNADOR | C195: 1 | D195: UN | E195: 367391 | F195: 249825.88 | G195: =+VLOOKUP(B195,PRESUPUESTO!$A$1:$N$626,12,FALSE) -> #N/A
A196: 187 | B196: CORREA DIRECCION HIDRAULICA | C196: 1 | D196: UN | E196: 332795 | F196: 226300.6 | G196: =+VLOOKUP(B196,PRESUPUESTO!$A$1:$N$626,12,FALSE) -> #N/A
A197: 188 | B197: CORREA DISTRIBUCION | C197: 1 | D197: UN | E197: 367450 | F197: 249866 | G197: =+VLOOKUP(B197,PRESUPUESTO!$A$1:$N$626,12,FALSE) -> #N/A
... A216: 207 | B216: EMPAQUETADURA MOTOR | C216: 1 | D216: UN | E216: 2514528 | F216: 1709879 | G216: =+VLOOKUP(B216,PRESUPUESTO!$A$1:$N$626,12,FALSE) -> #N/A
A217: VOLSKWAGEN AMAROK 2,0 | G217: =+VLOOKUP(B217,PRESUPUESTO!$A$1:$N$626,12,FALSE) -> #N/A
A218: 208 | B218: AXIAL DE DIRECCION | C218: 1 | D218: UN | E218: 1878231 | F218: 1277197.1 | G218: =+VLOOKUP(B218,PRESUPUESTO!$A$1:$N$626,12,FALSE) -> #N/A
A219: 209 | B219: BALINERA CLUTCH | C219: 1 | D219: UN | E219: 971459 | F219: 660592.12 | G219: =+VLOOKUP(B219,PRESUPUESTO!$A$1:$N$626,12,FALSE) -> #N/A
A220: 210 | B220: BRAZO ARTICULADO INFERIOR | C220: 1 | D220: UN | E220: 4760839 | F220: 3237370.5 | G220: =+VLOOKUP(B220,PRESUPUESTO!$A$1:$N$626,12,FALSE) -> #N/A
A221: 211 | B221: BUJE BALANCIN | C221: 1 | D221: UN | E221: 458626 | F221: 311865.68 | G221: =+VLOOKUP(B221,PRESUPUESTO!$A$1:$N$626,12,FALSE) -> #N/A
A222: 212 | B222: BUJE TIJERA INFERIOR | C222: 1 | D222: UN | E222: 377758 | F222: 256875.44 | G222: =+VLOOKUP(B222,PRESUPUESTO!$A$1:$N$626,12,FALSE) -> #N/A
A223: 213 | B223: BUJE TIJERA SUPERIOR | C223: 1 | D223: UN | E223: 382731 | F223: 260257.08 | G223: =+VLOOKUP(B223,PRESUPUESTO!$A$1:$N$626,12,FALSE) -> #N/A
A224: 214 | B224: BUJIA PRECALENTAMIENTO | C224: 1 | D224: UN | E224: 117644 | F224: 79997.92 | G224: =+VLOOKUP(B224,PRESUPUESTO!$A$1:$N$626,12,FALSE) -> #N/A
A225: 215 | B225: CAUCHO DE EJE DELANTERO LADO CAJA | C225: 1 | D225: UN | E225: 337398 | F225: 229430.64 | G225: =+VLOOKUP(B225,PRESUPUESTO!$A$1:$N$626,12,FALSE) -> #N/A
...

Sheet FICHA TECNICA
A1: SERVICIOS
A2: ESCANEO ELECTRONICO
A3: CAMBIO DE ACEITE MOTOR
A4: ALINEACION Y BALANCEO
A5: MANO DE OBRA MECANICO DIESEL
A6: MANO DE OBRA MECANICO GASOLINA
A7: MANO DE OBRA MECANICO ELECTRICISTA
A8: MANO DE OBRA MECATRONICO
A9: MANO DE OBRA SISTEMA CONTRAINCENDIO
A10: CAMBIO DE ACEITE TRASMISION MECANICA O AUTOMATICA
A11: CAMBIO DE ACEITE MOTOR
A12: CAMBIO DE ACEITA CAJA TRASFERENCIA DE BOMBA
... A626: LIQUIDO PARA FRENOS

Sheet PRECIOS 2025 VS 2026
A3: PRESUPUESTO MANTENIMIENTO VEHÍCULOS BOMBEROS
A4: ÍTEM | B4: DESCRIPCIÓN | C4: CANT | D4: UNIDAD
A5: CAMIONETA NISSAN FRONTIER MOTOR 2500cc MODELO 2020 M-12
B6: MOTOR
B7: Lubricación | E7: PROMEDIO ENTIDAD | F7: PRECIOS CONTRATADOS 2025 | G7: MEDIA PRECIOS 2026
A8: 1 | B8: FILTRO DE ACEITE | C8: 1 | D8: UND | E8: 112258 | F8: 111135.42 | G8: =IF(F8="","",VLOOKUP(B8,PRESUPUESTO!$A$1:$O$626,12,FALSE)) -> 287000 | H8: =+VLOOKUP(B8,'GRUPO 1'!$A$3:$F$440,5,FALSE) -> #N/A
A9: 2 | B9: ACEITE 10W30 MOTOR CJ4 | C9: 1 | D9: CUARTO | E9: 122356 | F9: 121132.44 | G9: =IF(F9="","",VLOOKUP(B9,PRESUPUESTO!$A$1:$O$626,12,FALSE)) -> #N/A
A10: 3 | B10: ARANDELA CARTER | C10: 1 | D10: UND | E10: 78141 | F10: 77359.59 | G10: =IF(F10="","",VLOOKUP(B10,PRESUPUESTO!$A$1:$O$626,12,FALSE)) -> #N/A
B11: Refrigeración | G11: =IF(F11="","",VLOOKUP(B11,PRESUPUESTO!$A$1:$O$626,12,FALSE))
A12: 4 | B12: CORREA VENTILADOR | C12: 1 | D12: UND | E12: 113953 | F12: 112813.47 | G12: =IF(F12="","",VLOOKUP(B12,PRESUPUESTO!$A$1:$O$626,12,FALSE)) -> 342000
A13: 5 | B13: MANTENIMIENTO RADIADOR | C13: 1 | D13: UND | E13: 468647 | F13: 463960.53 | G13: =IF(F13="","",VLOOKUP(B13,PRESUPUESTO!$A$1:$O$626,12,FALSE)) -> 847500
A14: 6 | B14: MANGUERA DE RADIADOR | C14: 1 | D14: UND | E14: 239060 | F14: 236669.4 | G14: =IF(F14="","",VLOOKUP(B14,PRESUPUESTO!$A$1:$O$626,12,FALSE)) -> #N/A
A15: 7 | B15: ABRAZADERA | C15: 1 | D15: UND | E15: 4244 | F15: 4201.56 | G15: 6500
B16: Alimentación | G16: =IF(F16="","",VLOOKUP(B16,PRESUPUESTO!$A$1:$O$626,12,FALSE))
A17: 8 | B17: FILTRO DE COMBUSTIBLE | C17: 1 | D17: UND | E17: 170710 | F17: 169002.9 | G17: =IF(F17="","",VLOOKUP(B17,PRESUPUESTO!$A$1:$O$626,12,FALSE)) -> 730000
A18: 9 | B18: FILTRO SEPARADOR DE AGUA | C18: 1 | D18: UND | E18: 160895 | F18: 159286.05 | G18: =IF(F18="","",VLOOKUP(B18,PRESUPUESTO!$A$1:$O$626,12,FALSE)) -> 689000
A19: 10 | B19: FILTRO DE AIRE SECUNDARIO | C19: 1 | D19: UND | E19: 116560 | F19: 115394.4 | G19: =IF(F19="","",VLOOKUP(B19,PRESUPUESTO!$A$1:$O$626,12,FALSE)) -> 915000
A20: 11 | B20: FILTRO DE AIRE PRIMARIO | C20: 1 | D20: UND | E20: 116614 | F20: 115447.86 | G20: =IF(F20="","",VLOOKUP(B20,PRESUPUESTO!$A$1:$O$626,12,FALSE)) -> 1291500
A21: 12 | B21: COLADOR COMBUSTIBLE | C21: 1 | D21: UND | E21: 1647010 | F21: 1630539.9 | G21: =IF(F21="","",VLOOKUP(B21,PRESUPUESTO!$A$1:$O$626,12,FALSE)) -> #N/A
B22: Eléctrico motor , Encendido y Arranque | G22: =IF(F22="","",VLOOKUP(B22,PRESUPUESTO!$A$1:$O$626,12,FALSE))
A23: 13 | B23: CORREA DE ALTERNADOR | C23: 1 | D23: UND | E23: 141938 | F23: 140518.62 | G23: =IF(F23="","",VLOOKUP(B23,PRESUPUESTO!$A$1:$O$626,12,FALSE)) -> 441000
A24: 14 | B24: KIT REPARACION ALTERNADOR | C24: 1 | D24: UND | E24: 1579393 | F24: 1563599.1 | G24: =IF(F24="","",VLOOKUP(B24,PRESUPUESTO!$A$1:$O$626,12,FALSE)) -> 881500
A25: 15 | B25: KIT REPARACION DE ARRANQUE | C25: 1 | D25: UND | E25: 1728877 | F25: 1711588.2 | G25: =IF(F25="","",VLOOKUP(B25,PRESUPUESTO!$A$1:$O$626,12,FALSE)) -> #N/A
A26: 16 | B26: BATERIA 30H | C26: 1 | D26: UND | E26: 2057886 | F26: 2037307.1 | G26: =IF(F26="","",VLOOKUP(B26,PRESUPUESTO!$A$1:$O$626,12,FALSE)) -> #N/A
A27: 17 | B27: BORNE DE BATERIA | C27: 1 | D27: UND | E27: 32541 | F27: 32215.59 | G27: =IF(F27="","",VLOOKUP(B27,PRESUPUESTO!$A$1:$O$626,12,FALSE)) -> #N/A
B28: SISTEMA DE TRANSMISION | G28: =IF(F28="","",VLOOKUP(B28,PRESUPUESTO!$A$1:$O$626,12,FALSE))
A29: 18 | B29: CRUCETA CARDÁN | C29: 1 | D29: UND | E29: 1905885 | F29: 1886826.1 | G29: 611000
A30: 19 | B30: KIT DE EMBRAGUE | C30: 1 | D30: KIT | E30: 3973434 | F30: 3933699.7 | G30: =IF(F30="","",VLOOKUP(B30,PRESUPUESTO!$A$1:$O$626,12,FALSE)) -> #N/A
A31: 20 | B31: RODAMIENTO DELANTERO | C31: 1 | D31: UND | E31: 200813 | F31: 198804.87 | G31: 675500
A32: 21 | B32: RODAMIENTO TRASERO | C32: 1 | D32: UND | E32: 320739 | F32: 317531.61 | G32: 527000
B33: SISTEMA DE SUSPENSION | G33: =IF(F33="","",VLOOKUP(B33,PRESUPUESTO!$A$1:$O$626,12,FALSE))
A34: 22 | B34: HOJA RESORTE | C34: 1 | D34: UND | E34: 608956 | F34: 602866.44 | G34: =IF(F34="","",VLOOKUP(B34,PRESUPUESTO!$A$1:$O$626,12,FALSE)) -> #N/A
A35: 23 | B35: PASADOR CENTRAL | C35: 1 | D35: UND | E35: 52308 | F35: 51784.92 | G35: 35500
A36: 24 | B36: GRAPA DE MUELLE | C36: 1 | D36: UND | E36: 72604 | F36: 71877.96 | G36: =IF(F36="","",VLOOKUP(B36,PRESUPUESTO!$A$1:$O$626,12,FALSE)) -> 110500
A37: 25 | B37: AMORTIGUADOR DELANTERO | C37: 1 | D37: UND | E37: 502895 | F37: 497866.05 | G37: =IF(F37="","",VLOOKUP(B37,PRESUPUESTO!$A$1:$O$626,12,FALSE)) -> #N/A
A38: 26 | B38: AMORTIGUADOR TRASERO | C38: 1 | D38: UND | E38: 306623 | F38: 303556.77 | G38: =IF(F38="","",VLOOKUP(B38,PRESUPUESTO!$A$1:$O$626,12,FALSE)) -> #N/A
B39: SISTEMA DE FRENOS | G39: =IF(F39="","",VLOOKUP(B39,PRESUPUESTO!$A$1:$O$626,12,FALSE))
A40: 27 | B40: PASTILLAS DE FRENOS DELANTERA | C40: 1 | D40: JGO | E40: 528540 | F40: 523254.6 | G40: =IF(F40="","",VLOOKUP(B40,PRESUPUESTO!$A$1:$O$626,12,FALSE)) -> #N/A
A41: 28 | B41: BANDAS DE FRENOS TRASERAS | C41: 1 | D41: JGO | E41: 491408 | F41: 486493.92 | G41: =IF(F41="","",VLOOKUP(B41,PRESUPUESTO!$A$1:$O$626,12,FALSE)) -> 962500
A42: 29 | B42: DISCO DE FRENO | C42: 1 | D42: UND | E42: 730235 | F42: 722932.65 | G42: =IF(F42="","",VLOOKUP(B42,PRESUPUESTO!$A$1:$O$626,12,FALSE)) -> #N/A
B43: CAMIONETA CHEVROLET DMAX cc 3000 Diesel Modelo 2012 Placa OVE-357 | G43: =IF(F43="","",VLOOKUP(B43,PRESUPUESTO!$A$1:$O$626,12,FALSE))
B44: MOTOR | G44: =IF(F44="","",VLOOKUP(B44,PRESUPUESTO!$A$1:$O$626,12,FALSE))
B45: Mecánicos del motor | G45: =IF(F45="","",VLOOKUP(B45,PRESUPUESTO!$A$1:$O$626,12,FALSE))
A46: 30 | B46: RETEN TRASERO CIGÜEÑAL | C46: 1 | D46: UND | E46: 406365 | F46: 402301.35 | G46: =IF(F46="","",VLOOKUP(B46,PRESUPUESTO!$A$1:$O$626,12,FALSE)) -> #N/A
A47: 31 | B47: EMPAQUE DE TAPAVALVULAS | C47: 1 | D47: UND | E47: 184177 | F47: 182335.23 | G47: =IF(F47="","",VLOOKUP(B47,PRESUPUESTO!$A$1:$O$626,12,FALSE)) -> #N/A
A48: 32 | B48: SOPORTE DE MOTOR | C48: 1 | D48: UND | E48: 422000 | F48: 417780 | G48: =IF(F48="","",VLOOKUP(B48,PRESUPUESTO!$A$1:$O$626,12,FALSE)) -> 460500
B49: Distribución | G49: =IF(F49="","",VLOOKUP(B49,PRESUPUESTO!$A$1:$O$626,12,FALSE))
A50: 33 | B50: KIT DE DISTRIBUCION | C50: 1 | D50: KIT | E50: 1087574 | F50: 1076698.3 | G50: =IF(F50="","",VLOOKUP(B50,PRESUPUESTO!$A$1:$O$626,12,FALSE)) -> #N/A
B51: Lubricación | G51: =IF(F51="","",VLOOKUP(B51,PRESUPUESTO!$A$1:$O$626,12,FALSE))
A52: 34 | B52: FILTRO DE ACEITE AK-4050 | C52: 1 | D52: UND | E52: 102143 | F52: 101121.57 | G52: =IF(F52="","",VLOOKUP(B52,PRESUPUESTO!$A$1:$O$626,12,FALSE)) -> #N/A
A53: 35 | B53: FILTRO DE AIRE DA-2975 | C53: 1 | D53: UND | E53: 160651 | F53: 159044.49 | G53: =IF(F53="","",VLOOKUP(B53,PRESUPUESTO!$A$1:$O$626,12,FALSE)) -> #N/A
A54: 36 | B54: ACEITE DE MOTOR 15W40 cuarto | C54: 1 | D54: CUARTO | E54: 52804 | F54: 52275.96 | G54: =IF(F54="","",VLOOKUP(B54,PRESUPUESTO!$A$1:$O$626,12,FALSE)) -> #N/A
B55: Refrigeración | G55: =IF(F55="","",VLOOKUP(B55,PRESUPUESTO!$A$1:$O$626,12,FALSE))
A56: 37 | B56: MANTENIMIENTO RADIADOR | C56: 1 | D56: UND | E56: 796866 | F56: 788897.34 | G56: =IF(F56="","",VLOOKUP(B56,PRESUPUESTO!$A$1:$O$626,12,FALSE)) -> 847500
A57: 38 | B57: TAPA DE RADIADOR | C57: 1 | D57: UND | E57: 103403 | F57: 102368.97 | G57: =IF(F57="","",VLOOKUP(B57,PRESUPUESTO!$A$1:$O$626,12,FALSE)) -> 482000
B58: Alimentación | G58: =IF(F58="","",VLOOKUP(B58,PRESUPUESTO!$A$1:$O$626,12,FALSE))
A59: 39 | B59: FILTRO DE COMBUSTIBLE FLP-408 | C59: 1 | D59: UND | E59: 130541 | F59: 129235.59 | G59: =IF(F59="","",VLOOKUP(B59,PRESUPUESTO!$A$1:$O$626,12,FALSE)) -> #N/A
A60: 40 | B60: FILTRO SEPARADOR | C60: 1 | D60: UND | E60: 104494 | F60: 103449.06 | G60: =IF(F60="","",VLOOKUP(B60,PRESUPUESTO!$A$1:$O$626,12,FALSE)) -> #N/A
B61: Eléctrico, Encendido y Arranque | G61: =IF(F61="","",VLOOKUP(B61,PRESUPUESTO!$A$1:$O$626,12,FALSE))
A62: 41 | B62: CORREA ACCESORIOS | C62: 1 | D62: UND | E62: 326376 | F62: 323112.24 | G62: =IF(F62="","",VLOOKUP(B62,PRESUPUESTO!$A$1:$O$626,12,FALSE)) -> #N/A
A63: 42 | B63: CORREA ALTERNADOR | C63: 1 | D63: UND | E63: 151116 | F63: 149604.84 | G63: =IF(F63="","",VLOOKUP(B63,PRESUPUESTO!$A$1:$O$626,12,FALSE)) -> #N/A
A64: 43 | B64: REPARACION ALTERNADOR | C64: 1 | D64: UND | E64: 541614 | F64: 536197.86 | G64: =IF(F64="","",VLOOKUP(B64,PRESUPUESTO!$A$1:$O$626,12,FALSE)) -> #N/A
A65: 44 | B65: REPARACION ARRANQUE | C65: 1 | D65: UND | E65: 616953 | F65: 610783.47 | G65: =IF(F65="","",VLOOKUP(B65,PRESUPUESTO!$A$1:$O$626,12,FALSE)) -> #N/A
A66: 45 | B66: BATERIA | C66: 1 | D66: UND | E66: 1225595 | F66: 1213339.1 | G66: =IF(F66="","",VLOOKUP(B66,PRESUPUESTO!$A$1:$O$626,12,FALSE)) -> #N/A
A67: 46 | B67: BORNE DE BATERIA | C67: 1 | D67: UND | E67: 45047 | F67: 44596.53 | G67: =IF(F67="","",VLOOKUP(B67,PRESUPUESTO!$A$1:$O$626,12,FALSE)) -> #N/A
A68: 47 | B68: BUJIA DE PRECALENTAMIENTO | C68: 1 | D68: UND | E68: 302626 | F68: 299599.74 | G68: =IF(F68="","",VLOOKUP(B68,PRESUPUESTO!$A$1:$O$626,12,FALSE)) -> 398500
A69: 48 | B69: TROMPO DE TEMPERATURA | C69: 1 | D69: UND | E69: 163866 | F69: 162227.34 | G69: =IF(F69="","",VLOOKUP(B69,PRESUPUESTO!$A$1:$O$626,12,FALSE)) -> #N/A
A70: 49 | B70: TROMPO DE ACEITE | C70: 1 | D70: UND | E70: 93846 | F70: 92907.54 | G70: =IF(F70="","",VLOOKUP(B70,PRESUPUESTO!$A$1:$O$626,12,FALSE)) -> #N/A
A71: 50 | B71: TROMPO DE REVERSA | C71: 1 | D71: UND | E71: 157355 | F71: 155781.45 | G71: =IF(F71="","",VLOOKUP(B71,PRESUPUESTO!$A$1:$O$626,12,FALSE)) -> #N/A
B72: SISTEMA DE TRANSMISION | G72: =IF(F72="","",VLOOKUP(B72,PRESUPUESTO!$A$1:$O$626,12,FALSE))
A73: 51 | B73: BOMBA DE CLUTCH PPAL | C73: 1 | D73: UND | E73: 692329 | F73: 685405.71 | G73: =IF(F73="","",VLOOKUP(B73,PRESUPUESTO!$A$1:$O$626,12,FALSE)) -> #N/A
A74: 52 | B74: KIT DE EMBRIAGUE | C74: 1 | D74: KIT | E74: 1714011 | F74: 1696870.9 | G74: =IF(F74="","",VLOOKUP(B74,PRESUPUESTO!$A$1:$O$626,12,FALSE)) -> #N/A
A75: 53 | B75: RETEN DE CAJA | C75: 1 | D75: UND | E75: 125041 | F75: 123790.59 | G75: =IF(F75="","",VLOOKUP(B75,PRESUPUESTO!$A$1:$O$626,12,FALSE)) -> #N/A
A76: 54 | B76: SOPORTE DE CAJA | C76: 1 | D76: UND | E76: 469031 | F76: 464340.69 | G76: =IF(F76="","",VLOOKUP(B76,PRESUPUESTO!$A$1:$O$626,12,FALSE)) -> #N/A
A77: 55 | B77: CRUCETA DE CARDAN | C77: 1 | D77: UND | E77: 153151 | F77: 151619.49 | G77: =IF(F77="","",VLOOKUP(B77,PRESUPUESTO!$A$1:$O$626,12,FALSE)) -> 611000
A78: 56 | B78: RETENEDOR DE RUEDA | C78: 1 | D78: UND | E78: 41579 | F78: 41163.21 | G78: =IF(F78="","",VLOOKUP(B78,PRESUPUESTO!$A$1:$O$626,12,FALSE)) -> 238000
A79: 57 | B79: RODAMIENTO RUEDA DELANTERA | C79: 1 | D79: UND | E79: 134476 | F79: 133131.24 | G79: =IF(F79="","",VLOOKUP(B79,PRESUPUESTO!$A$1:$O$626,12,FALSE)) -> 371000
A80: 58 | B80: RODAMIENTO RUEDA TRASERA | C80: 1 | D80: UND | E80: 314915 | F80: 311765.85 | G80: =IF(F80="","",VLOOKUP(B80,PRESUPUESTO!$A$1:$O$626,12,FALSE)) -> 439000
A81: 59 | B81: ACEITE CAJA cuarto | C81: 1 | D81: CUARTO | E81: 50787 | F81: 50279.13 | G81: =IF(F81="","",VLOOKUP(B81,PRESUPUESTO!$A$1:$O$626,12,FALSE)) -> #N/A
A82: 60 | B82: ACEITE TRANSMISION cuarto | C82: 1 | D82: CUARTO | E82: 50759 | F82: 50251.41 | G82: =IF(F82="","",VLOOKUP(B82,PRESUPUESTO!$A$1:$O$626,12,FALSE)) -> #N/A
B83: SISTEMA DE DIRECCION | G83: =IF(F83="","",VLOOKUP(B83,PRESUPUESTO!$A$1:$O$626,12,FALSE))
A84: 61 | B84: MUÑECO DE BARRA ESTABILIZADORA | C84: 1 | D84: UND | E84: 149651 | F84: 148154.49 | G84: =IF(F84="","",VLOOKUP(B84,PRESUPUESTO!$A$1:$O$626,12,FALSE)) -> #N/A
A85: 62 | B85: ROTULA DE DIRECCION | C85: 1 | D85: UND | E85: 273851 | F85: 271112.49 | G85: =IF(F85="","",VLOOKUP(B85,PRESUPUESTO!$A$1:$O$626,12,FALSE)) -> #N/A
A86: 63 | B86: JUEGO DE TERMINALES DE DIRECCION | C86: 1 | D86: UND | E86: 309983 | F86: 306883.17 | G86: =IF(F86="","",VLOOKUP(B86,PRESUPUESTO!$A$1:$O$626,12,FALSE)) -> #N/A
A87: 64 | B87: ROTULA SUPERIOR | C87: 1 | D87: UND | E87: 295075 | F87: 292124.25 | G87: =IF(F87="","",VLOOKUP(B87,PRESUPUESTO!$A$1:$O$626,12,FALSE)) -> #N/A
A88: 65 | B88: ROTULA INFERIOR | C88: 1 | D88: UND | E88: 414239 | F88: 410096.61 | G88: =IF(F88="","",VLOOKUP(B88,PRESUPUESTO!$A$1:$O$626,12,FALSE)) -> #N/A
A89: 66 | B89: CAJA DIRECCION HIDRAULICA | C89: 1 | D89: UND | E89: 2616829 | F89: 2590660.7 | G89: =IF(F89="","",VLOOKUP(B89,PRESUPUESTO!$A$1:$O$626,12,FALSE)) -> #N/A
A90: 67 | B90: MANGUERA DIR. HIDRAULICA 3800PSI | C90: 1 | D90: UND | E90: 541483 | F90: 536068.17 | G90: =IF(F90="","",VLOOKUP(B90,PRESUPUESTO!$A$1:$O$626,12,FALSE)) -> #N/A
A91: 68 | B91: ACEITE HIDRAULICO DIRECCION | C91: 1 | D91: CUARTO | E91: 100918 | F91: 99908.82 | G91: =IF(F91="","",VLOOKUP(B91,PRESUPUESTO!$A$1:$O$626,12,FALSE)) -> #N/A
B92: SISTEMA DE SUSPENSION | G92: =IF(F92="","",VLOOKUP(B92,PRESUPUESTO!$A$1:$O$626,12,FALSE))
A93: 69 | B93: AMORTIGUADOR DELANTERO | C93: 1 | D93: JGO | E93: 912064 | F93: 902943.36 | G93: =IF(F93="","",VLOOKUP(B93,PRESUPUESTO!$A$1:$O$626,12,FALSE)) -> #N/A
A94: 70 | B94: AMORTIGUADOR TRASERO | C94: 1 | D94: JGO | E94: 841009 | F94: 832598.91 | G94: =IF(F94="","",VLOOKUP(B94,PRESUPUESTO!$A$1:$O$626,12,FALSE)) -> #N/A
A95: 71 | B95: BUJE HOJAS DE RESORTE | C95: 1 | D95: UND | E95: 85014 | F95: 84163.86 | G95: =IF(F95="","",VLOOKUP(B95,PRESUPUESTO!$A$1:$O$626,12,FALSE)) -> #N/A
A96: 72 | B96: HOJA PRINCIPAL | C96: 1 | D96: UND | E96: 405047 | F96: 400996.53 | G96: =IF(F96="","",VLOOKUP(B96,PRESUPUESTO!$A$1:$O$626,12,FALSE)) -> #N/A
A97: 73 | B97: HOJA RESORTE | C97: 1 | D97: UND | E97: 338698 | F97: 335311.02 | G97: =IF(F97="","",VLOOKUP(B97,PRESUPUESTO!$A$1:$O$626,12,FALSE)) -> #N/A
A98: 74 | B98: PASADOR CENTRAL | C98: 1 | D98: UND | E98: 28148 | F98: 27866.52 | G98: =IF(F98="","",VLOOKUP(B98,PRESUPUESTO!$A$1:$O$626,12,FALSE)) -> 71000
A99: 75 | B99: BALANCIN DE MUELLE | C99: 1 | D99: UND | E99: 546988 | F99: 541518.12 | G99: =IF(F99="","",VLOOKUP(B99,PRESUPUESTO!$A$1:$O$626,12,FALSE)) -> #N/A
A100: 76 | B100: GRAPA HOJA DE RESORTE | C100: 1 | D100: UND | E100: 126631 | F100: 125364.69 | G100: =IF(F100="","",VLOOKUP(B100,PRESUPUESTO!$A$1:$O$626,12,FALSE)) -> #N/A
A101: 77 | B101: PASADOR TIJERA SUPERIOR | C101: 1 | D101: UND | E101: 196946 | F101: 194976.54 | G101: =IF(F101="","",VLOOKUP(B101,PRESUPUESTO!$A$1:$O$626,12,FALSE)) -> #N/A
A102: 78 | B102: BUJES DE TIJERA SUPERIOR | C102: 1 | D102: UND | E102: 107126 | F102: 106054.74 | G102: =IF(F102="","",VLOOKUP(B102,PRESUPUESTO!$A$1:$O$626,12,FALSE)) -> #N/A
...

Sheet PRESUPUESTO
A1: SERVICIOS | B1: TRACTO DIESEL BOMBEROS | E1: CATERCOL | H1: COMERCIALIZADORA ARTEAGA | L1: MEDIANA | M1: PROMEDIO | N1: DESVIACION ESTANDAR | O1: COEFICIENTE DE VARIACIÓN | Q1: PRECIO CONTRATADO 2025 | R1: INCREMENTO PORCENTUAL RESPECTO A LA MEDIANA | S1: PRECIO TECHO ESTABLECIDO | U1: CRUCE 1 | V1: CRUCE 2
A2: ESCANEO ELECTRONICO | B2: 331513 | C2: 62987 | D2: 394500 | E2: 311765 | F2: 59235 | G2: 371000 | H2: 313025 | I2: 59475 | J2: 372500 | L2: =IF(D2="","",MEDIAN(D2,G2,J2)) -> 372500 | M2: =IF(D2="","",AVERAGE(D2,G2,J2)) -> 379333.33 | N2: =IF(D2="","",_xlfn.STDEV.S(D2,G2,J2)) -> 13156.114 | O2: =IF(D2="","",N2/M2) -> 0.034682198 | P2: =+MAX(O2:O626) -> 0.27728051 | Q2: =+VLOOKUP(A2,'PRECIOS 2025 VS 2026'!$B$7:$G$1477,5,FALSE) -> 369748.17 | R2: =+(L2-Q2)/Q2 -> 0.0074424439 | S2: =IF(ISNA(R2),MIN(D2,G2,J2),IF(R2<=5.1%,L2,Q2*1.051)) -> 372500 | U2: =+VLOOKUP(A2,'GRUPO 1'!$A$3:$F$440,5,FALSE) -> #N/A | V2: =+VLOOKUP(A2,'GRUPO 3'!$B$3:$F$1178,5,FALSE) -> #N/A | W2: =+ROUND((B2*1.19)-D2,0) -> 0 | X2: =ROUND((E2*1.19)-G2,0) -> 0 | Y2: =ROUND((H2*1.19)-J2,0) -> 0
A3: CAMBIO DE ACEITE MOTOR | B3: 1403361 | C3: 266639 | D3: 1670000 | E3: 1256303 | F3: 238697 | G3: 1495000 | H3: 1401261 | I3: 266239 | J3: 1667500 | L3: =IF(D3="","",MEDIAN(D3,G3,J3)) -> 1667500 | M3: =IF(D3="","",AVERAGE(D3,G3,J3)) -> 1610833.3 | N3: =IF(D3="","",_xlfn.STDEV.S(D3,G3,J3)) -> 100322.4 | O3: =IF(D3="","",N3/M3) -> 0.062279812 | Q3: =+VLOOKUP(A3,'PRECIOS 2025 VS 2026'!$B$7:$G$1477,5,FALSE) -> #N/A | R3: =+(L3-Q3)/Q3 -> #N/A | S3: =IF(ISNA(R3),MIN(D3,G3,J3),IF(R3<=5.1%,L3,Q3*1.051)) -> 1495000 | U3: =+VLOOKUP(A3,'GRUPO 1'!$A$3:$F$440,5,FALSE) -> #N/A | V3: =+VLOOKUP(A3,'GRUPO 3'!$B$3:$F$1178,5,FALSE) -> #N/A | W3: =+ROUND((B3*1.19)-D3,0) -> 0 | X3: =ROUND((E3*1.19)-G3,0) -> 1 | Y3: =ROUND((H3*1.19)-J3,0) -> 1
A4: ALINEACION Y BALANCEO | B4: 335294 | C4: 63706 | D4: 399000 | E4: 311765 | F4: 59235 | G4: 371000 | H4: 300000 | I4: 57000 | J4: 357000 | L4: =IF(D4="","",MEDIAN(D4,G4,J4)) -> 371000 | M4: =IF(D4="","",AVERAGE(D4,G4,J4)) -> 375666.67 | N4: =IF(D4="","",_xlfn.STDEV.S(D4,G4,J4)) -> 21385.353 | O4: =IF(D4="","",N4/M4) -> 0.056926406 | Q4: =+VLOOKUP(A4,'PRECIOS 2025 VS 2026'!$B$7:$G$1477,5,FALSE) -> 356067.36 | R4: =+(L4-Q4)/Q4 -> 0.041937683 | S4: =IF(ISNA(R4),MIN(D4,G4,J4),IF(R4<=5.1%,L4,Q4*1.051)) -> 371000 | U4: =+VLOOKUP(A4,'GRUPO 1'!$A$3:$F$440,5,FALSE) -> #N/A | V4: =+VLOOKUP(A4,'GRUPO 3'!$B$3:$F$1178,5,FALSE) -> #N/A | W4: =+ROUND((B4*1.19)-D4,0) -> 0 | X4: =ROUND((E4*1.19)-G4,0) -> 0 | Y4: =ROUND((H4*1.19)-J4,0) -> 0
A5: MANO DE OBRA MECANICO DIESEL | B5: 439916 | C5: 83584 | D5: 523500 | E5: 389916 | F5: 74084 | G5: 464000 | H5: 431513 | I5: 81987 | J5: 513500 | L5: =IF(D5="","",MEDIAN(D5,G5,J5)) -> 513500 | M5: =IF(D5="","",AVERAGE(D5,G5,J5)) -> 500333.33 | N5: =IF(D5="","",_xlfn.STDEV.S(D5,G5,J5)) -> 31860.372 | O5: =IF(D5="","",N5/M5) -> 0.063678293 | Q5: =+VLOOKUP(A5,'PRECIOS 2025 VS 2026'!$B$7:$G$1477,5,FALSE) -> 339902.64 | R5: =+(L5-Q5)/Q5 -> 0.51072672 | S5: =IF(ISNA(R5),MIN(D5,G5,J5),IF(R5<=5.1%,L5,Q5*1.051)) -> 357237.67 | U5: =+VLOOKUP(A5,'GRUPO 1'!$A$3:$F$440,5,FALSE) -> #N/A | V5: =+VLOOKUP(A5,'GRUPO 3'!$B$3:$F$1178,5,FALSE) -> #N/A | W5: =+ROUND((B5*1.19)-D5,0) -> 0 | X5: =ROUND((E5*1.19)-G5,0) -> 0 | Y5: =ROUND((H5*1.19)-J5,0) -> 0
A6: MANO DE OBRA MECANICO GASOLINA | B6: 351261 | C6: 66739 | D6: 418000 | E6: 298319 | F6: 56681 | G6: 355000 | H6: 325210 | I6: 61790 | J6: 387000 | L6: =IF(D6="","",MEDIAN(D6,G6,J6)) -> 387000 | M6: =IF(D6="","",AVERAGE(D6,G6,J6)) -> 386666.67 | N6: =IF(D6="","",_xlfn.STDEV.S(D6,G6,J6)) -> 31501.323 | O6: =IF(D6="","",N6/M6) -> 0.081468938 | Q6: =+VLOOKUP(A6,'PRECIOS 2025 VS 2026'!$B$7:$G$1477,5,FALSE) -> 285745.68 | R6: =+(L6-Q6)/Q6 -> 0.35435118 | S6: =IF(ISNA(R6),MIN(D6,G6,J6),IF(R6<=5.1%,L6,Q6*1.051)) -> 300318.71 | U6: =+VLOOKUP(A6,'GRUPO 1'!$A$3:$F$440,5,FALSE) -> #N/A | V6: =+VLOOKUP(A6,'GRUPO 3'!$B$3:$F$1178,5,FALSE) -> #N/A | W6: =+ROUND((B6*1.19)-D6,0) -> 1 | X6: =ROUND((E6*1.19)-G6,0) -> 0 | Y6: =ROUND((H6*1.19)-J6,0) -> 0
A7: MANO DE OBRA MECANICO ELECTRICISTA | B7: 314286 | C7: 59714 | D7: 374000 | E7: 309244 | F7: 58756 | G7: 368000 | H7: 305042 | I7: 57958 | J7: 363000 | L7: =IF(D7="","",MEDIAN(D7,G7,J7)) -> 368000 | M7: =IF(D7="","",AVERAGE(D7,G7,J7)) -> 368333.33 | N7: =IF(D7="","",_xlfn.STDEV.S(D7,G7,J7)) -> 5507.5705 | O7: =IF(D7="","",N7/M7) -> 0.01495268 | Q7: =+VLOOKUP(A7,'PRECIOS 2025 VS 2026'!$B$7:$G$1477,5,FALSE) -> 268486.02 | R7: =+(L7-Q7)/Q7 -> 0.37064865 | S7: =IF(ISNA(R7),MIN(D7,G7,J7),IF(R7<=5.1%,L7,Q7*1.051)) -> 282178.81 | U7: =+VLOOKUP(A7,'GRUPO 1'!$A$3:$F$440,5,FALSE) -> #N/A | V7: =+VLOOKUP(A7,'GRUPO 3'!$B$3:$F$1178,5,FALSE) -> #N/A | W7: =+ROUND((B7*1.19)-D7,0) -> 0 | X7: =ROUND((E7*1.19)-G7,0) -> 0 | Y7: =ROUND((H7*1.19)-J7,0) -> 0
A8: MANO DE OBRA MECATRONICO | B8: 383613 | C8: 72887 | D8: 456500 | E8: 347059 | F8: 65941 | G8: 413000 | H8: 369328 | I8: 70172 | J8: 439500 | L8: =IF(D8="","",MEDIAN(D8,G8,J8)) -> 439500 | M8: =IF(D8="","",AVERAGE(D8,G8,J8)) -> 436333.33 | N8: =IF(D8="","",_xlfn.STDEV.S(D8,G8,J8)) -> 21922.211 | O8: =IF(D8="","",N8/M8) -> 0.050241889 | Q8: =+VLOOKUP(A8,'PRECIOS 2025 VS 2026'!$B$7:$G$1477,5,FALSE) -> 316119.87 | R8: =+(L8-Q8)/Q8 -> 0.3902954 | S8: =IF(ISNA(R8),MIN(D8,G8,J8),IF(R8<=5.1%,L8,Q8*1.051)) -> 332241.98 | U8: =+VLOOKUP(A8,'GRUPO 1'!$A$3:$F$440,5,FALSE) -> #N/A | V8: =+VLOOKUP(A8,'GRUPO 3'!$B$3:$F$1178,5,FALSE) -> #N/A | W8: =+ROUND((B8*1.19)-D8,0) -> -1 | X8: =ROUND((E8*1.19)-G8,0) -> 0 | Y8: =ROUND((H8*1.19)-J8,0) -> 0
A9: MANO DE OBRA SISTEMA CONTRAINCENDIO | B9: 702941 | C9: 133559 | D9: 836500 | E9: 626050 | F9: 118950 | G9: 745000 | H9: 686134 | I9: 130366 | J9: 816500 | L9: =IF(D9="","",MEDIAN(D9,G9,J9)) -> 816500 | M9: =IF(D9="","",AVERAGE(D9,G9,J9)) -> 799333.33 | N9: =IF(D9="","",_xlfn.STDEV.S(D9,G9,J9)) -> 48104.92 | O9: =IF(D9="","",N9/M9) -> 0.060181301 | Q9: =+VLOOKUP(A9,'PRECIOS 2025 VS 2026'!$B$7:$G$1477,5,FALSE) -> 541539.9 | R9: =+(L9-Q9)/Q9 -> 0.50773747 | S9: =IF(ISNA(R9),MIN(D9,G9,J9),IF(R9<=5.1%,L9,Q9*1.051)) -> 569158.43 | U9: =+VLOOKUP(A9,'GRUPO 1'!$A$3:$F$440,5,FALSE) -> #N/A | V9: =+VLOOKUP(A9,'GRUPO 3'!$B$3:$F$1178,5,FALSE) -> #N/A | W9: =+ROUND((B9*1.19)-D9,0) -> 0 | X9: =ROUND((E9*1.19)-G9,0) -> -1 | Y9: =ROUND((H9*1.19)-J9,0) -> -1
A10: CAMBIO DE ACEITE TRASMISION MECANICA O AUTOMATICA | B10: 1662605 | C10: 315895 | D10: 1978500 | E10: 1264706 | F10: 240294 | G10: 1505000 | H10: 1537815 | I10: 292185 | J10: 1830000 | L10: =IF(D10="","",MEDIAN(D10,G10,J10)) -> 1830000 | M10: =IF(D10="","",AVERAGE(D10,G10,J10)) -> 1771166.7 | N10: =IF(D10="","",_xlfn.STDEV.S(D10,G10,J10)) -> 242170.57 | O10: =IF(D10="","",N10/M10) -> 0.13672941 | Q10: =+VLOOKUP(A10,'PRECIOS 2025 VS 2026'!$B$7:$G$1477,5,FALSE) -> #N/A | R10: =+(L10-Q10)/Q10 -> #N/A | S10: =IF(ISNA(R10),MIN(D10,G10,J10),IF(R10<=5.1%,L10,Q10*1.051)) -> 1505000 | U10: =+VLOOKUP(A10,'GRUPO 1'!$A$3:$F$440,5,FALSE) -> #N/A | V10: =+VLOOKUP(A10,'GRUPO 3'!$B$3:$F$1178,5,FALSE) -> #N/A | W10: =+ROUND((B10*1.19)-D10,0) -> 0 | X10: =ROUND((E10*1.19)-G10,0) -> 0 | Y10: =ROUND((H10*1.19)-J10,0) -> 0
A11: CAMBIO DE ACEITE MOTOR | E11: 1256303 | F11: 238697 | G11: 1495000 | L11: =IF(D11="","",MEDIAN(D11,G11,J11)) | M11: =IF(D11="","",AVERAGE(D11,G11,J11)) | N11: =IF(D11="","",_xlfn.STDEV.S(D11,G11,J11)) | O11: =IF(D11="","",N11/M11) | Q11: =+VLOOKUP(A11,'PRECIOS 2025 VS 2026'!$B$7:$G$1477,5,FALSE) -> #N/A | R11: =+(L11-Q11)/Q11 -> #VALUE! | U11: =+VLOOKUP(A11,'GRUPO 1'!$A$3:$F$440,5,FALSE) -> #N/A | V11: =+VLOOKUP(A11,'GRUPO 3'!$B$3:$F$1178,5,FALSE) -> #N/A | W11: =+ROUND((B11*1.19)-D11,0) -> 0 | X11: =ROUND((E11*1.19)-G11,0) -> 1 | Y11: =ROUND((H11*1.19)-J11,0) -> 0
A12: CAMBIO DE ACEITA CAJA TRASFERENCIA DE BOMBA | B12: 1474370 | C12: 280130 | D12: 1754500 | E12: 1264706 | F12: 240294 | G12: 1505000 | H12: 1565966 | I12: 297534 | J12: 1863500 | L12: =IF(D12="","",MEDIAN(D12,G12,J12)) -> 1754500 | M12: =IF(D12="","",AVERAGE(D12,G12,J12)) -> 1707666.7 | N12: =IF(D12="","",_xlfn.STDEV.S(D12,G12,J12)) -> 183781.35 | O12: =IF(D12="","",N12/M12) -> 0.10762132 | Q12: =+VLOOKUP(A12,'PRECIOS 2025 VS 2026'!$B$7:$G$1477,5,FALSE) -> #N/A | R12: =+(L12-Q12)/Q12 -> #N/A | S12: =IF(ISNA(R12),MIN(D12,G12,J12),IF(R12<=5.1%,L12,Q12*1.051)) -> 1505000 | U12: =+VLOOKUP(A12,'GRUPO 1'!$A$3:$F$440,5,FALSE) -> #N/A | V12: =+VLOOKUP(A12,'GRUPO 3'!$B$3:$F$1178,5,FALSE) -> #N/A | W12: =+ROUND((B12*1.19)-D12,0) -> 0 | X12: =ROUND((E12*1.19)-G12,0) -> 0 | Y12: =ROUND((H12*1.19)-J12,0) -> 0
A13: CAMBIO DE ACEITE DE DIFERENCIAL | B13: 1476050 | C13: 280450 | D13: 1756500 | E13: 1264706 | F13: 240294 | G13: 1505000 | H13: 1539496 | I13: 292504 | J13: 1832000 | L13: =IF(D13="","",MEDIAN(D13,G13,J13)) -> 1756500 | M13: =IF(D13="","",AVERAGE(D13,G13,J13)) -> 1697833.3 | N13: =IF(D13="","",_xlfn.STDEV.S(D13,G13,J13)) -> 171212.1 | O13: =IF(D13="","",N13/M13) -> 0.10084152 | Q13: =+VLOOKUP(A13,'PRECIOS 2025 VS 2026'!$B$7:$G$1477,5,FALSE) -> #N/A | R13: =+(L13-Q13)/Q13 -> #N/A | S13: =IF(ISNA(R13),MIN(D13,G13,J13),IF(R13<=5.1%,L13,Q13*1.051)) -> 1505000 | U13: =+VLOOKUP(A13,'GRUPO 1'!$A$3:$F$440,5,FALSE) -> #N/A | V13: =+VLOOKUP(A13,'GRUPO 3'!$B$3:$F$1178,5,FALSE) -> #N/A | W13: =+ROUND((B13*1.19)-D13,0) -> -1 | X13: =ROUND((E13*1.19)-G13,0) -> 0 | Y13: =ROUND((H13*1.19)-J13,0) -> 0
A14: ENGRASE GENERAL | B14: 175630 | C14: 33370 | D14: 209000 | E14: 184034 | F14: 34966 | G14: 219000 | H14: 172689 | I14: 32811 | J14: 205500 | L14: =IF(D14="","",MEDIAN(D14,G14,J14)) -> 209000 | M14: =IF(D14="","",AVERAGE(D14,G14,J14)) -> 211166.67 | N14: =IF(D14="","",_xlfn.STDEV.S(D14,G14,J14)) -> 7005.9499 | O14: =IF(D14="","",N14/M14) -> 0.033177347 | Q14: =+VLOOKUP(A14,'PRECIOS 2025 VS 2026'!$B$7:$G$1477,5,FALSE) -> #N/A | R14: =+(L14-Q14)/Q14 -> #N/A | S14: =IF(ISNA(R14),MIN(D14,G14,J14),IF(R14<=5.1%,L14,Q14*1.051)) -> 205500 | U14: =+VLOOKUP(A14,'GRUPO 1'!$A$3:$F$440,5,FALSE) -> #N/A | V14: =+VLOOKUP(A14,'GRUPO 3'!$B$3:$F$1178,5,FALSE) -> #N/A | W14: =+ROUND((B14*1.19)-D14,0) -> 0 | X14: =ROUND((E14*1.19)-G14,0) -> 0 | Y14: =ROUND((H14*1.19)-J14,0) -> 0
A15: CAMBIO Y ROTACION DE LLANTAS | B15: 226471 | C15: 43029 | D15: 269500 | E15: 217647 | F15: 41353 | G15: 259000 | H15: 226471 | I15: 43029 | J15: 269500 | L15: =IF(D15="","",MEDIAN(D15,G15,J15)) -> 269500 | M15: =IF(D15="","",AVERAGE(D15,G15,J15)) -> 266000 | N15: =IF(D15="","",_xlfn.STDEV.S(D15,G15,J15)) -> 6062.1778 | O15: =IF(D15="","",N15/M15) -> 0.022790142 | Q15: =+VLOOKUP(A15,'PRECIOS 2025 VS 2026'!$B$7:$G$1477,5,FALSE) -> #N/A | R15: =+(L15-Q15)/Q15 -> #N/A | S15: =IF(ISNA(R15),MIN(D15,G15,J15),IF(R15<=5.1%,L15,Q15*1.051)) -> 259000 | U15: =+VLOOKUP(A15,'GRUPO 1'!$A$3:$F$440,5,FALSE) -> #N/A | V15: =+VLOOKUP(A15,'GRUPO 3'!$B$3:$F$1178,5,FALSE) -> #N/A | W15: =+ROUND((B15*1.19)-D15,0) -> 0 | X15: =ROUND((E15*1.19)-G15,0) -> 0 | Y15: =ROUND((H15*1.19)-J15,0) -> 0
A16: REGRABAR LLANTAS | B16: 690756 | C16: 131244 | D16: 822000 | E16: 714286 | F16: 135714 | G16: 850000 | H16: 750420 | I16: 142580 | J16: 893000 | L16: =IF(D16="","",MEDIAN(D16,G16,J16)) -> 850000 | M16: =IF(D16="","",AVERAGE(D16,G16,J16)) -> 855000 | N16: =IF(D16="","",_xlfn.STDEV.S(D16,G16,J16)) -> 35763.109 | O16: =IF(D16="","",N16/M16) -> 0.041828198 | Q16: =+VLOOKUP(A16,'PRECIOS 2025 VS 2026'!$B$7:$G$1477,5,FALSE) -> #N/A | R16: =+(L16-Q16)/Q16 -> #N/A | S16: =IF(ISNA(R16),MIN(D16,G16,J16),IF(R16<=5.1%,L16,Q16*1.051)) -> 822000 | U16: =+VLOOKUP(A16,'GRUPO 1'!$A$3:$F$440,5,FALSE) -> #N/A | V16: =+VLOOKUP(A16,'GRUPO 3'!$B$3:$F$1178,5,FALSE) -> #N/A | W16: =+ROUND((B16*1.19)-D16,0) -> 0 | X16: =ROUND((E16*1.19)-G16,0) -> 0 | Y16: =ROUND((H16*1.19)-J16,0) -> 0
A17: CARGA DE AIRE ACONDICIONADO | B17: 1560504 | C17: 296496 | D17: 1857000 | E17: 1512605 | F17: 287395 | G17: 1800000 | H17: 1752101 | I17: 332899 | J17: 2085000 | L17: =IF(D17="","",MEDIAN(D17,G17,J17)) -> 1857000 | M17: =IF(D17="","",AVERAGE(D17,G17,J17)) -> 1914000 | N17: =IF(D17="","",_xlfn.STDEV.S(D17,G17,J17)) -> 150807.82 | O17: =IF(D17="","",N17/M17) -> 0.078791967 | Q17: =+VLOOKUP(A17,'PRECIOS 2025 VS 2026'!$B$7:$G$1477,5,FALSE) -> 478387.8 | R17: =+(L17-Q17)/Q17 -> 2.881788 | S17: =IF(ISNA(R17),MIN(D17,G17,J17),IF(R17<=5.1%,L17,Q17*1.051)) -> 502785.58 | U17: =+VLOOKUP(A17,'GRUPO 1'!$A$3:$F$440,5,FALSE) -> #N/A | V17: =+VLOOKUP(A17,'GRUPO 3'!$B$3:$F$1178,5,FALSE) -> #N/A | W17: =+ROUND((B17*1.19)-D17,0) -> 0 | X17: =ROUND((E17*1.19)-G17,0) -> 0 | Y17: =ROUND((H17*1.19)-J17,0) -> 0
A18: VULCANIZADA DE LLANTAS | B18: 110084 | C18: 20916 | D18: 131000 | E18: 105882 | F18: 20118 | G18: 126000 | H18: 102101 | I18: 19399 | J18: 121500 | L18: =IF(D18="","",MEDIAN(D18,G18,J18)) -> 126000 | M18: =IF(D18="","",AVERAGE(D18,G18,J18)) -> 126166.67 | N18: =IF(D18="","",_xlfn.STDEV.S(D18,G18,J18)) -> 4752.1925 | O18: =IF(D18="","",N18/M18) -> 0.037665991 | Q18: =+VLOOKUP(A18,'PRECIOS 2025 VS 2026'!$B$7:$G$1477,5,FALSE) -> #N/A | R18: =+(L18-Q18)/Q18 -> #N/A | S18: =IF(ISNA(R18),MIN(D18,G18,J18),IF(R18<=5.1%,L18,Q18*1.051)) -> 121500 | U18: =+VLOOKUP(A18,'GRUPO 1'!$A$3:$F$440,5,FALSE) -> #N/A | V18: =+VLOOKUP(A18,'GRUPO 3'!$B$3:$F$1178,5,FALSE) -> #N/A | W18: =+ROUND((B18*1.19)-D18,0) -> 0 | X18: =ROUND((E18*1.19)-G18,0) -> 0 | Y18: =ROUND((H18*1.19)-J18,0) -> 0
A19: SERVICIO DE LATONERIA Y PINTURA | B19: 10204622 | C19: 1938878 | D19: 12143500 | E19: 11424370 | F19: 2170630 | G19: 13595000 | H19: 10151261 | I19: 1928739 | J19: 12080000 | L19: =IF(D19="","",MEDIAN(D19,G19,J19)) -> 12143500 | M19: =IF(D19="","",AVERAGE(D19,G19,J19)) -> 12606167 | N19: =IF(D19="","",_xlfn.STDEV.S(D19,G19,J19)) -> 856943.16 | O19: =IF(D19="","",N19/M19) -> 0.067978092 | Q19: =+VLOOKUP(A19,'PRECIOS 2025 VS 2026'!$B$7:$G$1477,5,FALSE) -> #N/A | R19: =+(L19-Q19)/Q19 -> #N/A | S19: =IF(ISNA(R19),MIN(D19,G19,J19),IF(R19<=5.1%,L19,Q19*1.051)) -> 12080000 | U19: =+VLOOKUP(A19,'GRUPO 1'!$A$3:$F$440,5,FALSE) -> #N/A | V19: =+VLOOKUP(A19,'GRUPO 3'!$B$3:$F$1178,5,FALSE) -> #N/A | W19: =+ROUND((B19*1.19)-D19,0) -> 0 | X19: =ROUND((E19*1.19)-G19,0) -> 0 | Y19: =ROUND((H19*1.19)-J19,0) -> 1
A20: FABRICACION E INSTALACION DE LOGOS PUERTA | B20: 1591176 | C20: 302324 | D20: 1893500 | E20: 1512605 | F20: 287395 | G20: 1800000 | H20: 1628571 | I20: 309429 | J20: 1938000 | L20: =IF(D20="","",MEDIAN(D20,G20,J20)) -> 1893500 | M20: =IF(D20="","",AVERAGE(D20,G20,J20)) -> 1877166.7 | N20: =IF(D20="","",_xlfn.STDEV.S(D20,G20,J20)) -> 70434.958 | O20: =IF(D20="","",N20/M20) -> 0.037521952 | Q20: =+VLOOKUP(A20,'PRECIOS 2025 VS 2026'!$B$7:$G$1477,5,FALSE) -> 1312906.3 | R20: =+(L20-Q20)/Q20 -> 0.44222019 | S20: =IF(ISNA(R20),MIN(D20,G20,J20),IF(R20<=5.1%,L20,Q20*1.051)) -> 1379864.5 | U20: =+VLOOKUP(A20,'GRUPO 1'!$A$3:$F$440,5,FALSE) -> #N/A | V20: =+VLOOKUP(A20,'GRUPO 3'!$B$3:$F$1178,5,FALSE) -> #N/A | W20: =+ROUND((B20*1.19)-D20,0) -> -1 | X20: =ROUND((E20*1.19)-G20,0) -> 0 | Y20: =ROUND((H20*1.19)-J20,0) -> -1
A21: CAMBIO DE PASTILLAS | B21: 725630 | C21: 137870 | D21: 863500 | E21: 714286 | F21: 135714 | G21: 850000 | H21: 712605 | I21: 135395 | J21: 848000 | L21: =IF(D21="","",MEDIAN(D21,G21,J21)) -> 850000 | M21: =IF(D21="","",AVERAGE(D21,G21,J21)) -> 853833.33 | N21: =IF(D21="","",_xlfn.STDEV.S(D21,G21,J21)) -> 8431.0932 | O21: =IF(D21="","",N21/M21) -> 0.0098744016 | Q21: =+VLOOKUP(A21,'PRECIOS 2025 VS 2026'!$B$7:$G$1477,5,FALSE) -> #N/A | R21: =+(L21-Q21)/Q21 -> #N/A | S21: =IF(ISNA(R21),MIN(D21,G21,J21),IF(R21<=5.1%,L21,Q21*1.051)) -> 848000 | U21: =+VLOOKUP(A21,'GRUPO 1'!$A$3:$F$440,5,FALSE) -> #N/A | V21: =+VLOOKUP(A21,'GRUPO 3'!$B$3:$F$1178,5,FALSE) -> #N/A | W21: =+ROUND((B21*1.19)-D21,0) -> 0 | X21: =ROUND((E21*1.19)-G21,0) -> 0 | Y21: =ROUND((H21*1.19)-J21,0) -> 0
A22: CAMBIO DE BANDAS | B22: 559244 | C22: 106256 | D22: 665500 | E22: 584034 | F22: 110966 | G22: 695000 | H22: 608824 | I22: 115676 | J22: 724500 | L22: =IF(D22="","",MEDIAN(D22,G22,J22)) -> 695000 | M22: =IF(D22="","",AVERAGE(D22,G22,J22)) -> 695000 | N22: =IF(D22="","",_xlfn.STDEV.S(D22,G22,J22)) -> 29500 | O22: =IF(D22="","",N22/M22) -> 0.042446043 | Q22: =+VLOOKUP(A22,'PRECIOS 2025 VS 2026'!$B$7:$G$1477,5,FALSE) -> #N/A | R22: =+(L22-Q22)/Q22 -> #N/A | S22: =IF(ISNA(R22),MIN(D22,G22,J22),IF(R22<=5.1%,L22,Q22*1.051)) -> 665500 | U22: =+VLOOKUP(A22,'GRUPO 1'!$A$3:$F$440,5,FALSE) -> #N/A | V22: =+VLOOKUP(A22,'GRUPO 3'!$B$3:$F$1178,5,FALSE) -> #N/A | W22: =+ROUND((B22*1.19)-D22,0) -> 0 | X22: =ROUND((E22*1.19)-G22,0) -> 0 | Y22: =ROUND((H22*1.19)-J22,0) -> 1
A23: CAMBIO SISTEMA DE EMBRAGUE | B23: 5865126 | C23: 1114374 | D23: 6979500 | E23: 6084034 | F23: 1155966 | G23: 7240000 | H23: 5276471 | I23: 1002529 | J23: 6279000 | L23: =IF(D23="","",MEDIAN(D23,G23,J23)) -> 6979500 | M23: =IF(D23="","",AVERAGE(D23,G23,J23)) -> 6832833.3 | N23: =IF(D23="","",_xlfn.STDEV.S(D23,G23,J23)) -> 497004.61 | O23: =IF(D23="","",N23/M23) -> 0.072737704 | Q23: =+VLOOKUP(A23,'PRECIOS 2025 VS 2026'!$B$7:$G$1477,5,FALSE) -> #N/A | R23: =+(L23-Q23)/Q23 -> #N/A | S23: =IF(ISNA(R23),MIN(D23,G23,J23),IF(R23<=5.1%,L23,Q23*1.051)) -> 6279000 | U23: =+VLOOKUP(A23,'GRUPO 1'!$A$3:$F$440,5,FALSE) -> #N/A | V23: =+VLOOKUP(A23,'GRUPO 3'!$B$3:$F$1178,5,FALSE) -> #N/A | W23: =+ROUND((B23*1.19)-D23,0) -> 0 | X23: =ROUND((E23*1.19)-G23,0) -> 0 | Y23: =ROUND((H23*1.19)-J23,0) -> 0
... A26: ATENCION DE EMERGENCIAS MECANICAS 24/7 | B26: 1659664 | C26: 315336 | D26: 1975000 | E26: 1512605 | F26: 287395 | G26: 1800000 | H26: 1752521 | I26: 332979 | J26: 2085500 | L26: =IF(D26="","",MEDIAN(D26,G26,J26)) -> 1975000 | M26: =IF(D26="","",AVERAGE(D26,G26,J26)) -> 1953500 | N26: =IF(D26="","",_xlfn.STDEV.S(D26,G26,J26)) -> 143959.2 | O26: =IF(D26="","",N26/M26) -> 0.073692959 | Q26: =+VLOOKUP(A26,'PRECIOS 2025 VS 2026'!$B$7:$G$1477,5,FALSE) -> #N/A | R26: =+(L26-Q26)/Q26 -> #N/A | S26: =IF(ISNA(R26),MIN(D26,G26,J26),IF(R26<=5.1%,L26,Q26*1.051)) -> 1800000 | U26: =+VLOOKUP(A26,'GRUPO 1'!$A$3:$F$440,5,FALSE) -> #N/A | V26: =+VLOOKUP(A26,'GRUPO 3'!$B$3:$F$1178,5,FALSE) -> #N/A | W26: =+ROUND((B26*1.19)-D26,0) -> 0 | X26: =ROUND((E26*1.19)-G26,0) -> 0 | Y26: =ROUND((H26*1.19)-J26,0) -> 0
A27: DESCRIPCION | L27: =IF(D27="","",MEDIAN(D27,G27,J27)) | M27: =IF(D27="","",AVERAGE(D27,G27,J27)) | N27: =IF(D27="","",_xlfn.STDEV.S(D27,G27,J27)) | O27: =IF(D27="","",N27/M27) | Q27: =+VLOOKUP(A27,'PRECIOS 2025 VS 2026'!$B$7:$G$1477,5,FALSE) -> #N/A | R27: =+(L27-Q27)/Q27 -> #VALUE! | U27: =+VLOOKUP(A27,'GRUPO 1'!$A$3:$F$440,5,FALSE) -> #N/A | V27: =+VLOOKUP(A27,'GRUPO 3'!$B$3:$F$1178,5,FALSE) -> OFERTA ECONOMICA PROPONENTE | W27: =+ROUND((B27*1.19)-D27,0) -> 0 | X27: =ROUND((E27*1.19)-G27,0) -> 0 | Y27: =ROUND((H27*1.19)-J27,0) -> 0
A28: MANTENIMIENTO PREVENTIVO Y CORRECTIVO BOMBA CONTRA INCENDIO DE 2 ETAPAS MARCA HALE - MODELO QTW0125-21X | B28: 9040336 | C28: =+D28-B28 -> 1717664 | D28: 10758000 | E28: 8411765 | F28: 1598235 | G28: 10010000 | H28: 9242857 | I28: 1756143 | J28: 10999000 | L28: =IF(D28="","",MEDIAN(D28,G28,J28)) -> 10758000 | M28: =IF(D28="","",AVERAGE(D28,G28,J28)) -> 10589000 | N28: =IF(D28="","",_xlfn.STDEV.S(D28,G28,J28)) -> 515704.37 | O28: =IF(D28="","",N28/M28) -> 0.048701896 | Q28: =+VLOOKUP(A28,'PRECIOS 2025 VS 2026'!$B$7:$G$1477,5,FALSE) -> 0 | R28: =+(L28-Q28)/Q28 -> #DIV/0! | U28: =+VLOOKUP(A28,'GRUPO 1'!$A$3:$F$440,5,FALSE) -> #N/A | V28: =+VLOOKUP(A28,'GRUPO 3'!$B$3:$F$1178,5,FALSE) -> #N/A | W28: =+ROUND((B28*1.19)-D28,0) -> 0 | X28: =ROUND((E28*1.19)-G28,0) -> 0 | Y28: =ROUND((H28*1.19)-J28,0) -> 0
A29: MANTENIMIENTO PREVENTIVO Y CORRECTIVO BOMBA CONTRA INCENDIO DE 2 ETAPAS MARCA WATEROUS - REFERENCIA CMC20C 1000 GPM | B29: 8678992 | C29: =+D29-B29 -> 1649008 | D29: 10328000 | E29: 8621849 | F29: 1638151 | G29: 10260000 | H29: 8320168 | I29: 1580832 | J29: 9901000 | L29: =IF(D29="","",MEDIAN(D29,G29,J29)) -> 10260000 | M29: =IF(D29="","",AVERAGE(D29,G29,J29)) -> 10163000 | N29: =IF(D29="","",_xlfn.STDEV.S(D29,G29,J29)) -> 229431.91 | O29: =IF(D29="","",N29/M29) -> 0.022575215 | Q29: =+VLOOKUP(A29,'PRECIOS 2025 VS 2026'!$B$7:$G$1477,5,FALSE) -> 0 | R29: =+(L29-Q29)/Q29 -> #DIV/0! | U29: =+VLOOKUP(A29,'GRUPO 1'!$A$3:$F$440,5,FALSE) -> #N/A | V29: =+VLOOKUP(A29,'GRUPO 3'!$B$3:$F$1178,5,FALSE) -> #N/A | W29: =+ROUND((B29*1.19)-D29,0) -> 0 | X29: =ROUND((E29*1.19)-G29,0) -> 0 | Y29: =ROUND((H29*1.19)-J29,0) -> 0
A30: MANTENIMIENTO PREVENTIVO Y CORRECTIVO BOMBA CONTRA INCENDIO DE 2 ETAPAS MARCA HALE - MODELO QTW0100-25X | B30: 9814706 | C30: =+D30-B30 -> 1864794 | D30: 11679500 | E30: 9512605 | F30: 1807395 | G30: 11320000 | H30: 10342437 | I30: 1965063 | J30: 12307500 | L30: =IF(D30="","",MEDIAN(D30,G30,J30)) -> 11679500 | M30: =IF(D30="","",AVERAGE(D30,G30,J30)) -> 11769000 | N30: =IF(D30="","",_xlfn.STDEV.S(D30,G30,J30)) -> 499796.71 | O30: =IF(D30="","",N30/M30) -> 0.04246722 | Q30: =+VLOOKUP(A30,'PRECIOS 2025 VS 2026'!$B$7:$G$1477,5,FALSE) -> 0 | R30: =+(L30-Q30)/Q30 -> #DIV/0! | U30: =+VLOOKUP(A30,'GRUPO 1'!$A$3:$F$440,5,FALSE) -> #N/A | V30: =+VLOOKUP(A30,'GRUPO 3'!$B$3:$F$1178,5,FALSE) -> #N/A | W30: =+ROUND((B30*1.19)-D30,0) -> 0 | X30: =ROUND((E30*1.19)-G30,0) -> 0 | Y30: =ROUND((H30*1.19)-J30,0) -> 0
A31: MANTENIMIENTO PREVENTIVO Y CORRECTIVO BOMBA CONTRA INCENDIO WATEROUS - REFERENCIA CGVC20C 500 GPM | B31: 7874790 | C31: =+D31-B31 -> 1496210 | D31: 9371000 | E31: 8621849 | F31: 1638151 | G31: 10260000 | H31: 8481933 | I31: 1611567 | J31: 10093500 | L31: =IF(D31="","",MEDIAN(D31,G31,J31)) -> 10093500 | M31: =IF(D31="","",AVERAGE(D31,G31,J31)) -> 9908166.7 | N31: =IF(D31="","",_xlfn.STDEV.S(D31,G31,J31)) -> 472590.29 | O31: =IF(D31="","",N31/M31) -> 0.047697047 | Q31: =+VLOOKUP(A31,'PRECIOS 2025 VS 2026'!$B$7:$G$1477,5,FALSE) -> #N/A | R31: =+(L31-Q31)/Q31 -> #N/A | S31: =IF(ISNA(R31),MIN(D31,G31,J31),IF(R31<=5.1%,L31,Q31*1.051)) -> 9371000 | U31: =+VLOOKUP(A31,'GRUPO 1'!$A$3:$F$440,5,FALSE) -> #N/A | V31: =+VLOOKUP(A31,'GRUPO 3'!$B$3:$F$1178,5,FALSE) -> #N/A | W31: =+ROUND((B31*1.19)-D31,0) -> 0 | X31: =ROUND((E31*1.19)-G31,0) -> 0 | Y31: =ROUND((H31*1.19)-J31,0) -> 0
A32: PRUEBA TECNICA DE DESPEÑO DE LAS BOMBAS | B32: 7665126 | C32: =+D32-B32 -> 1456374 | D32: 9121500 | E32: 7382353 | F32: 1402647 | G32: 8785000 | H32: 7194118 | I32: 1366882 | J32: 8561000 | L32: =IF(D32="","",MEDIAN(D32,G32,J32)) -> 8785000 | M32: =IF(D32="","",AVERAGE(D32,G32,J32)) -> 8822500 | N32: =IF(D32="","",_xlfn.STDEV.S(D32,G32,J32)) -> 282125.42 | O32: =IF(D32="","",N32/M32) -> 0.031977945 | Q32: =+VLOOKUP(A32,'PRECIOS 2025 VS 2026'!$B$7:$G$1477,5,FALSE) -> #N/A | R32: =+(L32-Q32)/Q32 -> #N/A | S32: =IF(ISNA(R32),MIN(D32,G32,J32),IF(R32<=5.1%,L32,Q32*1.051)) -> 8561000 | U32: =+VLOOKUP(A32,'GRUPO 1'!$A$3:$F$440,5,FALSE) -> #N/A | V32: =+VLOOKUP(A32,'GRUPO 3'!$B$3:$F$1178,5,FALSE) -> #N/A | W32: =+ROUND((B32*1.19)-D32,0) -> 0 | X32: =ROUND((E32*1.19)-G32,0) -> 0 | Y32: =ROUND((H32*1.19)-J32,0) -> 0
A33: MANTENIMIENTO DE PANEL DE CONTROL DEL SISTEMA CONTRAINCENDIO | B33: 7480252 | C33: =+D33-B33 -> 1421248 | D33: 8901500 | E33: 7021008 | F33: 1333992 | G33: 8355000 | H33: 7346639 | I33: 1395861 | J33: 8742500 | L33: =IF(D33="","",MEDIAN(D33,G33,J33)) -> 8742500 | M33: =IF(D33="","",AVERAGE(D33,G33,J33)) -> 8666333.3 | N33: =IF(D33="","",_xlfn.STDEV.S(D33,G33,J33)) -> 281098.89 | O33: =IF(D33="","",N33/M33) -> 0.032435734 | Q33: =+VLOOKUP(A33,'PRECIOS 2025 VS 2026'!$B$7:$G$1477,5,FALSE) -> 6883828.4 | R33: =+(L33-Q33)/Q33 -> 0.27000551 | S33: =IF(ISNA(R33),MIN(D33,G33,J33),IF(R33<=5.1%,L33,Q33*1.051)) -> 7234903.6 | U33: =+VLOOKUP(A33,'GRUPO 1'!$A$3:$F$440,5,FALSE) -> #N/A | V33: =+VLOOKUP(A33,'GRUPO 3'!$B$3:$F$1178,5,FALSE) -> #N/A | W33: =+ROUND((B33*1.19)-D33,0) -> 0 | X33: =ROUND((E33*1.19)-G33,0) -> 0 | Y33: =ROUND((H33*1.19)-J33,0) -> 0
A34: MANTENIMIENTO CORRECTIVO Y/O IMPREVISTOS | B34: 4887815 | C34: =+D34-B34 -> 928685 | D34: 5816500 | E34: 4697479 | F34: 892521 | G34: 5590000 | H34: 4689076 | I34: 890924 | J34: 5580000 | L34: =IF(D34="","",MEDIAN(D34,G34,J34)) -> 5590000 | M34: =IF(D34="","",AVERAGE(D34,G34,J34)) -> 5662166.7 | N34: =IF(D34="","",_xlfn.STDEV.S(D34,G34,J34)) -> 133750.08 | O34: =IF(D34="","",N34/M34) -> 0.023621713 | Q34: =+VLOOKUP(A34,'PRECIOS 2025 VS 2026'!$B$7:$G$1477,5,FALSE) -> 2538585.7 | R34: =+(L34-Q34)/Q34 -> 1.2020135 | S34: =IF(ISNA(R34),MIN(D34,G34,J34),IF(R34<=5.1%,L34,Q34*1.051)) -> 2668053.6 | U34: =+VLOOKUP(A34,'GRUPO 1'!$A$3:$F$440,5,FALSE) -> #N/A | V34: =+VLOOKUP(A34,'GRUPO 3'!$B$3:$F$1178,5,FALSE) -> #N/A | W34: =+ROUND((B34*1.19)-D34,0) -> 0 | X34: =ROUND((E34*1.19)-G34,0) -> 0 | Y34: =ROUND((H34*1.19)-J34,0) -> 0
A35: MANOMETROS DE PRESION DE LA BOMBA | B35: 2861765 | C35: =+D35-B35 -> 543735 | D35: 3405500 | E35: 2529412 | F35: 480588 | G35: 3010000 | H35: 2725630 | I35: 517870 | J35: 3243500 | L35: =IF(D35="","",MEDIAN(D35,G35,J35)) -> 3243500 | M35: =IF(D35="","",AVERAGE(D35,G35,J35)) -> 3219666.7 | N35: =IF(D35="","",_xlfn.STDEV.S(D35,G35,J35)) -> 198824.25 | O35: =IF(D35="","",N35/M35) -> 0.061753055 | Q35: =+VLOOKUP(A35,'PRECIOS 2025 VS 2026'!$B$7:$G$1477,5,FALSE) -> #N/A | R35: =+(L35-Q35)/Q35 -> #N/A | S35: =IF(ISNA(R35),MIN(D35,G35,J35),IF(R35<=5.1%,L35,Q35*1.051)) -> 3010000 | U35: =+VLOOKUP(A35,'GRUPO 1'!$A$3:$F$440,5,FALSE) -> #N/A | V35: =+VLOOKUP(A35,'GRUPO 3'!$B$3:$F$1178,5,FALSE) -> #N/A | W35: =+ROUND((B35*1.19)-D35,0) -> 0 | X35: =ROUND((E35*1.19)-G35,0) -> 0 | Y35: =ROUND((H35*1.19)-J35,0) -> 0
A36: VALVULAS DE SUCCION Y DESCARGA SISTEMA CONTRAINCENCIO | B36: 3614286 | C36: =+D36-B36 -> 686714 | D36: 4301000 | E36: 4126050 | F36: 783950 | G36: 4910000 | H36: 4013445 | I36: 762555 | J36: 4776000 | L36: =IF(D36="","",MEDIAN(D36,G36,J36)) -> 4776000 | M36: =IF(D36="","",AVERAGE(D36,G36,J36)) -> 4662333.3 | N36: =IF(D36="","",_xlfn.STDEV.S(D36,G36,J36)) -> 320016.15 | O36: =IF(D36="","",N36/M36) -> 0.068638624 | Q36: =+VLOOKUP(A36,'PRECIOS 2025 VS 2026'!$B$7:$G$1477,5,FALSE) -> #N/A | R36: =+(L36-Q36)/Q36 -> #N/A | S36: =IF(ISNA(R36),MIN(D36,G36,J36),IF(R36<=5.1%,L36,Q36*1.051)) -> 4301000 | U36: =+VLOOKUP(A36,'GRUPO 1'!$A$3:$F$440,5,FALSE) -> #N/A | V36: =+VLOOKUP(A36,'GRUPO 3'!$B$3:$F$1178,5,FALSE) -> #N/A | W36: =+ROUND((B36*1.19)-D36,0) -> 0 | X36: =ROUND((E36*1.19)-G36,0) -> -1 | Y36: =ROUND((H36*1.19)-J36,0) -> 0
A37: TPG CLASS1 | B37: 5488655 | C37: =+D37-B37 -> 1042845 | D37: 6531500 | E37: 6084034 | F37: 1155966 | G37: 7240000 | H37: 5972689 | I37: 1134811 | J37: 7107500 | L37: =IF(D37="","",MEDIAN(D37,G37,J37)) -> 7107500 | M37: =IF(D37="","",AVERAGE(D37,G37,J37)) -> 6959666.7 | N37: =IF(D37="","",_xlfn.STDEV.S(D37,G37,J37)) -> 376675.04 | O37: =IF(D37="","",N37/M37) -> 0.054122569 | Q37: =+VLOOKUP(A37,'PRECIOS 2025 VS 2026'!$B$7:$G$1477,5,FALSE) -> #N/A | R37: =+(L37-Q37)/Q37 -> #N/A | S37: =IF(ISNA(R37),MIN(D37,G37,J37),IF(R37<=5.1%,L37,Q37*1.051)) -> 6531500 | U37: =+VLOOKUP(A37,'GRUPO 1'!$A$3:$F$440,5,FALSE) -> #N/A | V37: =+VLOOKUP(A37,'GRUPO 3'!$B$3:$F$1178,5,FALSE) -> #N/A | W37: =+ROUND((B37*1.19)-D37,0) -> -1 | X37: =ROUND((E37*1.19)-G37,0) -> 0 | Y37: =ROUND((H37*1.19)-J37,0) -> 0
A38: MANTENIMIENTO Y REPARACION DE TPG CLASS1 | B38: 1963025 | C38: =+D38-B38 -> 372975 | D38: 2336000 | E38: 2037815 | F38: 387185 | G38: 2425000 | H38: 2053782 | I38: 390218 | J38: 2444000 | L38: =IF(D38="","",MEDIAN(D38,G38,J38)) -> 2425000 | M38: =IF(D38="","",AVERAGE(D38,G38,J38)) -> 2401666.7 | N38: =IF(D38="","",_xlfn.STDEV.S(D38,G38,J38)) -> 57657.032 | O38: =IF(D38="","",N38/M38) -> 0.024007092 | Q38: =+VLOOKUP(A38,'PRECIOS 2025 VS 2026'!$B$7:$G$1477,5,FALSE) -> #N/A | R38: =+(L38-Q38)/Q38 -> #N/A | S38: =IF(ISNA(R38),MIN(D38,G38,J38),IF(R38<=5.1%,L38,Q38*1.051)) -> 2336000 | U38: =+VLOOKUP(A38,'GRUPO 1'!$A$3:$F$440,5,FALSE) -> #N/A | V38: =+VLOOKUP(A38,'GRUPO 3'!$B$3:$F$1178,5,FALSE) -> #N/A | W38: =+ROUND((B38*1.19)-D38,0) -> 0 | X38: =ROUND((E38*1.19)-G38,0) -> 0 | Y38: =ROUND((H38*1.19)-J38,0) -> 1
A39: MANTENIMIENTO Y REPARACION DE SISTEMA DE ESPUMA | B39: 2975210 | C39: =+D39-B39 -> 565290 | D39: 3540500 | E39: 2336134 | F39: 443866 | G39: 2780000 | H39: 2914706 | I39: 553794 | J39: 3468500 | L39: =IF(D39="","",MEDIAN(D39,G39,J39)) -> 3468500 | M39: =IF(D39="","",AVERAGE(D39,G39,J39)) -> 3263000 | N39: =IF(D39="","",_xlfn.STDEV.S(D39,G39,J39)) -> 419836.58 | O39: =IF(D39="","",N39/M39) -> 0.12866582 | Q39: =+VLOOKUP(A39,'PRECIOS 2025 VS 2026'!$B$7:$G$1477,5,FALSE) -> #N/A | R39: =+(L39-Q39)/Q39 -> #N/A | S39: =IF(ISNA(R39),MIN(D39,G39,J39),IF(R39<=5.1%,L39,Q39*1.051)) -> 2780000 | U39: =+VLOOKUP(A39,'GRUPO 1'!$A$3:$F$440,5,FALSE) -> #N/A | V39: =+VLOOKUP(A39,'GRUPO 3'!$B$3:$F$1178,5,FALSE) -> #N/A | W39: =+ROUND((B39*1.19)-D39,0) -> 0 | X39: =ROUND((E39*1.19)-G39,0) -> -1 | Y39: =ROUND((H39*1.19)-J39,0) -> 0
A40: MANTENIMIENTO Y REPARACION DE SISTEMA NEUMATICO DE LA BOMBA | B40: 1957563 | C40: =+D40-B40 -> 371937 | D40: 2329500 | E40: 2197479 | F40: 417521 | G40: 2615000 | H40: 2119328 | I40: 402672 | J40: 2522000 | L40: =IF(D40="","",MEDIAN(D40,G40,J40)) -> 2522000 | M40: =IF(D40="","",AVERAGE(D40,G40,J40)) -> 2488833.3 | N40: =IF(D40="","",_xlfn.STDEV.S(D40,G40,J40)) -> 145611.07 | O40: =IF(D40="","",N40/M40) -> 0.058505753 | Q40: =+VLOOKUP(A40,'PRECIOS 2025 VS 2026'!$B$7:$G$1477,5,FALSE) -> #N/A | R40: =+(L40-Q40)/Q40 -> #N/A | S40: =IF(ISNA(R40),MIN(D40,G40,J40),IF(R40<=5.1%,L40,Q40*1.051)) -> 2329500 | U40: =+VLOOKUP(A40,'GRUPO 1'!$A$3:$F$440,5,FALSE) -> #N/A | V40: =+VLOOKUP(A40,'GRUPO 3'!$B$3:$F$1178,5,FALSE) -> #N/A | W40: =+ROUND((B40*1.19)-D40,0) -> 0 | X40: =ROUND((E40*1.19)-G40,0) -> 0 | Y40: =ROUND((H40*1.19)-J40,0) -> 0
A41: REEMPLAZO DE PACKING | B41: 677311 | C41: =+D41-B41 -> 128689 | D41: 806000 | E41: 714286 | F41: 135714 | G41: 850000 | H41: 749160 | I41: 142340 | J41: 891500 | L41: =IF(D41="","",MEDIAN(D41,G41,J41)) -> 850000 | M41: =IF(D41="","",AVERAGE(D41,G41,J41)) -> 849166.67 | N41: =IF(D41="","",_xlfn.STDEV.S(D41,G41,J41)) -> 42756.091 | O41: =IF(D41="","",N41/M41) -> 0.050350647 | Q41: =+VLOOKUP(A41,'PRECIOS 2025 VS 2026'!$B$7:$G$1477,5,FALSE) -> #N/A | R41: =+(L41-Q41)/Q41 -> #N/A | S41: =IF(ISNA(R41),MIN(D41,G41,J41),IF(R41<=5.1%,L41,Q41*1.051)) -> 806000 | U41: =+VLOOKUP(A41,'GRUPO 1'!$A$3:$F$440,5,FALSE) -> #N/A | V41: =+VLOOKUP(A41,'GRUPO 3'!$B$3:$F$1178,5,FALSE) -> #N/A | W41: =+ROUND((B41*1.19)-D41,0) -> 0 | X41: =ROUND((E41*1.19)-G41,0) -> 0 | Y41: =ROUND((H41*1.19)-J41,0) -> 0
A42: CORRECION DE FUGAS DE AGUA DE LA BOMBA | B42: 792437 | C42: =+D42-B42 -> 150563 | D42: 943000 | E42: 773109 | F42: 146891 | G42: 920000 | H42: 786975 | I42: 149525 | J42: 936500 | L42: =IF(D42="","",MEDIAN(D42,G42,J42)) -> 936500 | M42: =IF(D42="","",AVERAGE(D42,G42,J42)) -> 933166.67 | N42: =IF(D42="","",_xlfn.STDEV.S(D42,G42,J42)) -> 11856.784 | O42: =IF(D42="","",N42/M42) -> 0.012705966 | Q42: =+VLOOKUP(A42,'PRECIOS 2025 VS 2026'!$B$7:$G$1477,5,FALSE) -> #N/A | R42: =+(L42-Q42)/Q42 -> #N/A | S42: =IF(ISNA(R42),MIN(D42,G42,J42),IF(R42<=5.1%,L42,Q42*1.051)) -> 920000 | U42: =+VLOOKUP(A42,'GRUPO 1'!$A$3:$F$440,5,FALSE) -> #N/A | V42: =+VLOOKUP(A42,'GRUPO 3'!$B$3:$F$1178,5,FALSE) -> #N/A | W42: =+ROUND((B42*1.19)-D42,0) -> 0 | X42: =ROUND((E42*1.19)-G42,0) -> 0 | Y42: =ROUND((H42*1.19)-J42,0) -> 0
... A46: REPARACION SISTEMA DE ENGANCHE PPS | B46: 2185714 | C46: =+D46-B46 -> 415286 | D46: 2601000 | E46: 2037815 | F46: 387185 | G46: 2425000 | H46: 2074370 | I46: 394130 | J46: 2468500 | L46: =IF(D46="","",MEDIAN(D46,G46,J46)) -> 2468500 | M46: =IF(D46="","",AVERAGE(D46,G46,J46)) -> 2498166.7 | N46: =IF(D46="","",_xlfn.STDEV.S(D46,G46,J46)) -> 91673.788 | O46: =IF(D46="","",N46/M46) -> 0.036696426 | Q46: =+VLOOKUP(A46,'PRECIOS 2025 VS 2026'!$B$7:$G$1477,5,FALSE) -> #N/A | R46: =+(L46-Q46)/Q46 -> #N/A | S46: =IF(ISNA(R46),MIN(D46,G46,J46),IF(R46<=5.1%,L46,Q46*1.051)) -> 2425000 | U46: =+VLOOKUP(A46,'GRUPO 1'!$A$3:$F$440,5,FALSE) -> #N/A | V46: =+VLOOKUP(A46,'GRUPO 3'!$B$3:$F$1178,5,FALSE) -> #N/A | W46: =+ROUND((B46*1.19)-D46,0) -> 0 | X46: =ROUND((E46*1.19)-G46,0) -> 0 | Y46: =ROUND((H46*1.19)-J46,0) -> 0
A47: DESCRIPCION | L47: =IF(D47="","",MEDIAN(D47,G47,J47)) | M47: =IF(D47="","",AVERAGE(D47,G47,J47)) | N47: =IF(D47="","",_xlfn.STDEV.S(D47,G47,J47)) | O47: =IF(D47="","",N47/M47) | Q47: =+VLOOKUP(A47,'PRECIOS 2025 VS 2026'!$B$7:$G$1477,5,FALSE) -> #N/A | R47: =+(L47-Q47)/Q47 -> #VALUE! | U47: =+VLOOKUP(A47,'GRUPO 1'!$A$3:$F$440,5,FALSE) -> #N/A | V47: =+VLOOKUP(A47,'GRUPO 3'!$B$3:$F$1178,5,FALSE) -> #N/A | W47: =+ROUND((B47*1.19)-D47,0) -> 0 | X47: =ROUND((E47*1.19)-G47,0) -> 0 | Y47: =ROUND((H47*1.19)-J47,0) -> 0
A48: TRES (3) CAMIONES : HINO-XZU710l- QKFMP3 HINO-FC9JJ7A PLACAS: OVE272- OVE516- OVE492 | L48: =IF(D48="","",MEDIAN(D48,G48,J48)) | M48: =IF(D48="","",AVERAGE(D48,G48,J48)) | N48: =IF(D48="","",_xlfn.STDEV.S(D48,G48,J48)) | O48: =IF(D48="","",N48/M48) | Q48: =+VLOOKUP(A48,'PRECIOS 2025 VS 2026'!$B$7:$G$1477,5,FALSE) -> #N/A | R48: =+(L48-Q48)/Q48 -> #VALUE! | U48: =+VLOOKUP(A48,'GRUPO 1'!$A$3:$F$440,5,FALSE) -> #N/A | V48: =+VLOOKUP(A48,'GRUPO 3'!$B$3:$F$1178,5,FALSE) -> #N/A | W48: =+ROUND((B48*1.19)-D48,0) -> 0 | X48: =ROUND((E48*1.19)-G48,0) -> 0 | Y48: =ROUND((H48*1.19)-J48,0) -> 0
A49: MECANICOS DEL MOTOR | L49: =IF(D49="","",MEDIAN(D49,G49,J49)) | M49: =IF(D49="","",AVERAGE(D49,G49,J49)) | N49: =IF(D49="","",_xlfn.STDEV.S(D49,G49,J49)) | O49: =IF(D49="","",N49/M49) | Q49: =+VLOOKUP(A49,'PRECIOS 2025 VS 2026'!$B$7:$G$1477,5,FALSE) -> #N/A | R49: =+(L49-Q49)/Q49 -> #VALUE! | U49: =+VLOOKUP(A49,'GRUPO 1'!$A$3:$F$440,5,FALSE) -> #N/A | V49: =+VLOOKUP(A49,'GRUPO 3'!$B$3:$F$1178,5,FALSE) -> #N/A | W49: =+ROUND((B49*1.19)-D49,0) -> 0 | X49: =ROUND((E49*1.19)-G49,0) -> 0 | Y49: =ROUND((H49*1.19)-J49,0) -> 0
A50: SOPORTE DE MOTOR | B50: 386975 | C50: =+D50-B50 -> 73525 | D50: 460500 | E50: 419328 | F50: 79672 | G50: 499000 | H50: 363866 | I50: 69134 | J50: 433000 | L50: =IF(D50="","",MEDIAN(D50,G50,J50)) -> 460500 | M50: =IF(D50="","",AVERAGE(D50,G50,J50)) -> 464166.67 | N50: =IF(D50="","",_xlfn.STDEV.S(D50,G50,J50)) -> 33152.426 | O50: =IF(D50="","",N50/M50) -> 0.071423538 | Q50: =+VLOOKUP(A50,'PRECIOS 2025 VS 2026'!$B$7:$G$1477,5,FALSE) -> 417780 | R50: =+(L50-Q50)/Q50 -> 0.10225478 | S50: =IF(ISNA(R50),MIN(D50,G50,J50),IF(R50<=5.1%,L50,Q50*1.051)) -> 439086.78 | U50: =+VLOOKUP(A50,'GRUPO 1'!$A$3:$F$440,5,FALSE) -> #N/A | V50: =+VLOOKUP(A50,'GRUPO 3'!$B$3:$F$1178,5,FALSE) -> #N/A | W50: =+ROUND((B50*1.19)-D50,0) -> 0 | X50: =ROUND((E50*1.19)-G50,0) -> 0 | Y50: =ROUND((H50*1.19)-J50,0) -> 1
A51: KIT EMPAQUETADURA DEL MOTOR | B51: 2187395 | C51: =+D51-B51 -> 415605 | D51: 2603000 | E51: 2037815 | F51: 387185 | G51: 2425000 | H51: 2130252 | I51: 404748 | J51: 2535000 | L51: =IF(D51="","",MEDIAN(D51,G51,J51)) -> 2535000 | M51: =IF(D51="","",AVERAGE(D51,G51,J51)) -> 2521000 | N51: =IF(D51="","",_xlfn.STDEV.S(D51,G51,J51)) -> 89822.046 | O51: =IF(D51="","",N51/M51) -> 0.03562953 | Q51: =+VLOOKUP(A51,'PRECIOS 2025 VS 2026'!$B$7:$G$1477,5,FALSE) -> #N/A | R51: =+(L51-Q51)/Q51 -> #N/A | S51: =IF(ISNA(R51),MIN(D51,G51,J51),IF(R51<=5.1%,L51,Q51*1.051)) -> 2425000 | U51: =+VLOOKUP(A51,'GRUPO 1'!$A$3:$F$440,5,FALSE) -> #N/A | V51: =+VLOOKUP(A51,'GRUPO 3'!$B$3:$F$1178,5,FALSE) -> #N/A | W51: =+ROUND((B51*1.19)-D51,0) -> 0 | X51: =ROUND((E51*1.19)-G51,0) -> 0 | Y51: =ROUND((H51*1.19)-J51,0) -> 0
A52: BLOQUE DE MOTOR | B52: 10845798 | C52: =+D52-B52 -> 2060702 | D52: 12906500 | E52: 11424370 | F52: 2170630 | G52: 13595000 | H52: 10210504 | I52: 1939996 | J52: 12150500 | L52: =IF(D52="","",MEDIAN(D52,G52,J52)) -> 12906500 | M52: =IF(D52="","",AVERAGE(D52,G52,J52)) -> 12884000 | N52: =IF(D52="","",_xlfn.STDEV.S(D52,G52,J52)) -> 722512.8 | O52: =IF(D52="","",N52/M52) -> 0.056078299 | Q52: =+VLOOKUP(A52,'PRECIOS 2025 VS 2026'!$B$7:$G$1477,5,FALSE) -> #N/A | R52: =+(L52-Q52)/Q52 -> #N/A | S52: =IF(ISNA(R52),MIN(D52,G52,J52),IF(R52<=5.1%,L52,Q52*1.051)) -> 12150500 | U52: =+VLOOKUP(A52,'GRUPO 1'!$A$3:$F$440,5,FALSE) -> #N/A | V52: =+VLOOKUP(A52,'GRUPO 3'!$B$3:$F$1178,5,FALSE) -> #N/A | W52: =+ROUND((B52*1.19)-D52,0) -> 0 | X52: =ROUND((E52*1.19)-G52,0) -> 0 | Y52: =ROUND((H52*1.19)-J52,0) -> 0
A53: BIELAS DEL MOTOR | B53: 847479 | C53: =+D53-B53 -> 161021 | D53: 1008500 | E53: 752101 | F53: 142899 | G53: 895000 | H53: 792017 | I53: 150483 | J53: 942500 | L53: =IF(D53="","",MEDIAN(D53,G53,J53)) -> 942500 | M53: =IF(D53="","",AVERAGE(D53,G53,J53)) -> 948666.67 | N53: =IF(D53="","",_xlfn.STDEV.S(D53,G53,J53)) -> 57000.731 | O53: =IF(D53="","",N53/M53) -> 0.060085099 | Q53: =+VLOOKUP(A53,'PRECIOS 2025 VS 2026'!$B$7:$G$1477,5,FALSE) -> #N/A | R53: =+(L53-Q53)/Q53 -> #N/A | S53: =IF(ISNA(R53),MIN(D53,G53,J53),IF(R53<=5.1%,L53,Q53*1.051)) -> 895000 | U53: =+VLOOKUP(A53,'GRUPO 1'!$A$3:$F$440,5,FALSE) -> #N/A | V53: =+VLOOKUP(A53,'GRUPO 3'!$B$3:$F$1178,5,FALSE) -> #N/A | W53: =+ROUND((B53*1.19)-D53,0) -> 0 | X53: =ROUND((E53*1.19)-G53,0) -> 0 | Y53: =ROUND((H53*1.19)-J53,0) -> 0
A54: CIEGUEÑAL DEL MOTOR | B54: 7941176 | C54: =+D54-B54 -> 1508824 | D54: 9450000 | E54: 7382353 | F54: 1402647 | G54: 8785000 | H54: 7817227 | I54: 1485273 | J54: 9302500 | L54: =IF(D54="","",MEDIAN(D54,G54,J54)) -> 9302500 | M54: =IF(D54="","",AVERAGE(D54,G54,J54)) -> 9179166.7 | N54: =IF(D54="","",_xlfn.STDEV.S(D54,G54,J54)) -> 349234.28 | O54: =IF(D54="","",N54/M54) -> 0.038046404 | Q54: =+VLOOKUP(A54,'PRECIOS 2025 VS 2026'!$B$7:$G$1477,5,FALSE) -> #N/A | R54: =+(L54-Q54)/Q54 -> #N/A | S54: =IF(ISNA(R54),MIN(D54,G54,J54),IF(R54<=5.1%,L54,Q54*1.051)) -> 8785000 | U54: =+VLOOKUP(A54,'GRUPO 1'!$A$3:$F$440,5,FALSE) -> #N/A | V54: =+VLOOKUP(A54,'GRUPO 3'!$B$3:$F$1178,5,FALSE) -> #N/A | W54: =+ROUND((B54*1.19)-D54,0) -> -1 | X54: =ROUND((E54*1.19)-G54,0) -> 0 | Y54: =ROUND((H54*1.19)-J54,0) -> 0
A55: SENSORES DEL MOTOR | B55: 714706 | C55: =+D55-B55 -> 135794 | D55: 850500 | E55: 714286 | F55: 135714 | G55: 850000 | H55: 716387 | I55: 136113 | J55: 852500 | L55: =IF(D55="","",MEDIAN(D55,G55,J55)) -> 850500 | M55: =IF(D55="","",AVERAGE(D55,G55,J55)) -> 851000 | N55: =IF(D55="","",_xlfn.STDEV.S(D55,G55,J55)) -> 1322.8757 | O55: =IF(D55="","",N55/M55) -> 0.0015544955 | Q55: =+VLOOKUP(A55,'PRECIOS 2025 VS 2026'!$B$7:$G$1477,5,FALSE) -> #N/A | R55: =+(L55-Q55)/Q55 -> #N/A | S55: =IF(ISNA(R55),MIN(D55,G55,J55),IF(R55<=5.1%,L55,Q55*1.051)) -> 850000 | U55: =+VLOOKUP(A55,'GRUPO 1'!$A$3:$F$440,5,FALSE) -> #N/A | V55: =+VLOOKUP(A55,'GRUPO 3'!$B$3:$F$1178,5,FALSE) -> #N/A | W55: =+ROUND((B55*1.19)-D55,0) -> 0 | X55: =ROUND((E55*1.19)-G55,0) -> 0 | Y55: =ROUND((H55*1.19)-J55,0) -> 1
A56: ARBOL DE LEVAS MOTOR | B56: 7202941 | C56: =+D56-B56 -> 1368559 | D56: 8571500 | E56: 6294118 | F56: 1195882 | G56: 7490000 | H56: 7429832 | I56: 1411668 | J56: 8841500 | L56: =IF(D56="","",MEDIAN(D56,G56,J56)) -> 8571500 | M56: =IF(D56="","",AVERAGE(D56,G56,J56)) -> 8301000 | N56: =IF(D56="","",_xlfn.STDEV.S(D56,G56,J56)) -> 715203.29 | O56: =IF(D56="","",N56/M56) -> 0.086158691 | Q56: =+VLOOKUP(A56,'PRECIOS 2025 VS 2026'!$B$7:$G$1477,5,FALSE) -> #N/A | R56: =+(L56-Q56)/Q56 -> #N/A | S56: =IF(ISNA(R56),MIN(D56,G56,J56),IF(R56<=5.1%,L56,Q56*1.051)) -> 7490000 | U56: =+VLOOKUP(A56,'GRUPO 1'!$A$3:$F$440,5,FALSE) -> #N/A | V56: =+VLOOKUP(A56,'GRUPO 3'!$B$3:$F$1178,5,FALSE) -> #N/A | W56: =+ROUND((B56*1.19)-D56,0) -> 0 | X56: =ROUND((E56*1.19)-G56,0) -> 0 | Y56: =ROUND((H56*1.19)-J56,0) -> 0
A57: VALVULAS DEL MOTOR COMPLETLAS | B57: 1524370 | C57: =+D57-B57 -> 289630 | D57: 1814000 | E57: 1256303 | F57: 238697 | G57: 1495000 | H57: 1437815 | I57: 273185 | J57: 1711000 | L57: =IF(D57="","",MEDIAN(D57,G57,J57)) -> 1711000 | M57: =IF(D57="","",AVERAGE(D57,G57,J57)) -> 1673333.3 | N57: =IF(D57="","",_xlfn.STDEV.S(D57,G57,J57)) -> 162801.52 | O57: =IF(D57="","",N57/M57) -> 0.097291742 | Q57: =+VLOOKUP(A57,'PRECIOS 2025 VS 2026'!$B$7:$G$1477,5,FALSE) -> #N/A | R57: =+(L57-Q57)/Q57 -> #N/A | S57: =IF(ISNA(R57),MIN(D57,G57,J57),IF(R57<=5.1%,L57,Q57*1.051)) -> 1495000 | U57: =+VLOOKUP(A57,'GRUPO 1'!$A$3:$F$440,5,FALSE) -> #N/A | V57: =+VLOOKUP(A57,'GRUPO 3'!$B$3:$F$1178,5,FALSE) -> #N/A | W57: =+ROUND((B57*1.19)-D57,0) -> 0 | X57: =ROUND((E57*1.19)-G57,0) -> 1 | Y57: =ROUND((H57*1.19)-J57,0) -> 0
A58: CAQUETES DEL MOTOR | B58: 1495378 | C58: =+D58-B58 -> 284122 | D58: 1779500 | E58: 1264706 | F58: 240294 | G58: 1505000 | H58: 1660084 | I58: 315416 | J58: 1975500 | L58: =IF(D58="","",MEDIAN(D58,G58,J58)) -> 1779500 | M58: =IF(D58="","",AVERAGE(D58,G58,J58)) -> 1753333.3 | N58: =IF(D58="","",_xlfn.STDEV.S(D58,G58,J58)) -> 236338.92 | O58: =IF(D58="","",N58/M58) -> 0.13479406 | Q58: =+VLOOKUP(A58,'PRECIOS 2025 VS 2026'!$B$7:$G$1477,5,FALSE) -> #N/A | R58: =+(L58-Q58)/Q58 -> #N/A | S58: =IF(ISNA(R58),MIN(D58,G58,J58),IF(R58<=5.1%,L58,Q58*1.051)) -> 1505000 | U58: =+VLOOKUP(A58,'GRUPO 1'!$A$3:$F$440,5,FALSE) -> #N/A | V58: =+VLOOKUP(A58,'GRUPO 3'!$B$3:$F$1178,5,FALSE) -> #N/A | W58: =+ROUND((B58*1.19)-D58,0) -> 0 | X58: =ROUND((E58*1.19)-G58,0) -> 0 | Y58: =ROUND((H58*1.19)-J58,0) -> 0
A59: PISTONES | B59: 6915126 | C59: =+D59-B59 -> 1313874 | D59: 8229000 | E59: 7949580 | F59: 1510420 | G59: 9460000 | H59: 7603782 | I59: 1444718 | J59: 9048500 | L59: =IF(D59="","",MEDIAN(D59,G59,J59)) -> 9048500 | M59: =IF(D59="","",AVERAGE(D59,G59,J59)) -> 8912500 | N59: =IF(D59="","",_xlfn.STDEV.S(D59,G59,J59)) -> 626667.58 | O59: =IF(D59="","",N59/M59) -> 0.070313332 | Q59: =+VLOOKUP(A59,'PRECIOS 2025 VS 2026'!$B$7:$G$1477,5,FALSE) -> 435381.21 | R59: =+(L59-Q59)/Q59 -> 19.782936 | S59: =IF(ISNA(R59),MIN(D59,G59,J59),IF(R59<=5.1%,L59,Q59*1.051)) -> 457585.65 | U59: =+VLOOKUP(A59,'GRUPO 1'!$A$3:$F$440,5,FALSE) -> #N/A | V59: =+VLOOKUP(A59,'GRUPO 3'!$B$3:$F$1178,5,FALSE) -> #N/A | W59: =+ROUND((B59*1.19)-D59,0) -> 0 | X59: =ROUND((E59*1.19)-G59,0) -> 0 | Y59: =ROUND((H59*1.19)-J59,0) -> 1
A60: ANILLOS DE PISTON MOTOR | B60: 3419748 | C60: =+D60-B60 -> 649752 | D60: 4069500 | E60: 3231092 | F60: 613908 | G60: 3845000 | H60: 3321849 | I60: 631151 | J60: 3953000 | L60: =IF(D60="","",MEDIAN(D60,G60,J60)) -> 3953000 | M60: =IF(D60="","",AVERAGE(D60,G60,J60)) -> 3955833.3 | N60: =IF(D60="","",_xlfn.STDEV.S(D60,G60,J60)) -> 112276.82 | O60: =IF(D60="","",N60/M60) -> 0.028382595 | Q60: =+VLOOKUP(A60,'PRECIOS 2025 VS 2026'!$B$7:$G$1477,5,FALSE) -> #N/A | R60: =+(L60-Q60)/Q60 -> #N/A | S60: =IF(ISNA(R60),MIN(D60,G60,J60),IF(R60<=5.1%,L60,Q60*1.051)) -> 3845000 | U60: =+VLOOKUP(A60,'GRUPO 1'!$A$3:$F$440,5,FALSE) -> #N/A | V60: =+VLOOKUP(A60,'GRUPO 3'!$B$3:$F$1178,5,FALSE) -> #N/A | W60: =+ROUND((B60*1.19)-D60,0) -> 0 | X60: =ROUND((E60*1.19)-G60,0) -> -1 | Y60: =ROUND((H60*1.19)-J60,0) -> 0
A61: CILINDROS MOTOR | B61: 7034874 | C61: =+D61-B61 -> 1336626 | D61: 8371500 | E61: 7949580 | F61: 1510420 | G61: 9460000 | H61: 7279832 | I61: 1383168 | J61: 8663000 | L61: =IF(D61="","",MEDIAN(D61,G61,J61)) -> 8663000 | M61: =IF(D61="","",AVERAGE(D61,G61,J61)) -> 8831500 | N61: =IF(D61="","",_xlfn.STDEV.S(D61,G61,J61)) -> 563473.38 | O61: =IF(D61="","",N61/M61) -> 0.063802681 | Q61: =+VLOOKUP(A61,'PRECIOS 2025 VS 2026'!$B$7:$G$1477,5,FALSE) -> #N/A | R61: =+(L61-Q61)/Q61 -> #N/A | S61: =IF(ISNA(R61),MIN(D61,G61,J61),IF(R61<=5.1%,L61,Q61*1.051)) -> 8371500 | U61: =+VLOOKUP(A61,'GRUPO 1'!$A$3:$F$440,5,FALSE) -> #N/A | V61: =+VLOOKUP(A61,'GRUPO 3'!$B$3:$F$1178,5,FALSE) -> #N/A | W61: =+ROUND((B61*1.19)-D61,0) -> 0 | X61: =ROUND((E61*1.19)-G61,0) -> 0 | Y61: =ROUND((H61*1.19)-J61,0) -> 0
... A65: CAJA DE CAMBIOS | B65: 20188655 | C65: =+D65-B65 -> 3835845 | D65: 24024500 | E65: 17676471 | F65: 3358529 | G65: 21035000 | H65: 17756723 | I65: 3373777 | J65: 21130500 | L65: =IF(D65="","",MEDIAN(D65,G65,J65)) -> 21130500 | M65: =IF(D65="","",AVERAGE(D65,G65,J65)) -> 22063333 | N65: =IF(D65="","",_xlfn.STDEV.S(D65,G65,J65)) -> 1699091.3 | O65: =IF(D65="","",N65/M65) -> 0.077009726 | Q65: =+VLOOKUP(A65,'PRECIOS 2025 VS 2026'!$B$7:$G$1477,5,FALSE) -> #N/A | R65: =+(L65-Q65)/Q65 -> #N/A | S65: =IF(ISNA(R65),MIN(D65,G65,J65),IF(R65<=5.1%,L65,Q65*1.051)) -> 21035000 | U65: =+VLOOKUP(A65,'GRUPO 1'!$A$3:$F$440,5,FALSE) -> #N/A | V65: =+VLOOKUP(A65,'GRUPO 3'!$B$3:$F$1178,5,FALSE) -> #N/A | W65: =+ROUND((B65*1.19)-D65,0) -> -1 | X65: =ROUND((E65*1.19)-G65,0) -> 0 | Y65: =ROUND((H65*1.19)-J65,0) -> 0
A66: EMPAQUETADURA BOMBA DE INYECCION | B66: 1647059 | C66: =+D66-B66 -> 312941 | D66: 1960000 | E66: 1491597 | F66: 283403 | G66: 1775000 | H66: 1686555 | I66: 320445 | J66: 2007000 | L66: =IF(D66="","",MEDIAN(D66,G66,J66)) -> 1960000 | M66: =IF(D66="","",AVERAGE(D66,G66,J66)) -> 1914000 | N66: =IF(D66="","",_xlfn.STDEV.S(D66,G66,J66)) -> 122649.91 | O66: =IF(D66="","",N66/M66) -> 0.064080412 | Q66: =+V66 -> 479531.65 | R66: =+(L66-Q66)/Q66 -> 3.0873215 | S66: =IF(ISNA(R66),MIN(D66,G66,J66),IF(R66<=5.1%,L66,Q66*1.051)) -> 503987.76 | U66: =+VLOOKUP(A66,'GRUPO 1'!$A$3:$F$440,5,FALSE) -> #N/A | V66: =+VLOOKUP(A66,'GRUPO 3'!$B$3:$F$1178,5,FALSE) -> 479531.65 | W66: =+ROUND((B66*1.19)-D66,0) -> 0 | X66: =ROUND((E66*1.19)-G66,0) -> 0 | Y66: =ROUND((H66*1.19)-J66,0) -> 0
A67: LUBRICACION | C67: =+D67-B67 -> 0 | L67: =IF(D67="","",MEDIAN(D67,G67,J67)) | M67: =IF(D67="","",AVERAGE(D67,G67,J67)) | N67: =IF(D67="","",_xlfn.STDEV.S(D67,G67,J67)) | O67: =IF(D67="","",N67/M67) | Q67: =+VLOOKUP(A67,'PRECIOS 2025 VS 2026'!$B$7:$G$1477,5,FALSE) -> #N/A | R67: =+(L67-Q67)/Q67 -> #VALUE! | U67: =+VLOOKUP(A67,'GRUPO 1'!$A$3:$F$440,5,FALSE) -> #N/A | V67: =+VLOOKUP(A67,'GRUPO 3'!$B$3:$F$1178,5,FALSE) -> #N/A | W67: =+ROUND((B67*1.19)-D67,0) -> 0 | X67: =ROUND((E67*1.19)-G67,0) -> 0 | Y67: =ROUND((H67*1.19)-J67,0) -> 0
A68: FILTRO DE ACEITE | B68: 223950 | C68: =+D68-B68 -> 42550 | D68: 266500 | E68: 262185 | F68: 49815 | G68: 312000 | H68: 241176 | I68: 45824 | J68: 287000 | L68: =IF(D68="","",MEDIAN(D68,G68,J68)) -> 287000 | M68: =IF(D68="","",AVERAGE(D68,G68,J68)) -> 288500 | N68: =IF(D68="","",_xlfn.STDEV.S(D68,G68,J68)) -> 22787.058 | O68: =IF(D68="","",N68/M68) -> 0.078984602 | Q68: =+VLOOKUP(A68,'PRECIOS 2025 VS 2026'!$B$7:$G$1477,5,FALSE) -> 111135.42 | R68: =+(L68-Q68)/Q68 -> 1.582435 | S68: =IF(ISNA(R68),MIN(D68,G68,J68),IF(R68<=5.1%,L68,Q68*1.051)) -> 116803.33 | U68: =+VLOOKUP(A68,'GRUPO 1'!$A$3:$F$440,5,FALSE) -> #N/A | V68: =+VLOOKUP(A68,'GRUPO 3'!$B$3:$F$1178,5,FALSE) -> #N/A | W68: =+ROUND((B68*1.19)-D68,0) -> 1 | X68: =ROUND((E68*1.19)-G68,0) -> 0 | Y68: =ROUND((H68*1.19)-J68,0) -> -1
A69: ACEITE DE MOTOR | B69: 132773 | C69: =+D69-B69 -> 25227 | D69: 158000 | E69: 140000 | G69: 140000 | H69: 134034 | I69: 25466 | J69: 159500 | L69: =IF(D69="","",MEDIAN(D69,G69,J69)) -> 158000 | M69: =IF(D69="","",AVERAGE(D69,G69,J69)) -> 152500 | N69: =IF(D69="","",_xlfn.STDEV.S(D69,G69,J69)) -> 10851.267 | O69: =IF(D69="","",N69/M69) -> 0.071155851 | Q69: =+VLOOKUP(A69,'PRECIOS 2025 VS 2026'!$B$7:$G$1477,5,FALSE) -> #N/A | R69: =+(L69-Q69)/Q69 -> #N/A | S69: =IF(ISNA(R69),MIN(D69,G69,J69),IF(R69<=5.1%,L69,Q69*1.051)) -> 140000 | U69: =+VLOOKUP(A69,'GRUPO 1'!$A$3:$F$440,5,FALSE) -> #N/A | V69: =+VLOOKUP(A69,'GRUPO 3'!$B$3:$F$1178,5,FALSE) -> #N/A | W69: =+ROUND((B69*1.19)-D69,0) -> 0 | X69: =ROUND((E69*1.19)-G69,0) -> 26600 | Y69: =ROUND((H69*1.19)-J69,0) -> 0
A70: REFRIGERACION | C70: =+D70-B70 -> 0 | L70: =IF(D70="","",MEDIAN(D70,G70,J70)) | M70: =IF(D70="","",AVERAGE(D70,G70,J70)) | N70: =IF(D70="","",_xlfn.STDEV.S(D70,G70,J70)) | O70: =IF(D70="","",N70/M70) | Q70: =+VLOOKUP(A70,'PRECIOS 2025 VS 2026'!$B$7:$G$1477,5,FALSE) -> #N/A | R70: =+(L70-Q70)/Q70 -> #VALUE! | U70: =+VLOOKUP(A70,'GRUPO 1'!$A$3:$F$440,5,FALSE) -> #N/A | V70: =+VLOOKUP(A70,'GRUPO 3'!$B$3:$F$1178,5,FALSE) -> #N/A | W70: =+ROUND((B70*1.19)-D70,0) -> 0 | X70: =ROUND((E70*1.19)-G70,0) -> 0 | Y70: =ROUND((H70*1.19)-J70,0) -> 0
A71: CORREA VENTILADOR | B71: 322269 | C71: =+D71-B71 -> 61231 | D71: 383500 | E71: 279832 | F71: 53168 | G71: 333000 | H71: 287395 | I71: 54605 | J71: 342000 | L71: =IF(D71="","",MEDIAN(D71,G71,J71)) -> 342000 | M71: =IF(D71="","",AVERAGE(D71,G71,J71)) -> 352833.33 | N71: =IF(D71="","",_xlfn.STDEV.S(D71,G71,J71)) -> 26936.654 | O71: =IF(D71="","",N71/M71) -> 0.076343847 | Q71: =+VLOOKUP(A71,'PRECIOS 2025 VS 2026'!$B$7:$G$1477,5,FALSE) -> 112813.47 | R71: =+(L71-Q71)/Q71 -> 2.0315529 | S71: =IF(ISNA(R71),MIN(D71,G71,J71),IF(R71<=5.1%,L71,Q71*1.051)) -> 118566.96 | U71: =+VLOOKUP(A71,'GRUPO 1'!$A$3:$F$440,5,FALSE) -> #N/A | V71: =+VLOOKUP(A71,'GRUPO 3'!$B$3:$F$1178,5,FALSE) -> #N/A | W71: =+ROUND((B71*1.19)-D71,0) -> 0 | X71: =ROUND((E71*1.19)-G71,0) -> 0 | Y71: =ROUND((H71*1.19)-J71,0) -> 0
A72: MANTENIMIENTO RADIADOR | B72: 725210 | C72: =+D72-B72 -> 137790 | D72: 863000 | E72: 693277 | F72: 131723 | G72: 825000 | H72: 712185 | I72: 135315 | J72: 847500 | L72: =IF(D72="","",MEDIAN(D72,G72,J72)) -> 847500 | M72: =IF(D72="","",AVERAGE(D72,G72,J72)) -> 845166.67 | N72: =IF(D72="","",_xlfn.STDEV.S(D72,G72,J72)) -> 19107.154 | O72: =IF(D72="","",N72/M72) -> 0.022607557 | Q72: =+VLOOKUP(A72,'PRECIOS 2025 VS 2026'!$B$7:$G$1477,5,FALSE) -> 463960.53 | R72: =+(L72-Q72)/Q72 -> 0.82666401 | S72: =IF(ISNA(R72),MIN(D72,G72,J72),IF(R72<=5.1%,L72,Q72*1.051)) -> 487622.52 | U72: =+VLOOKUP(A72,'GRUPO 1'!$A$3:$F$440,5,FALSE) -> #N/A | V72: =+VLOOKUP(A72,'GRUPO 3'!$B$3:$F$1178,5,FALSE) -> #N/A | W72: =+ROUND((B72*1.19)-D72,0) -> 0 | X72: =ROUND((E72*1.19)-G72,0) -> 0 | Y72: =ROUND((H72*1.19)-J72,0) -> 0
A73: BOMBA DE AGUA | B73: 2559244 | C73: =+D73-B73 -> 486256 | D73: 3045500 | E73: 2268908 | F73: 431092 | G73: 2700000 | H73: 2703782 | I73: 513718 | J73: 3217500 | L73: =IF(D73="","",MEDIAN(D73,G73,J73)) -> 3045500 | M73: =IF(D73="","",AVERAGE(D73,G73,J73)) -> 2987666.7 | N73: =IF(D73="","",_xlfn.STDEV.S(D73,G73,J73)) -> 263552.81 | O73: =IF(D73="","",N73/M73) -> 0.088213592 | Q73: =+VLOOKUP(A73,'PRECIOS 2025 VS 2026'!$B$7:$G$1477,5,FALSE) -> 1670290.4 | R73: =+(L73-Q73)/Q73 -> 0.82333565 | S73: =IF(ISNA(R73),MIN(D73,G73,J73),IF(R73<=5.1%,L73,Q73*1.051)) -> 1755475.2 | U73: =+VLOOKUP(A73,'GRUPO 1'!$A$3:$F$440,5,FALSE) -> #N/A | V73: =+VLOOKUP(A73,'GRUPO 3'!$B$3:$F$1178,5,FALSE) -> #N/A | W73: =+ROUND((B73*1.19)-D73,0) -> 0 | X73: =ROUND((E73*1.19)-G73,0) -> 1 | Y73: =ROUND((H73*1.19)-J73,0) -> 1
A74: TAPA DE RADIADOR | B74: 405042 | C74: =+D74-B74 -> 76958 | D74: 482000 | E74: 404202 | F74: 76798 | G74: 481000 | H74: 431933 | I74: 82067 | J74: 514000 | L74: =IF(D74="","",MEDIAN(D74,G74,J74)) -> 482000 | M74: =IF(D74="","",AVERAGE(D74,G74,J74)) -> 492333.33 | N74: =IF(D74="","",_xlfn.STDEV.S(D74,G74,J74)) -> 18770.544 | O74: =IF(D74="","",N74/M74) -> 0.038125682 | Q74: =+VLOOKUP(A74,'PRECIOS 2025 VS 2026'!$B$7:$G$1477,5,FALSE) -> 102368.97 | R74: =+(L74-Q74)/Q74 -> 3.708458 | S74: =IF(ISNA(R74),MIN(D74,G74,J74),IF(R74<=5.1%,L74,Q74*1.051)) -> 107589.79 | U74: =+VLOOKUP(A74,'GRUPO 1'!$A$3:$F$440,5,FALSE) -> #N/A | V74: =+VLOOKUP(A74,'GRUPO 3'!$B$3:$F$1178,5,FALSE) -> #N/A | W74: =+ROUND((B74*1.19)-D74,0) -> 0 | X74: =ROUND((E74*1.19)-G74,0) -> 0 | Y74: =ROUND((H74*1.19)-J74,0) -> 0
A75: ABRAZADERAS | B75: 30252 | C75: =+D75-B75 -> 5748 | D75: 36000 | E75: 28571 | F75: 5429 | G75: 34000 | H75: 31513 | I75: 5987 | J75: 37500 | L75: =IF(D75="","",MEDIAN(D75,G75,J75)) -> 36000 | M75: =IF(D75="","",AVERAGE(D75,G75,J75)) -> 35833.333 | N75: =IF(D75="","",_xlfn.STDEV.S(D75,G75,J75)) -> 1755.9423 | O75: =IF(D75="","",N75/M75) -> 0.049003041 | Q75: =+VLOOKUP(A75,'PRECIOS 2025 VS 2026'!$B$7:$G$1477,5,FALSE) -> 4786.65 | R75: =+(L75-Q75)/Q75 -> 6.5209176 | S75: =IF(ISNA(R75),MIN(D75,G75,J75),IF(R75<=5.1%,L75,Q75*1.051)) -> 5030.7691 | U75: =+VLOOKUP(A75,'GRUPO 1'!$A$3:$F$440,5,FALSE) -> #N/A | V75: =+VLOOKUP(A75,'GRUPO 3'!$B$3:$F$1178,5,FALSE) -> #N/A | W75: =+ROUND((B75*1.19)-D75,0) -> 0 | X75: =ROUND((E75*1.19)-G75,0) -> -1 | Y75: =ROUND((H75*1.19)-J75,0) -> 0
A76: FILTRO DEL REFRIGERANTE | B76: 218487 | C76: =+D76-B76 -> 41513 | D76: 260000 | E76: 217647 | F76: 41353 | G76: 259000 | H76: 198319 | I76: 37681 | J76: 236000 | L76: =IF(D76="","",MEDIAN(D76,G76,J76)) -> 259000 | M76: =IF(D76="","",AVERAGE(D76,G76,J76)) -> 251666.67 | N76: =IF(D76="","",_xlfn.STDEV.S(D76,G76,J76)) -> 13576.941 | O76: =IF(D76="","",N76/M76) -> 0.053948111 | Q76: =+VLOOKUP(A76,'PRECIOS 2025 VS 2026'!$B$7:$G$1477,5,FALSE) -> 170572.05 | R76: =+(L76-Q76)/Q76 -> 0.51841993 | S76: =IF(ISNA(R76),MIN(D76,G76,J76),IF(R76<=5.1%,L76,Q76*1.051)) -> 179271.22 | U76: =+VLOOKUP(A76,'GRUPO 1'!$A$3:$F$440,5,FALSE) -> #N/A | V76: =+VLOOKUP(A76,'GRUPO 3'!$B$3:$F$1178,5,FALSE) -> #N/A | W76: =+ROUND((B76*1.19)-D76,0) -> 0 | X76: =ROUND((E76*1.19)-G76,0) -> 0 | Y76: =ROUND((H76*1.19)-J76,0) -> 0
A77: LIQUIDO REFRIGERANTE | B77: 222689 | C77: =+D77-B77 -> 42311 | D77: 265000 | E77: 199160 | F77: 37840 | G77: 237000 | H77: 205042 | I77: 38958 | J77: 244000 | L77: =IF(D77="","",MEDIAN(D77,G77,J77)) -> 244000 | M77: =IF(D77="","",AVERAGE(D77,G77,J77)) -> 248666.67 | N77: =IF(D77="","",_xlfn.STDEV.S(D77,G77,J77)) -> 14571.662 | O77: =IF(D77="","",N77/M77) -> 0.058599177 | Q77: =+VLOOKUP(A77,'PRECIOS 2025 VS 2026'!$B$7:$G$1477,5,FALSE) -> 96668.55 | R77: =+(L77-Q77)/Q77 -> 1.5240888 | S77: =IF(ISNA(R77),MIN(D77,G77,J77),IF(R77<=5.1%,L77,Q77*1.051)) -> 101598.65 | U77: =+VLOOKUP(A77,'GRUPO 1'!$A$3:$F$440,5,FALSE) -> #N/A | V77: =+VLOOKUP(A77,'GRUPO 3'!$B$3:$F$1178,5,FALSE) -> #N/A | W77: =+ROUND((B77*1.19)-D77,0) -> 0 | X77: =ROUND((E77*1.19)-G77,0) -> 0 | Y77: =ROUND((H77*1.19)-J77,0) -> 0
A78: ENFRIADOR DE ACEITE | B78: 3518487 | C78: =+D78-B78 -> 668513 | D78: 4187000 | E78: 3046218 | F78: 578782 | G78: 3625000 | H78: 3416387 | I78: 649113 | J78: 4065500 | L78: =IF(D78="","",MEDIAN(D78,G78,J78)) -> 4065500 | M78: =IF(D78="","",AVERAGE(D78,G78,J78)) -> 3959166.7 | N78: =IF(D78="","",_xlfn.STDEV.S(D78,G78,J78)) -> 295704.39 | O78: =IF(D78="","",N78/M78) -> 0.074688542 | Q78: =+VLOOKUP(A78,'PRECIOS 2025 VS 2026'!$B$7:$G$1477,5,FALSE) -> 2350636.2 | R78: =+(L78-Q78)/Q78 -> 0.72953178 | S78: =IF(ISNA(R78),MIN(D78,G78,J78),IF(R78<=5.1%,L78,Q78*1.051)) -> 2470518.6 | U78: =+VLOOKUP(A78,'GRUPO 1'!$A$3:$F$440,5,FALSE) -> #N/A | V78: =+VLOOKUP(A78,'GRUPO 3'!$B$3:$F$1178,5,FALSE) -> #N/A | W78: =+ROUND((B78*1.19)-D78,0) -> 0 | X78: =ROUND((E78*1.19)-G78,0) -> -1 | Y78: =ROUND((H78*1.19)-J78,0) -> 1
A79: FAN CLUTCH | B79: 3513445 | C79: =+D79-B79 -> 667555 | D79: 4181000 | E79: 3046218 | F79: 578782 | G79: 3625000 | H79: 3225630 | I79: 612870 | J79: 3838500 | L79: =IF(D79="","",MEDIAN(D79,G79,J79)) -> 3838500 | M79: =IF(D79="","",AVERAGE(D79,G79,J79)) -> 3881500 | N79: =IF(D79="","",_xlfn.STDEV.S(D79,G79,J79)) -> 280483.07 | O79: =IF(D79="","",N79/M79) -> 0.072261514 | Q79: =+VLOOKUP(A79,'PRECIOS 2025 VS 2026'!$B$7:$G$1477,5,FALSE) -> 2973906.5 | R79: =+(L79-Q79)/Q79 -> 0.29072651 | S79: =IF(ISNA(R79),MIN(D79,G79,J79),IF(R79<=5.1%,L79,Q79*1.051)) -> 3125575.8 | U79: =+VLOOKUP(A79,'GRUPO 1'!$A$3:$F$440,5,FALSE) -> #N/A | V79: =+VLOOKUP(A79,'GRUPO 3'!$B$3:$F$1178,5,FALSE) -> #N/A | W79: =+ROUND((B79*1.19)-D79,0) -> 0 | X79: =ROUND((E79*1.19)-G79,0) -> -1 | Y79: =ROUND((H79*1.19)-J79,0) -> 0
A80: SISTEMA DE ADMISION Y COMBUSTIBLE | Q80: =+VLOOKUP(A80,'PRECIOS 2025 VS 2026'!$B$7:$G$1477,5,FALSE) -> #N/A | R80: =+(L80-Q80)/Q80 -> #N/A | S80: =IF(ISNA(R80),MIN(D80,G80,J80),IF(R80<=5.1%,L80,Q80*1.051)) -> 0 | U80: =+VLOOKUP(A80,'GRUPO 1'!$A$3:$F$440,5,FALSE) -> #N/A | V80: =+VLOOKUP(A80,'GRUPO 3'!$B$3:$F$1178,5,FALSE) -> #N/A | W80: =+ROUND((B80*1.19)-D80,0) -> 0 | X80: =ROUND((E80*1.19)-G80,0) -> 0 | Y80: =ROUND((H80*1.19)-J80,0) -> 0
A81: FILTRO DE COMBUSTIBLE | B81: 613445 | C81: =+D81-B81 -> 116555 | D81: 730000 | E81: 597479 | F81: 113521 | G81: 711000 | H81: 629832 | I81: 119668 | J81: 749500 | L81: =IF(D81="","",MEDIAN(D81,G81,J81)) -> 730000 | M81: =IF(D81="","",AVERAGE(D81,G81,J81)) -> 730166.67 | N81: =IF(D81="","",_xlfn.STDEV.S(D81,G81,J81)) -> 19250.541 | O81: =IF(D81="","",N81/M81) -> 0.026364585 | Q81: =+VLOOKUP(A81,'PRECIOS 2025 VS 2026'!$B$7:$G$1477,5,FALSE) -> 169002.9 | R81: =+(L81-Q81)/Q81 -> 3.3194525 | S81: =IF(ISNA(R81),MIN(D81,G81,J81),IF(R81<=5.1%,L81,Q81*1.051)) -> 177622.05 | U81: =+VLOOKUP(A81,'GRUPO 1'!$A$3:$F$440,5,FALSE) -> #N/A | V81: =+VLOOKUP(A81,'GRUPO 3'!$B$3:$F$1178,5,FALSE) -> 206404.9 | W81: =+ROUND((B81*1.19)-D81,0) -> 0 | X81: =ROUND((E81*1.19)-G81,0) -> 0 | Y81: =ROUND((H81*1.19)-J81,0) -> 0
A82: FILTRO SEPARADOR DE AGUA | B82: 569328 | C82: =+D82-B82 -> 108172 | D82: 677500 | E82: 578992 | F82: 110008 | G82: 689000 | H82: 586975 | I82: 111525 | J82: 698500 | L82: =IF(D82="","",MEDIAN(D82,G82,J82)) -> 689000 | M82: =IF(D82="","",AVERAGE(D82,G82,J82)) -> 688333.33 | N82: =IF(D82="","",_xlfn.STDEV.S(D82,G82,J82)) -> 10515.861 | O82: =IF(D82="","",N82/M82) -> 0.01527728 | Q82: =+VLOOKUP(A82,'PRECIOS 2025 VS 2026'!$B$7:$G$1477,5,FALSE) -> 159286.05 | R82: =+(L82-Q82)/Q82 -> 3.3255514 | S82: =IF(ISNA(R82),MIN(D82,G82,J82),IF(R82<=5.1%,L82,Q82*1.051)) -> 167409.64 | U82: =+VLOOKUP(A82,'GRUPO 1'!$A$3:$F$440,5,FALSE) -> #N/A | V82: =+VLOOKUP(A82,'GRUPO 3'!$B$3:$F$1178,5,FALSE) -> 280701.85 | W82: =+ROUND((B82*1.19)-D82,0) -> 0 | X82: =ROUND((E82*1.19)-G82,0) -> 0 | Y82: =ROUND((H82*1.19)-J82,0) -> 0
A83: FILTRO DE AIRE SECUNDARIO | B83: 768908 | C83: =+D83-B83 -> 146092 | D83: 915000 | E83: 714286 | F83: 135714 | G83: 850000 | H83: 775630 | I83: 147370 | J83: 923000 | L83: =IF(D83="","",MEDIAN(D83,G83,J83)) -> 915000 | M83: =IF(D83="","",AVERAGE(D83,G83,J83)) -> 896000 | N83: =IF(D83="","",_xlfn.STDEV.S(D83,G83,J83)) -> 40037.482 | O83: =IF(D83="","",N83/M83) -> 0.04468469 | Q83: =+VLOOKUP(A83,'PRECIOS 2025 VS 2026'!$B$7:$G$1477,5,FALSE) -> 115394.4 | R83: =+(L83-Q83)/Q83 -> 6.9293276 | S83: =IF(ISNA(R83),MIN(D83,G83,J83),IF(R83<=5.1%,L83,Q83*1.051)) -> 121279.51 | U83: =+VLOOKUP(A83,'GRUPO 1'!$A$3:$F$440,5,FALSE) -> #N/A | V83: =+VLOOKUP(A83,'GRUPO 3'!$B$3:$F$1178,5,FALSE) -> 363552.15 | W83: =+ROUND((B83*1.19)-D83,0) -> 1 | X83: =ROUND((E83*1.19)-G83,0) -> 0 | Y83: =ROUND((H83*1.19)-J83,0) -> 0
A84: FILTRO DE AIRE PRIMARIO | B84: 1087395 | C84: =+D84-B84 -> 206605 | D84: 1294000 | E84: 983193 | F84: 186807 | G84: 1170000 | H84: 1085294 | I84: 206206 | J84: 1291500 | L84: =IF(D84="","",MEDIAN(D84,G84,J84)) -> 1291500 | M84: =IF(D84="","",AVERAGE(D84,G84,J84)) -> 1251833.3 | N84: =IF(D84="","",_xlfn.STDEV.S(D84,G84,J84)) -> 70880.768 | O84: =IF(D84="","",N84/M84) -> 0.05662157 | Q84: =+VLOOKUP(A84,'PRECIOS 2025 VS 2026'!$B$7:$G$1477,5,FALSE) -> 115447.86 | R84: =+(L84-Q84)/Q84 -> 10.186868 | S84: =IF(ISNA(R84),MIN(D84,G84,J84),IF(R84<=5.1%,L84,Q84*1.051)) -> 121335.7 | U84: =+VLOOKUP(A84,'GRUPO 1'!$A$3:$F$440,5,FALSE) -> #N/A | V84: =+VLOOKUP(A84,'GRUPO 3'!$B$3:$F$1178,5,FALSE) -> 374500.1 | W84: =+ROUND((B84*1.19)-D84,0) -> 0 | X84: =ROUND((E84*1.19)-G84,0) -> 0 | Y84: =ROUND((H84*1.19)-J84,0) -> 0
A85: KIT REPARACION TURBO | B85: 1813445 | C85: =+D85-B85 -> 344555 | D85: 2158000 | E85: 1474790 | F85: 280210 | G85: 1755000 | H85: 1684454 | I85: 320046 | J85: 2004500 | L85: =IF(D85="","",MEDIAN(D85,G85,J85)) -> 2004500 | M85: =IF(D85="","",AVERAGE(D85,G85,J85)) -> 1972500 | N85: =IF(D85="","",_xlfn.STDEV.S(D85,G85,J85)) -> 203396.78 | O85: =IF(D85="","",N85/M85) -> 0.10311624 | Q85: =+VLOOKUP(A85,'PRECIOS 2025 VS 2026'!$B$7:$G$1477,5,FALSE) -> 2559227.2 | R85: =+(L85-Q85)/Q85 -> -0.21675575 | S85: =IF(ISNA(R85),MIN(D85,G85,J85),IF(R85<=5.1%,L85,Q85*1.051)) -> 2004500 | U85: =+VLOOKUP(A85,'GRUPO 1'!$A$3:$F$440,5,FALSE) -> #N/A | V85: =+VLOOKUP(A85,'GRUPO 3'!$B$3:$F$1178,5,FALSE) -> #N/A | W85: =+ROUND((B85*1.19)-D85,0) -> 0 | X85: =ROUND((E85*1.19)-G85,0) -> 0 | Y85: =ROUND((H85*1.19)-J85,0) -> 0
A86: JGO EMPAQUES INYECTOR ELECTRONICO | B86: 786555 | C86: =+D86-B86 -> 149445 | D86: 936000 | E86: 739496 | F86: 140504 | G86: 880000 | H86: 785294 | I86: 149206 | J86: 934500 | L86: =IF(D86="","",MEDIAN(D86,G86,J86)) -> 934500 | M86: =IF(D86="","",AVERAGE(D86,G86,J86)) -> 916833.33 | N86: =IF(D86="","",_xlfn.STDEV.S(D86,G86,J86)) -> 31907.418 | O86: =IF(D86="","",N86/M86) -> 0.034801765 | Q86: =+VLOOKUP(A86,'PRECIOS 2025 VS 2026'!$B$7:$G$1477,5,FALSE) -> 652984.2 | R86: =+(L86-Q86)/Q86 -> 0.43112192 | S86: =IF(ISNA(R86),MIN(D86,G86,J86),IF(R86<=5.1%,L86,Q86*1.051)) -> 686286.39 | U86: =+VLOOKUP(A86,'GRUPO 1'!$A$3:$F$440,5,FALSE) -> #N/A | V86: =+VLOOKUP(A86,'GRUPO 3'!$B$3:$F$1178,5,FALSE) -> #N/A | W86: =+ROUND((B86*1.19)-D86,0) -> 0 | X86: =ROUND((E86*1.19)-G86,0) -> 0 | Y86: =ROUND((H86*1.19)-J86,0) -> 0
A87: SISTEMA ELECTRICO | C87: =+D87-B87 -> 0 | L87: =IF(D87="","",MEDIAN(D87,G87,J87)) | M87: =IF(D87="","",AVERAGE(D87,G87,J87)) | N87: =IF(D87="","",_xlfn.STDEV.S(D87,G87,J87)) | O87: =IF(D87="","",N87/M87) | Q87: =+VLOOKUP(A87,'PRECIOS 2025 VS 2026'!$B$7:$G$1477,5,FALSE) -> 0 | R87: =+(L87-Q87)/Q87 -> #VALUE! | U87: =+VLOOKUP(A87,'GRUPO 1'!$A$3:$F$440,5,FALSE) -> #N/A | V87: =+VLOOKUP(A87,'GRUPO 3'!$B$3:$F$1178,5,FALSE) -> #N/A | W87: =+ROUND((B87*1.19)-D87,0) -> 0 | X87: =ROUND((E87*1.19)-G87,0) -> 0 | Y87: =ROUND((H87*1.19)-J87,0) -> 0
A88: KIT REPARACION ALTERNADOR | B88: 723529 | C88: =+D88-B88 -> 137471 | D88: 861000 | E88: 764706 | F88: 145294 | G88: 910000 | H88: 740756 | I88: 140744 | J88: 881500 | L88: =IF(D88="","",MEDIAN(D88,G88,J88)) -> 881500 | M88: =IF(D88="","",AVERAGE(D88,G88,J88)) -> 884166.67 | N88: =IF(D88="","",_xlfn.STDEV.S(D88,G88,J88)) -> 24608.603 | O88: =IF(D88="","",N88/M88) -> 0.027832539 | Q88: =+VLOOKUP(A88,'PRECIOS 2025 VS 2026'!$B$7:$G$1477,5,FALSE) -> 1563599.1 | R88: =+(L88-Q88)/Q88 -> -0.43623655 | S88: =IF(ISNA(R88),MIN(D88,G88,J88),IF(R88<=5.1%,L88,Q88*1.051)) -> 881500 | U88: =+VLOOKUP(A88,'GRUPO 1'!$A$3:$F$440,5,FALSE) -> #N/A | V88: =+VLOOKUP(A88,'GRUPO 3'!$B$3:$F$1178,5,FALSE) -> #N/A | W88: =+ROUND((B88*1.19)-D88,0) -> 0 | X88: =ROUND((E88*1.19)-G88,0) -> 0 | Y88: =ROUND((H88*1.19)-J88,0) -> 0
A89: BUJIA DE PRECALENTAMIENTO | B89: 334874 | C89: =+D89-B89 -> 63626 | D89: 398500 | E89: 292437 | F89: 55563 | G89: 348000 | H89: 335714 | I89: 63786 | J89: 399500 | L89: =IF(D89="","",MEDIAN(D89,G89,J89)) -> 398500 | M89: =IF(D89="","",AVERAGE(D89,G89,J89)) -> 382000 | N89: =IF(D89="","",_xlfn.STDEV.S(D89,G89,J89)) -> 29449.109 | O89: =IF(D89="","",N89/M89) -> 0.077091907 | Q89: =+VLOOKUP(A89,'PRECIOS 2025 VS 2026'!$B$7:$G$1477,5,FALSE) -> 299599.74 | R89: =+(L89-Q89)/Q89 -> 0.33010796 | S89: =IF(ISNA(R89),MIN(D89,G89,J89),IF(R89<=5.1%,L89,Q89*1.051)) -> 314879.33 | U89: =+VLOOKUP(A89,'GRUPO 1'!$A$3:$F$440,5,FALSE) -> #N/A | V89: =+VLOOKUP(A89,'GRUPO 3'!$B$3:$F$1178,5,FALSE) -> #N/A | W89: =+ROUND((B89*1.19)-D89,0) -> 0 | X89: =ROUND((E89*1.19)-G89,0) -> 0 | Y89: =ROUND((H89*1.19)-J89,0) -> 0
A90: ALTERNADOR COMPLETO | B90: 3225630 | C90: =+D90-B90 -> 612870 | D90: 3838500 | E90: 3046218 | F90: 578782 | G90: 3625000 | H90: 3177731 | I90: 603769 | J90: 3781500 | L90: =IF(D90="","",MEDIAN(D90,G90,J90)) -> 3781500 | M90: =IF(D90="","",AVERAGE(D90,G90,J90)) -> 3748333.3 | N90: =IF(D90="","",_xlfn.STDEV.S(D90,G90,J90)) -> 110546.75 | O90: =IF(D90="","",N90/M90) -> 0.02949224 | Q90: =+VLOOKUP(A90,'PRECIOS 2025 VS 2026'!$B$7:$G$1477,5,FALSE) -> #N/A | R90: =+(L90-Q90)/Q90 -> #N/A | S90: =IF(ISNA(R90),MIN(D90,G90,J90),IF(R90<=5.1%,L90,Q90*1.051)) -> 3625000 | U90: =+VLOOKUP(A90,'GRUPO 1'!$A$3:$F$440,5,FALSE) -> #N/A | V90: =+VLOOKUP(A90,'GRUPO 3'!$B$3:$F$1178,5,FALSE) -> #N/A | W90: =+ROUND((B90*1.19)-D90,0) -> 0 | X90: =ROUND((E90*1.19)-G90,0) -> -1 | Y90: =ROUND((H90*1.19)-J90,0) -> 0
A91: CORREA DE ACCESORIOS | B91: 225210 | C91: =+D91-B91 -> 42790 | D91: 268000 | E91: 217647 | F91: 41353 | G91: 259000 | H91: 222269 | I91: 42231 | J91: 264500 | L91: =IF(D91="","",MEDIAN(D91,G91,J91)) -> 264500 | M91: =IF(D91="","",AVERAGE(D91,G91,J91)) -> 263833.33 | N91: =IF(D91="","",_xlfn.STDEV.S(D91,G91,J91)) -> 4536.8859 | O91: =IF(D91="","",N91/M91) -> 0.01719603 | Q91: =+VLOOKUP(A91,'PRECIOS 2025 VS 2026'!$B$7:$G$1477,5,FALSE) -> 206733.78 | R91: =+(L91-Q91)/Q91 -> 0.27942323 | S91: =IF(ISNA(R91),MIN(D91,G91,J91),IF(R91<=5.1%,L91,Q91*1.051)) -> 217277.2 | U91: =+VLOOKUP(A91,'GRUPO 1'!$A$3:$F$440,5,FALSE) -> #N/A | V91: =+VLOOKUP(A91,'GRUPO 3'!$B$3:$F$1178,5,FALSE) -> #N/A | W91: =+ROUND((B91*1.19)-D91,0) -> 0 | X91: =ROUND((E91*1.19)-G91,0) -> 0 | Y91: =ROUND((H91*1.19)-J91,0) -> 0
A92: CORREA DE ALTERNADOR | B92: 370588 | C92: =+D92-B92 -> 70412 | D92: 441000 | E92: 326050 | F92: 61950 | G92: 388000 | H92: 403361 | I92: 76639 | J92: 480000 | L92: =IF(D92="","",MEDIAN(D92,G92,J92)) -> 441000 | M92: =IF(D92="","",AVERAGE(D92,G92,J92)) -> 436333.33 | N92: =IF(D92="","",_xlfn.STDEV.S(D92,G92,J92)) -> 46177.195 | O92: =IF(D92="","",N92/M92) -> 0.10583009 | Q92: =+VLOOKUP(A92,'PRECIOS 2025 VS 2026'!$B$7:$G$1477,5,FALSE) -> 140518.62 | R92: =+(L92-Q92)/Q92 -> 2.1383741 | S92: =IF(ISNA(R92),MIN(D92,G92,J92),IF(R92<=5.1%,L92,Q92*1.051)) -> 147685.07 | U92: =+VLOOKUP(A92,'GRUPO 1'!$A$3:$F$440,5,FALSE) -> #N/A | V92: =+VLOOKUP(A92,'GRUPO 3'!$B$3:$F$1178,5,FALSE) -> #N/A | W92: =+ROUND((B92*1.19)-D92,0) -> 0 | X92: =ROUND((E92*1.19)-G92,0) -> -1 | Y92: =ROUND((H92*1.19)-J92,0) -> 0
A93: BATERIAS 4D | B93: 2483193 | C93: =+D93-B93 -> 471807 | D93: 2955000 | E93: 2142857 | F93: 407143 | G93: 2550000 | H93: 2336134 | I93: 443866 | J93: 2780000 | L93: =IF(D93="","",MEDIAN(D93,G93,J93)) -> 2780000 | M93: =IF(D93="","",AVERAGE(D93,G93,J93)) -> 2761666.7 | N93: =IF(D93="","",_xlfn.STDEV.S(D93,G93,J93)) -> 203121.47 | O93: =IF(D93="","",N93/M93) -> 0.073550323 | Q93: =+VLOOKUP(A93,'PRECIOS 2025 VS 2026'!$B$7:$G$1477,5,FALSE) -> #N/A | R93: =+(L93-Q93)/Q93 -> #N/A | S93: =IF(ISNA(R93),MIN(D93,G93,J93),IF(R93<=5.1%,L93,Q93*1.051)) -> 2550000 | U93: =+VLOOKUP(A93,'GRUPO 1'!$A$3:$F$440,5,FALSE) -> #N/A | V93: =+VLOOKUP(A93,'GRUPO 3'!$B$3:$F$1178,5,FALSE) -> #N/A | W93: =+ROUND((B93*1.19)-D93,0) -> 0 | X93: =ROUND((E93*1.19)-G93,0) -> 0 | Y93: =ROUND((H93*1.19)-J93,0) -> -1
A94: LUZ DE ESCENA LED DE 14000 LUMEN/DC, 12 VOLT, 110 WATT, 9,1 AMPERIOS, ANCHO: 7,5 PULG, ALTO: 5,25 PULG Y PROFUNDIDAD: 2 PULG CON RESISTENCIA PI:68 | B94: 1636975 | C94: =+D94-B94 -> 311025 | D94: 1948000 | E94: 1512605 | F94: 287395 | G94: 1800000 | H94: 1645798 | I94: 312702 | J94: 1958500 | L94: =IF(D94="","",MEDIAN(D94,G94,J94)) -> 1948000 | M94: =IF(D94="","",AVERAGE(D94,G94,J94)) -> 1902166.7 | N94: =IF(D94="","",_xlfn.STDEV.S(D94,G94,J94)) -> 88634.549 | O94: =IF(D94="","",N94/M94) -> 0.046596626 | Q94: =+VLOOKUP(A94,'PRECIOS 2025 VS 2026'!$B$7:$G$1477,5,FALSE) -> 4791871.3 | R94: =+(L94-Q94)/Q94 -> -0.59347823 | S94: =IF(ISNA(R94),MIN(D94,G94,J94),IF(R94<=5.1%,L94,Q94*1.051)) -> 1948000 | U94: =+VLOOKUP(A94,'GRUPO 1'!$A$3:$F$440,5,FALSE) -> #N/A | V94: =+VLOOKUP(A94,'GRUPO 3'!$B$3:$F$1178,5,FALSE) -> #N/A | W94: =+ROUND((B94*1.19)-D94,0) -> 0 | X94: =ROUND((E94*1.19)-G94,0) -> 0 | Y94: =ROUND((H94*1.19)-J94,0) -> 0
A95: CONVERTIDOR DE VOLTAJE -24 VOLT A 12 VOLT DC CON POTENCIA DE SALIDA DE 60 AMP | B95: 2130252 | C95: =+D95-B95 -> 404748 | D95: 2535000 | E95: 2037815 | F95: 387185 | G95: 2425000 | H95: 2173109 | I95: 412891 | J95: 2586000 | L95: =IF(D95="","",MEDIAN(D95,G95,J95)) -> 2535000 | M95: =IF(D95="","",AVERAGE(D95,G95,J95)) -> 2515333.3 | N95: =IF(D95="","",_xlfn.STDEV.S(D95,G95,J95)) -> 82282.035 | O95: =IF(D95="","",N95/M95) -> 0.032712179 | Q95: =+VLOOKUP(A95,'PRECIOS 2025 VS 2026'!$B$7:$G$1477,5,FALSE) -> 1949018.9 | R95: =+(L95-Q95)/Q95 -> 0.30065437 | S95: =IF(ISNA(R95),MIN(D95,G95,J95),IF(R95<=5.1%,L95,Q95*1.051)) -> 2048418.9 | U95: =+VLOOKUP(A95,'GRUPO 1'!$A$3:$F$440,5,FALSE) -> #N/A | V95: =+VLOOKUP(A95,'GRUPO 3'!$B$3:$F$1178,5,FALSE) -> #N/A | W95: =+ROUND((B95*1.19)-D95,0) -> 0 | X95: =ROUND((E95*1.19)-G95,0) -> 0 | Y95: =ROUND((H95*1.19)-J95,0) -> 0
A96: SENSOR DE POSICION ARBOL DE LEVAS (CMP) | B96: 760084 | C96: =+D96-B96 -> 144416 | D96: 904500 | E96: 714286 | F96: 135714 | G96: 850000 | H96: 705882 | I96: 134118 | J96: 840000 | L96: =IF(D96="","",MEDIAN(D96,G96,J96)) -> 850000 | M96: =IF(D96="","",AVERAGE(D96,G96,J96)) -> 864833.33 | N96: =IF(D96="","",_xlfn.STDEV.S(D96,G96,J96)) -> 34714.31 | O96: =IF(D96="","",N96/M96) -> 0.040139885 | Q96: =+VLOOKUP(A96,'PRECIOS 2025 VS 2026'!$B$7:$G$1477,5,FALSE) -> 1110833.5 | R96: =+(L96-Q96)/Q96 -> -0.23480879 | S96: =IF(ISNA(R96),MIN(D96,G96,J96),IF(R96<=5.1%,L96,Q96*1.051)) -> 850000 | U96: =+VLOOKUP(A96,'GRUPO 1'!$A$3:$F$440,5,FALSE) -> #N/A | V96: =+VLOOKUP(A96,'GRUPO 3'!$B$3:$F$1178,5,FALSE) -> #N/A | W96: =+ROUND((B96*1.19)-D96,0) -> 0 | X96: =ROUND((E96*1.19)-G96,0) -> 0 | Y96: =ROUND((H96*1.19)-J96,0) -> 0
A97: SISTEMA DE TRANSMISION | C97: =+D97-B97 -> 0 | L97: =IF(D97="","",MEDIAN(D97,G97,J97)) | M97: =IF(D97="","",AVERAGE(D97,G97,J97)) | N97: =IF(D97="","",_xlfn.STDEV.S(D97,G97,J97)) | O97: =IF(D97="","",N97/M97) | Q97: =+VLOOKUP(A97,'PRECIOS 2025 VS 2026'!$B$7:$G$1477,5,FALSE) -> 0 | R97: =+(L97-Q97)/Q97 -> #VALUE! | U97: =+VLOOKUP(A97,'GRUPO 1'!$A$3:$F$440,5,FALSE) -> #N/A | V97: =+VLOOKUP(A97,'GRUPO 3'!$B$3:$F$1178,5,FALSE) -> #N/A | W97: =+ROUND((B97*1.19)-D97,0) -> 0 | X97: =ROUND((E97*1.19)-G97,0) -> 0 | Y97: =ROUND((H97*1.19)-J97,0) -> 0
A98: SISTEMA DE EMBRIAGUE COMPLETO | B98: 7572269 | C98: =+D98-B98 -> 1438731 | D98: 9011000 | E98: 6294118 | F98: 1195882 | G98: 7490000 | H98: 7102101 | I98: 1349399 | J98: 8451500 | L98: =IF(D98="","",MEDIAN(D98,G98,J98)) -> 8451500 | M98: =IF(D98="","",AVERAGE(D98,G98,J98)) -> 8317500 | N98: =IF(D98="","",_xlfn.STDEV.S(D98,G98,J98)) -> 769303.09 | O98: =IF(D98="","",N98/M98) -> 0.092492106 | Q98: =+VLOOKUP(A98,'PRECIOS 2025 VS 2026'!$B$7:$G$1477,5,FALSE) -> #N/A | R98: =+(L98-Q98)/Q98 -> #N/A | S98: =IF(ISNA(R98),MIN(D98,G98,J98),IF(R98<=5.1%,L98,Q98*1.051)) -> 7490000 | U98: =+VLOOKUP(A98,'GRUPO 1'!$A$3:$F$440,5,FALSE) -> #N/A | V98: =+VLOOKUP(A98,'GRUPO 3'!$B$3:$F$1178,5,FALSE) -> #N/A | W98: =+ROUND((B98*1.19)-D98,0) -> 0 | X98: =ROUND((E98*1.19)-G98,0) -> 0 | Y98: =ROUND((H98*1.19)-J98,0) -> 0
A99: RETENEDOR DE RUEDA | B99: 199580 | C99: =+D99-B99 -> 37920 | D99: 237500 | E99: 217647 | F99: 41353 | G99: 259000 | H99: 200000 | I99: 38000 | J99: 238000 | L99: =IF(D99="","",MEDIAN(D99,G99,J99)) -> 238000 | M99: =IF(D99="","",AVERAGE(D99,G99,J99)) -> 244833.33 | N99: =IF(D99="","",_xlfn.STDEV.S(D99,G99,J99)) -> 12271.24 | O99: =IF(D99="","",N99/M99) -> 0.05012079 | Q99: =+VLOOKUP(A99,'PRECIOS 2025 VS 2026'!$B$7:$G$1477,5,FALSE) -> 41163.21 | R99: =+(L99-Q99)/Q99 -> 4.781862 | S99: =IF(ISNA(R99),MIN(D99,G99,J99),IF(R99<=5.1%,L99,Q99*1.051)) -> 43262.534 | U99: =+VLOOKUP(A99,'GRUPO 1'!$A$3:$F$440,5,FALSE) -> #N/A | V99: =+VLOOKUP(A99,'GRUPO 3'!$B$3:$F$1178,5,FALSE) -> #N/A | W99: =+ROUND((B99*1.19)-D99,0) -> 0 | X99: =ROUND((E99*1.19)-G99,0) -> 0 | Y99: =ROUND((H99*1.19)-J99,0) -> 0
A100: GUAYA DE PALANCA DE CAMBIOS | B100: 310084 | C100: =+D100-B100 -> 58916 | D100: 369000 | E100: 311765 | F100: 59235 | G100: 371000 | H100: 297059 | I100: 56441 | J100: 353500 | L100: =IF(D100="","",MEDIAN(D100,G100,J100)) -> 369000 | M100: =IF(D100="","",AVERAGE(D100,G100,J100)) -> 364500 | N100: =IF(D100="","",_xlfn.STDEV.S(D100,G100,J100)) -> 9578.622 | O100: =IF(D100="","",N100/M100) -> 0.026278798 | Q100: =+VLOOKUP(A100,'PRECIOS 2025 VS 2026'!$B$7:$G$1477,5,FALSE) -> 517655.16 | R100: =+(L100-Q100)/Q100 -> -0.28717025 | S100: =IF(ISNA(R100),MIN(D100,G100,J100),IF(R100<=5.1%,L100,Q100*1.051)) -> 369000 | U100: =+VLOOKUP(A100,'GRUPO 1'!$A$3:$F$440,5,FALSE) -> #N/A | V100: =+VLOOKUP(A100,'GRUPO 3'!$B$3:$F$1178,5,FALSE) -> #N/A | W100: =+ROUND((B100*1.19)-D100,0) -> 0 | X100: =ROUND((E100*1.19)-G100,0) -> 0 | Y100: =ROUND((H100*1.19)-J100,0) -> 0
A101: RODAMIENTO RUEDA DELANTERA | B101: 321429 | C101: =+D101-B101 -> 61071 | D101: 382500 | E101: 311765 | F101: 59235 | G101: 371000 | H101: 297479 | I101: 56521 | J101: 354000 | L101: =IF(D101="","",MEDIAN(D101,G101,J101)) -> 371000 | M101: =IF(D101="","",AVERAGE(D101,G101,J101)) -> 369166.67 | N101: =IF(D101="","",_xlfn.STDEV.S(D101,G101,J101)) -> 14338.177 | O101: =IF(D101="","",N101/M101) -> 0.038839307 | Q101: =+VLOOKUP(A101,'PRECIOS 2025 VS 2026'!$B$7:$G$1477,5,FALSE) -> 133131.24 | R101: =+(L101-Q101)/Q101 -> 1.7867238 | S101: =IF(ISNA(R101),MIN(D101,G101,J101),IF(R101<=5.1%,L101,Q101*1.051)) -> 139920.93 | U101: =+VLOOKUP(A101,'GRUPO 1'!$A$3:$F$440,5,FALSE) -> #N/A | V101: =+VLOOKUP(A101,'GRUPO 3'!$B$3:$F$1178,5,FALSE) -> #N/A | W101: =+ROUND((B101*1.19)-D101,0) -> 1 | X101: =ROUND((E101*1.19)-G101,0) -> 0 | Y101: =ROUND((H101*1.19)-J101,0) -> 0
A102: BANDA DE FRENO DE ENERGENCIA | B102: 603361 | C102: =+D102-B102 -> 114639 | D102: 718000 | E102: 584034 | F102: 110966 | G102: 695000 | H102: 618487 | I102: 117513 | J102: 736000 | L102: =IF(D102="","",MEDIAN(D102,G102,J102)) -> 718000 | M102: =IF(D102="","",AVERAGE(D102,G102,J102)) -> 716333.33 | N102: =IF(D102="","",_xlfn.STDEV.S(D102,G102,J102)) -> 20550.75 | O102: =IF(D102="","",N102/M102) -> 0.028688809 | Q102: =+VLOOKUP(A102,'PRECIOS 2025 VS 2026'!$B$7:$G$1477,5,FALSE) -> 789449.76 | R102: =+(L102-Q102)/Q102 -> -0.090505772 | S102: =IF(ISNA(R102),MIN(D102,G102,J102),IF(R102<=5.1%,L102,Q102*1.051)) -> 718000 | U102: =+VLOOKUP(A102,'GRUPO 1'!$A$3:$F$440,5,FALSE) -> #N/A | V102: =+VLOOKUP(A102,'GRUPO 3'!$B$3:$F$1178,5,FALSE) -> #N/A | W102: =+ROUND((B102*1.19)-D102,0) -> 0 | X102: =ROUND((E102*1.19)-G102,0) -> 0 | Y102: =ROUND((H102*1.19)-J102,0) -> 0
A103: RODAMIENTO RUEDA TRASERA | B103: 376891 | C103: =+D103-B103 -> 71609 | D103: 448500 | E103: 368908 | F103: 70092 | G103: 439000 | H103: 344538 | I103: 65462 | J103: 410000 | L103: =IF(D103="","",MEDIAN(D103,G103,J103)) -> 439000 | M103: =IF(D103="","",AVERAGE(D103,G103,J103)) -> 432500 | N103: =IF(D103="","",_xlfn.STDEV.S(D103,G103,J103)) -> 20056.171 | O103: =IF(D103="","",N103/M103) -> 0.04637265 | Q103: =+VLOOKUP(A103,'PRECIOS 2025 VS 2026'!$B$7:$G$1477,5,FALSE) -> 311765.85 | R103: =+(L103-Q103)/Q103 -> 0.40810804 | S103: =IF(ISNA(R103),MIN(D103,G103,J103),IF(R103<=5.1%,L103,Q103*1.051)) -> 327665.91 | U103: =+VLOOKUP(A103,'GRUPO 1'!$A$3:$F$440,5,FALSE) -> #N/A | V103: =+VLOOKUP(A103,'GRUPO 3'!$B$3:$F$1178,5,FALSE) -> #N/A | W103: =+ROUND((B103*1.19)-D103,0) -> 0 | X103: =ROUND((E103*1.19)-G103,0) -> 1 | Y103: =ROUND((H103*1.19)-J103,0) -> 0
A104: CARDAN | B104: 1515546 | C104: =+D104-B104 -> 287954 | D104: 1803500 | E104: 1474790 | F104: 280210 | G104: 1755000 | H104: 1554202 | I104: 295298 | J104: 1849500 | L104: =IF(D104="","",MEDIAN(D104,G104,J104)) -> 1803500 | M104: =IF(D104="","",AVERAGE(D104,G104,J104)) -> 1802666.7 | N104: =IF(D104="","",_xlfn.STDEV.S(D104,G104,J104)) -> 47255.511 | O104: =IF(D104="","",N104/M104) -> 0.026214226 | Q104: =+VLOOKUP(A104,'PRECIOS 2025 VS 2026'!$B$7:$G$1477,5,FALSE) -> 575278.11 | R104: =+(L104-Q104)/Q104 -> 2.1350054 | S104: =IF(ISNA(R104),MIN(D104,G104,J104),IF(R104<=5.1%,L104,Q104*1.051)) -> 604617.29 | U104: =+VLOOKUP(A104,'GRUPO 1'!$A$3:$F$440,5,FALSE) -> #N/A | V104: =+VLOOKUP(A104,'GRUPO 3'!$B$3:$F$1178,5,FALSE) -> #N/A | W104: =+ROUND((B104*1.19)-D104,0) -> 0 | X104: =ROUND((E104*1.19)-G104,0) -> 0 | Y104: =ROUND((H104*1.19)-J104,0) -> 0
A105: CAUCHOS DEL CARDAN | B105: 1822689 | C105: =+D105-B105 -> 346311 | D105: 2169000 | E105: 1491597 | F105: 283403 | G105: 1775000 | H105: 1806723 | I105: 343277 | J105: 2150000 | L105: =IF(D105="","",MEDIAN(D105,G105,J105)) -> 2150000 | M105: =IF(D105="","",AVERAGE(D105,G105,J105)) -> 2031333.3 | N105: =IF(D105="","",_xlfn.STDEV.S(D105,G105,J105)) -> 222194.36 | O105: =IF(D105="","",N105/M105) -> 0.1093835 | Q105: =+VLOOKUP(A105,'PRECIOS 2025 VS 2026'!$B$7:$G$1477,5,FALSE) -> #N/A | R105: =+(L105-Q105)/Q105 -> #N/A | S105: =IF(ISNA(R105),MIN(D105,G105,J105),IF(R105<=5.1%,L105,Q105*1.051)) -> 1775000 | U105: =+VLOOKUP(A105,'GRUPO 1'!$A$3:$F$440,5,FALSE) -> #N/A | V105: =+VLOOKUP(A105,'GRUPO 3'!$B$3:$F$1178,5,FALSE) -> #N/A | W105: =+ROUND((B105*1.19)-D105,0) -> 0 | X105: =ROUND((E105*1.19)-G105,0) -> 0 | Y105: =ROUND((H105*1.19)-J105,0) -> 0
A106: CRUCETA DE CARDAN | B106: 726471 | C106: =+D106-B106 -> 138029 | D106: 864500 | E106: 718487 | F106: 136513 | G106: 855000 | H106: 728151 | I106: 138349 | J106: 866500 | L106: =IF(D106="","",MEDIAN(D106,G106,J106)) -> 864500 | M106: =IF(D106="","",AVERAGE(D106,G106,J106)) -> 862000 | N106: =IF(D106="","",_xlfn.STDEV.S(D106,G106,J106)) -> 6144.1029 | O106: =IF(D106="","",N106/M106) -> 0.0071277295 | Q106: =+VLOOKUP(A106,'PRECIOS 2025 VS 2026'!$B$7:$G$1477,5,FALSE) -> 429324.39 | R106: =+(L106-Q106)/Q106 -> 1.0136289 | S106: =IF(ISNA(R106),MIN(D106,G106,J106),IF(R106<=5.1%,L106,Q106*1.051)) -> 451219.93 | U106: =+VLOOKUP(A106,'GRUPO 1'!$A$3:$F$440,5,FALSE) -> #N/A | V106: =+VLOOKUP(A106,'GRUPO 3'!$B$3:$F$1178,5,FALSE) -> #N/A | W106: =+ROUND((B106*1.19)-D106,0) -> 0 | X106: =ROUND((E106*1.19)-G106,0) -> 0 | Y106: =ROUND((H106*1.19)-J106,0) -> 0
A107: YUGOS DEL CARDAN | B107: 677311 | C107: =+D107-B107 -> 128689 | D107: 806000 | E107: 714286 | F107: 135714 | G107: 850000 | H107: 710504 | I107: 134996 | J107: 845500 | L107: =IF(D107="","",MEDIAN(D107,G107,J107)) -> 845500 | M107: =IF(D107="","",AVERAGE(D107,G107,J107)) -> 833833.33 | N107: =IF(D107="","",_xlfn.STDEV.S(D107,G107,J107)) -> 24209.158 | O107: =IF(D107="","",N107/M107) -> 0.02903357 | Q107: =+VLOOKUP(A107,'PRECIOS 2025 VS 2026'!$B$7:$G$1477,5,FALSE) -> #N/A | R107: =+(L107-Q107)/Q107 -> #N/A | S107: =IF(ISNA(R107),MIN(D107,G107,J107),IF(R107<=5.1%,L107,Q107*1.051)) -> 806000 | U107: =+VLOOKUP(A107,'GRUPO 1'!$A$3:$F$440,5,FALSE) -> #N/A | V107: =+VLOOKUP(A107,'GRUPO 3'!$B$3:$F$1178,5,FALSE) -> #N/A | W107: =+ROUND((B107*1.19)-D107,0) -> 0 | X107: =ROUND((E107*1.19)-G107,0) -> 0 | Y107: =ROUND((H107*1.19)-J107,0) -> 0
A108: DIFERENCIAL COMPLETO | B108: 10589496 | C108: =+D108-B108 -> 2012004 | D108: 12601500 | E108: 11088235 | F108: 2106765 | G108: 13195000 | H108: 10301681 | I108: 1957319 | J108: 12259000 | L108: =IF(D108="","",MEDIAN(D108,G108,J108)) -> 12601500 | M108: =IF(D108="","",AVERAGE(D108,G108,J108)) -> 12685167 | N108: =IF(D108="","",_xlfn.STDEV.S(D108,G108,J108)) -> 473575.85 | O108: =IF(D108="","",N108/M108) -> 0.037333041 | Q108: =+V108 -> 15018831 | R108: =+(L108-Q108)/Q108 -> -0.16095334 | S108: =IF(ISNA(R108),MIN(D108,G108,J108),IF(R108<=5.1%,L108,Q108*1.051)) -> 12601500 | U108: =+VLOOKUP(A108,'GRUPO 1'!$A$3:$F$440,5,FALSE) -> #N/A | V108: =+VLOOKUP(A108,'GRUPO 3'!$B$3:$F$1178,5,FALSE) -> 15018831 | W108: =+ROUND((B108*1.19)-D108,0) -> 0 | X108: =ROUND((E108*1.19)-G108,0) -> 0 | Y108: =ROUND((H108*1.19)-J108,0) -> 0
...

Sheet OFERTA ECONOMICA
A1: SERVICIOS | B1: PRECIO TOTAL INCLUIDO IVA
A2: ESCANEO ELECTRONICO
A3: CAMBIO DE ACEITE MOTOR
A4: ALINEACION Y BALANCEO
A5: MANO DE OBRA MECANICO DIESEL
A6: MANO DE OBRA MECANICO GASOLINA
A7: MANO DE OBRA MECANICO ELECTRICISTA
A8: MANO DE OBRA MECATRONICO
A9: MANO DE OBRA SISTEMA CONTRAINCENDIO
A10: CAMBIO DE ACEITE TRASMISION MECANICA O AUTOMATICA
A11: CAMBIO DE ACEITE MOTOR
A12: CAMBIO DE ACEITA CAJA TRASFERENCIA DE BOMBA
A13: CAMBIO DE ACEITE DE DIFERENCIAL
... A626: LIQUIDO PARA FRENOS

Sheet SERVICIOS
A1: SERVICIOS
A2: ESCANEO ELECTRONICO
A3: CAMBIO DE ACEITE MOTOR
A4: ALINEACION Y BALANCEO
A5: MANO DE OBRA MECANICO DIESEL
A6: MANO DE OBRA MECANICO GASOLINA
A7: MANO DE OBRA MECANICO ELECTRICISTA
A8: MANO DE OBRA MECATRONICO
A9: MANO DE OBRA SISTEMA CONTRAINCENDIO
A10: CAMBIO DE ACEITE TRASMISION MECANICA O AUTOMATICA
A11: CAMBIO DE ACEITE MOTOR
A12: CAMBIO DE ACEITA CAJA TRASFERENCIA DE BOMBA
... A26: ATENCION DE EMERGENCIAS MECANICAS 24/7

Sheet BOMBAS 
A1: DESCRIPCION | B1: Columna1
A2: MANTENIMIENTO PREVENTIVO Y CORRECTIVO BOMBA CONTRA INCENDIO DE 2 ETAPAS MARCA HALE - MODELO QTW0125-21X
A3: MANTENIMIENTO PREVENTIVO Y CORRECTIVO BOMBA CONTRA INCENDIO DE 2 ETAPAS MARCA WATEROUS - REFERENCIA CMC20C 1000 GPM
A4: MANTENIMIENTO PREVENTIVO Y CORRECTIVO BOMBA CONTRA INCENDIO DE 2 ETAPAS MARCA HALE - MODELO QTW0100-25X
A5: MANTENIMIENTO PREVENTIVO Y CORRECTIVO BOMBA CONTRA INCENDIO WATEROUS - REFERENCIA CGVC20C 500 GPM
A6: PRUEBA TECNICA DE DESPEÑO DE LAS BOMBAS
A7: MANTENIMIENTO DE PANEL DE CONTROL DEL SISTEMA CONTRAINCENDIO
A8: MANTENIMIENTO CORRECTIVO Y/O IMPREVISTOS
A9: MANOMETROS DE PRESION DE LA BOMBA
A10: VALVULAS DE SUCCION Y DESCARGA SISTEMA CONTRAINCENCIO
A11: TPG CLASS1
A12: MANTENIMIENTO Y REPARACION DE TPG CLASS1
A13: MANTENIMIENTO Y REPARACION DE SISTEMA DE ESPUMA
... A20: REPARACION SISTEMA DE ENGANCHE PPS

Sheet M8-M9
A1: DESCRIPCION
A2: TRES (3) CAMIONES : HINO-XZU710l- QKFMP3 HINO-FC9JJ7A PLACAS: OVE272- OVE516- OVE492
A3: MECANICOS DEL MOTOR
A4: SOPORTE DE MOTOR
A5: KIT EMPAQUETADURA DEL MOTOR
A6: BLOQUE DE MOTOR
A7: BIELAS DEL MOTOR
A8: CIEGUEÑAL DEL MOTOR
A9: SENSORES DEL MOTOR
A10: ARBOL DE LEVAS MOTOR
A11: VALVULAS DEL MOTOR COMPLETLAS
A12: CAQUETES DEL MOTOR
... A188: CORNETA DE AIRE PARA BOMBEROS

Sheet M2
A1: UN (1) CAMION INTERNATIONAL 7400-SBA PLACA OVE-403
A2: MECANICOS DEL MOTOR
A3: SOPORTE DE MOTOR
A4: KIT EMPAQUETADURA DEL MOTOR
A5: BLOQUE DE MOTOR
A6: BIELAS DEL MOTOR
A7: CIEGUEÑAL DEL MOTOR
A8: BOMBA DE ACEITE
A9: SENSORES DEL MOTOR
A10: ARBOL DE LEVAS MOTOR
A11: VALVULAS DEL MOTOR COMPLETAS
A12: CAQUETES DEL MOTOR
... A185: CARDAN COMPLETO

Sheet M4-M5-M6
A1: DESCRIPCION
A2: TRES (3) CAMIONES : INTERNATIONAL HV-607 SBA 4x2 M4-M5-M6 PLACAS :OVE495 -OVE496 - OVE497
A3: MECANICOS DEL MOTOR
A4: SOPORTE DE MOTOR
A5: KIT EMPAQUETADURA DEL MOTOR
A6: BLOQUE DE MOTOR
A7: BIELAS DEL MOTOR
A8: CIEGUEÑAL DEL MOTOR
A9: SENSORES DEL MOTOR
A10: ARBOL DE LEVAS MOTOR
A11: VALVULAS DEL MOTOR COMPLETLAS
A12: CAQUETES DEL MOTOR
... A190: CORNETA DE AIRE PARA BOMBEROS

Sheet INSUMOS TALLER
A1: DESCRIPCION
A2: DESENGRASANTE INDUSTRIAL
A3: DESENGRASANTE DIESEL
A4: DESENGRASANTE PARA MOTORES
A5: LIMPIADOR MULTIUSOS INDUSTRIAL
A6: LIMPIADOR DE FRENOS
A7: LIMPIADOR DE CARBURADOR / INYECTORES
A8: LIMPIADOR DE CONTACTOS ELÉCTRICOS
A9: LIMPIADOR DE RADIADOR
A10: LIMPIADOR DE PARTES METÁLICAS
A11: CERA PROTECTORA PARA CARROCERÍA
A12: SILICONA EN SPRAY
... A17: LIQUIDO PARA FRENOS
